Workbook
Name Climatização: #REF!
Name Climatização: #REF!
Name Climatização: #REF!
Name Crit_deprec_fiscal: #REF!
Name Crit_deprec_fiscal: #REF!
Name Crit_deprec_fiscal: #REF!
Name Nível_segurança: #REF!
Name Nível_segurança: #REF!
Name Nível_segurança: #REF!
Name Oferta: #REF!
Name Oferta: #REF!
Name Oferta: #REF!
Name Prazo_concessão: #REF!
Name Prazo_concessão: #REF!
Name Prazo_concessão: #REF!
Name Ref_data: #REF!
Name Ref_data: #REF!
Name Ref_data: #REF!
Name Risco: #REF!
Name Risco: #REF!
Name Risco: #REF!
Name Seleção_coeficiente: #REF!
Name Seleção_coeficiente: #REF!
Name Seleção_coeficiente: #REF!
Name Sim_ou_não: #REF!
Name Sim_ou_não: #REF!
Name Sim_ou_não: #REF!
Name Tipo_padron: #REF!
Name Tipo_padron: #REF!
Name Tipo_padron: #REF!

Sheet Sumário
A1: Transporte Municipal - Guararema
A3: PROPONENTE:
A4: DATA BASE: | B4: agosto de 2023
A6: Aba | B6: Assunto
A7: 01 | B7: ='01'!A2 -> Quadro 01 - DADOS OPERACIONAIS
A8: 02 | B8: ='02'!A2 -> Quadro 02 - PREÇOS E SALÁRIOS
A9: 03 | B9: ='03'!A2 -> Quadro 3 - MEMÓRIA DE CÁLCULO DA EQUIPE DE PROFISSIONAIS DA OPERADORA
A10: 04 | B10: ='04'!A2 -> Quadro 04 - COEFICIENTES E PARÂMETROS
A11: 05 | B11: ='05'!A2 -> Quadro 05 - ENCARGOS SOCIAIS
A12: 06 | B12: ='06'!A2 -> Quadro 06 - MEMÓRIA DE CÁLCULO DOS CUSTOS
A13: 07 | B13: ='07'!A2 -> Quadro 07 - MEMÓRIA DE CÁLCULO DOS CUSTOS COM PEÇAS E ACESSÓRIOS
A14: 08 | B14: ='08'!A2 -> Quadro 08 - PLANEJAMENTO DA FROTA, AQUISIÇÕES, VENDAS E DEPRECIAÇÃO REAL
A15: 09 | B15: ='09'!A2 -> Quadro 09 - INVESTIMENTO EM EQUIPAMENTOS TECNOLÓGICOS EMBARCADOS (SBE, SMTC, E OUTROS)
A16: 10 | B16: ='10'!A2 -> Quadro 10 - INVESTIMENTO EM GARAGEM E OUTROS EQUIPAMENTOS
A17: 11 | B17: ='11'!A2 -> Quadro 11 -DEPRECIAÇÃO FISCAL DA FROTA
A18: 12 | B18: ='12'!A2 -> Quadro 12 - INVESTIMENTOS ADICIONAIS
A19: 13 | B19: ='13'!A2 -> Quadro 13 - DRE e FLUXO DE CAIXA
A20: 14 | B20: Quadro 14 - PREMISSAS MACROECONÔMICAS

Sheet 01
A1: =Sumário!$A$1 -> Transporte Municipal - Guararema
A2: Quadro 01 - DADOS OPERACIONAIS
A3: PROPONENTE: | B3: =Sumário!$B$3 -> 0
A4: DATA BASE: | B4: =Sumário!$B$4 -> agosto de 2023
A6: Q1. Painel de dados operacionais
A7: Q1.1. Frota
A8: Tipo | B8: Frota necessária
B9: Quantidade Operac. | C9: Quantidade RT | D9: Quantidade Total
A10: Microônibus | D10: =B10+C10 -> 0
A11: Miniônibus | D11: =B11+C11 -> 0
A12: Básico | D12: =B12+C12 -> 0
A13: Padron | D13: =B13+C13 -> 0
A14: Articulado | D14: =B14+C14 -> 0
A15: Van | D15: =B15+C15 -> 0
A16: Total | B16: =SUM(B10:B15) -> 0 | C16: =SUM(C10:C15) -> 0 | D16: =SUM(D10:D15) -> 0
A18: Q1.2. Frota Inicial
A19: Idade do veículo | B19: Microônibus | C19: Miniônibus | D19: Básico | E19: Padron | F19: Articulado | G19: Van | H19: Total
A20: 0 | H20: =SUM(B20:G20) -> 0
A21: 1 | H21: =SUM(B21:G21) -> 0
A22: 2 | H22: =SUM(B22:G22) -> 0
A23: 3 | H23: =SUM(B23:G23) -> 0
A24: 4 | H24: =SUM(B24:G24) -> 0
A25: 5 | H25: =SUM(B25:G25) -> 0
A26: 6 | H26: =SUM(B26:G26) -> 0
A27: 7 | H27: =SUM(B27:G27) -> 0
A28: 8 | H28: =SUM(B28:G28) -> 0
A29: 9 | H29: =SUM(B29:G29) -> 0
A30: 10 | H30: =SUM(B30:G30) -> 0
A31: 11 | H31: =SUM(B31:G31) -> 0
... A34: 14 | H34: =SUM(B34:G34) -> 0
A35: 15
A36: Total | B36: =SUM(B20:B35) -> 0 | C36: =SUM(C20:C35) -> 0 | D36: =SUM(D20:D35) -> 0 | E36: =SUM(E20:E35) -> 0 | F36: =SUM(F20:F35) -> 0 | G36: =SUM(G20:G35) -> 0 | H36: =SUM(H20:H35) -> 0
A37: Idade da frota | B37: =IF(B36=0,"",SUMPRODUCT($A$20:$A$35,B20:B35)/B36) | C37: =IF(C36=0,"",SUMPRODUCT($A$20:$A$35,C20:C35)/C36) | D37: =IF(D36=0,"",SUMPRODUCT($A$20:$A$35,D20:D35)/D36) | E37: =IF(E36=0,"",SUMPRODUCT($A$20:$A$35,E20:E35)/E36) | F37: =IF(F36=0,"",SUMPRODUCT($A$20:$A$35,F20:F35)/F36) | G37: =IF(G36=0,"",SUMPRODUCT($A$20:$A$35,G20:G35)/G36) | H37: =IF(H36=0,"",SUMPRODUCT($A$20:$A$35,H20:H35)/H36)
A39: Q1.3. Produção Quilométrica Mensal
A40: Informação | B40: Microônibus | C40: Miniônibus | D40: Básico | E40: Padron | F40: Articulado | G40: Van | H40: Total | X40: Total Km
A41: Produção Quilométrica produtiva | H41: =SUM(B41:G41) -> 0 | X41: =H41*12+O41*12+V41*12*13 -> 0
A42: Produção Quilométrica ociosa | H42: =SUM(B42:G42) -> 0 | X42: =H42*12+O42*12+V42*12*13 -> 0
A43: Produção Quilométrica total | B43: =SUM(B41:B42) -> 0 | C43: =SUM(C41:C42) -> 0 | D43: =SUM(D41:D42) -> 0 | E43: =SUM(E41:E42) -> 0 | F43: =SUM(F41:F42) -> 0 | G43: =SUM(G41:G42) -> 0 | H43: =SUM(B43:G43) -> 0 | X43: =H43*12+O43*12+V43*12*13 -> 0
A45: PMM | H45: =IFERROR(H43/$B$16,0) -> 0
O46: 1.05 | V46: 1.04

Sheet 02
A1: =Sumário!$A$1 -> Transporte Municipal - Guararema
A2: Quadro 02 - PREÇOS E SALÁRIOS
A3: PROPONENTE: | B3: =Sumário!$B$3 -> 0
A4: DATA BASE: | B4: =Sumário!$B$4 -> agosto de 2023
A6: Q2.1. Preço de insumos
A7: Item | B7: Unidade | C7: Valor
A8: Óleo Diesel | B8: R$/litro
A9: Arla 32 | B9: R$/litro
A10: Pneu novo
A11: Van (215/75R17.5 127/124M) | B11: R$/unidade
A12: Microônibus /Miniônibus (Pneu 275 / 88 R22.5 - RADIAL LISO - Michelin) | B12: R$/unidade
A13: Básico/Padron (Pneu 275 / 88 R22.5 - RADIAL LISO - Michelin) | B13: R$/unidade
A14: Articulado (Pneu 295 / 80 R22.5 - RADIAL LISO - Pirelli) | B14: R$/unidade
A15: Serviço de recapagem
A16: Van | B16: R$/unidade
A17: Microônibus /Miniônibus | B17: R$/unidade
A18: Básico/Padron | B18: R$/unidade
A19: Articulado | B19: R$/unidade
A20: Preço do veículo novo completo
A21: Van | B21: R$/unidade
A22: Microônibus | B22: R$/unidade
A23: Miniônibus | B23: R$/unidade
A24: Básico | B24: R$/unidade
A25: Padron LE c/ar | B25: R$/unidade
A26: Articulado | B26: R$/unidade
A28: Q2.2. Salários e benefícios
A29: Salários | B29: Unidade | C29: Valor
A30: Cobrador | B30: R$/mês
A31: Motorista | B31: R$/mês
A32: Pessoal de tráfego | B32: R$/mês
A33: Benefícios | B33: Unidade | C33: Valor
A34: Benefícios | B34: R$/mês
A36: Q2.3. Custos com Bilhetagem Eletrônica
A37: Custo com Software de Controle de Usuário e GPS | B37: Unidade | C37: Valor
A38: Software de Controle de Usuário e GPS | B38: R$/mês/carro
A40: Q2.4. Licenciamento da frota
A41: Item | B41: Unidade | C41: Valor
A42: Seguro obrigatório | B42: R$/veíc./ano | C42: 0
A43: Licenciamento | B43: R$/veíc./ano
A44: Total | C44: =C42+C43 -> 0
A46: Q2.5. Custos unitários de equipamentos
A47: Investimento em equipamentos | B47: Unidade | C47: Valor (R$)
A48: Equipamentos embarcados do SBE | B48: un. / veíc.
A49: Equipamentos de garagem do SBE | B49: un. / garagem
A50: Conjunto de câmeras de vigilância (04 por veículo) | B50: un. / veíc.
A51: Painéis nos veículos padron e articulado | B51: cj. / veíc.
A52: Monitor para mídia Indor | B52: un. / Veic.
A53: Sistema Wi-fi nos ônibus | B53: un. / veíc.
A55: Q2.6. Seguros
A56: Item | B56: Unidade | C56: Valor
A57: Seguro de responsabilidade civil | B57: R$/veíc./ano

Sheet 03
A1: =Sumário!$A$1 -> Transporte Municipal - Guararema
A2: Quadro 3 - MEMÓRIA DE CÁLCULO DA EQUIPE DE PROFISSIONAIS DA OPERADORA
A3: PROPONENTE: | B3: =Sumário!$B$3 -> 0
A4: DATA BASE: | B4: =Sumário!$B$4 -> agosto de 2023
A6: Q3.1. Equipe de operação
A7: Função | F7: Quantidade | G7: Salário (R$)
A8: Motoristas | F8: ='06'!J87 -> 0 | G8: ='06'!J92 -> 0
A9: Cobradores | F9: ='06'!J101 -> 0 | G9: ='06'!J106 -> 0
A10: Total | F10: =SUM(F8:F9) -> 0 | G10: =SUM(G8:G9) -> 0
A12: Q3.2. Pessoal de tráfego
A13: Função | F13: Quantidade | G13: Salário (R$)
A14: Fiscal | F14: ='06'!J115 -> 0 | G14: =F14*'02'!C32 -> 0
A15: Função 2
A16: Função 3
A17: Função 4
A18: Função 5
A19: Função 6
A20: Função 7
A21: Função 8
A22: ...
A23: Função "n"
A24: Total | F24: =SUM(F14:F23) -> 0 | G24: =SUM(G14:G23) -> 0
A25: Salário médio (R$) | F25: =G24/F24 -> #DIV/0!

Sheet 04
A1: =Sumário!$A$1 -> Transporte Municipal - Guararema
A2: Quadro 04 - COEFICIENTES E PARÂMETROS
A3: PROPONENTE: | B3: =Sumário!$B$3 -> 0
A4: DATA BASE: | B4: =Sumário!$B$4 -> agosto de 2023
A6: Consumo de combustível (litros por km)
A7: Van
A8: Microônibus
A9: Miniônibus
A10: Ônibus básico
A11: Ônibus Padron | C11: =1/B11 -> #DIV/0!
A12: Articulado | C12: =1/B12 -> #DIV/0!
A14: Lubrificantes (% do consumo de diesel)
A15: Lubrificantes em geral
A17: Arla 32 (l/km)
A18: Consumo de ARLA
A20: Vida útil pneu (km)
A21: Micro
A22: Miniônibus
A23: Ônibus básico
A24: Ônibus Padron
A25: Articulado
A27: Quantidade de recapagens (unidade/pneu)
A28: Consumo de recapagens
A30: Peças e acessórios (% do valor do veículo/ano)
A31: Idade dos veículos | B31: % do valor do veículo/ano
A32: 0 a 2 anos | B32: 0.06
A33: 3 a 4 anos | B33: 0.07
A34: 5 a 6 anos | B34: 0.08
A35: 7 a 8 anos | B35: 0.09
A36: 9 a 10 anos | B36: 0.1
A37: acima de 10 anos | B37: 0.12
A39: Custos ambientais (% do valor do ônibus básico/ano)
A40: Estimativa dos custos ambientais
A42: Fatores de utilização (empregados por veículo operacional)
A43: Motoristas
A44: Fator de utilização físico
A45: Fator de utilização econômico
A46: Cobrador
A47: Fator de utilização físico
A48: Fator de utilização econômico
A49: Tráfego
A50: Fator de utilização físico
A51: Fator de utilização econômico
... A56: Vida útil e valor residual dos veículos da frota
A57: Tipo de veículo | B57: Vida Útil (anos) | C57: Valor Residual (%)
A58: Microônibus | B58: 5 | C58: 0.15
A59: Miniônibus | B59: 8 | C59: 0.1
A60: Ônibus básico | B60: 8 | C60: 0.1
A61: Ônibus Padron Low Entry com ar condicionado | B61: 10 | C61: 0.1
A62: Articulado | B62: 12 | C62: 0.05
A64: Vida útil e valor residual de equipamentos tecnológicos da frota
A65: Equipamento | B65: Vida Útil (anos) | C65: Valor Residual (%)
A66: Equipamentos embarcados do SBE | B66: 10 | C66: 0
A67: Equipamentos de garagem do SBE | B67: 10 | C67: 0
A68: Conjunto de câmeras de vigilância | B68: 5 | C68: 0
A69: Painéis nos veículos | B69: 10 | C69: 0
A70: Equipamentos do sist. de monitoramento | B70: 10 | C70: 0
A71: Sistema Wi-fi nos ônibus | B71: 5 | C71: 0
A73: Vida útil e valor residual de infraestrutura de garagem
B74: Vida Útil (anos) | C74: Valor Residual (%)
A75: Infra e super-estrutura da garagem | B75: 20 | C75: 0.5
A76: Equipamentos da garagem | B76: 20 | C76: 0.3
A77: Veículos de apoio leves | B77: 5 | C77: 0.3
A78: Veículos de apoio pesados | B78: 10 | C78: 0.15

Sheet 05
A1: =Sumário!$A$1 -> Transporte Municipal - Guararema
A2: Quadro 05 - ENCARGOS SOCIAIS | V2: Vai p/ o índice
A3: PROPONENTE:
A4: =Sumário!B3 -> 0
A5: DATA BASE: | B5: =Sumário!$B$4 -> agosto de 2023
A8: Item | B8: % sobre a Folha
A9: Grupo A
A10: INSS - Contribuição da empresa
A11: SEST
A12: SENAT
A13: INCRA
A14: Salário Educação
A15: Seguro de Acidente de Trabalho - SAT
A16: SEBRAE
A17: FGTS
A18: Sub-total | B18: =SUM(B10:B17) -> 0
A20: Grupo B - Encargos Trabalhistas
A21: Abono de Férias (1/3 adicional de férias)
A22: Aviso Prévio trabalhado
A23: Auxílio Doença, Acidente de Trabalho, Licença Paternidade
A24: 13o. Salário
A25: Adicional Noturno
A26: Sub-total | B26: =SUM(B21:B25) -> 0
A28: Grupo C
A29: Aviso Prévio indenizado
A30: FGTS sobre Aviso Prévio Indenizado
A31: Multa sobre FGTS em rescião sem justa causa
A32: Constribuição Social Artigo 1 Lei Compl. 110/01
A33: Férias e 13º salário referente ao aviso prévio indenizado
A34: FGTS do cálculo de férias e 13º salário referente ao aviso prévio indenizado
A35: Sub-total | B35: =SUM(B29:B34) -> 0
A37: Grupo D - Incidência do Grupo A no Grupo B
A38: Incidência cumulativa do Grupo A no Grupo B | B38: =B18*B26 -> 0
A40: Total | B40: =B38+B35+B26+B18 -> 0

Sheet 06
A1: =Sumário!$A$1 -> Transporte Municipal - Guararema
A2: Quadro 06 - MEMÓRIA DE CÁLCULO DOS CUSTOS
A3: PROPONENTE: | B3: =Sumário!B3 -> 0
A4: DATA BASE: | B4: =Sumário!$B$4 -> agosto de 2023
A6: Q6.1. Custos variáveis
A8: Q6.1.1. Diesel
A9: Informação | B9: Unidade | C9: Global | D9: Microônbus | E9: Miniônibus | F9: Básico | G9: Padron | H9: Articulado | I9: Van | J9: Total
A10: Coeficiente | B10: l/km | D10: {=TRANSPOSE('04'!$B$8:$B$12)} -> 0 | E10: 0 | F10: 0 | G10: 0 | H10: 0 | I10: ='04'!B7 -> 0
A11: Produção Quilométrica | B11: km/mês | D11: ='01'!B43 -> 0 | E11: ='01'!C43 -> 0 | F11: ='01'!D43 -> 0 | G11: ='01'!E43 -> 0 | H11: ='01'!F43 -> 0 | I11: ='01'!G43 -> 0 | J11: =SUM(D11:I11) -> 0
A12: Consumo | B12: litros/mês | D12: =D10*D11 -> 0 | E12: =E10*E11 -> 0 | F12: =F10*F11 -> 0 | G12: =G10*G11 -> 0 | H12: =H10*H11 -> 0 | I12: =I10*I11 -> 0 | J12: =SUM(D12:I12) -> 0
A13: Custo | B13: R$/mês | D13: =D12*'02'!$C$8 -> 0 | E13: =E12*'02'!$C$8 -> 0 | F13: =F12*'02'!$C$8 -> 0 | G13: =G12*'02'!$C$8 -> 0 | H13: =H12*'02'!$C$8 -> 0 | I13: =I12*'02'!$C$8 -> 0 | J13: =SUM(D13:I13) -> 0
A14: Custo por km | B14: R$/km | D14: =IF(D11=0,"",ROUND(D13/D11,4)) | E14: =IF(E11=0,"",ROUND(E13/E11,4)) | F14: =IF(F11=0,"",ROUND(F13/F11,4)) | G14: =IF(G11=0,"",ROUND(G13/G11,4)) | H14: =IF(H11=0,"",ROUND(H13/H11,4)) | I14: =IF(I11=0,"",ROUND(I13/I11,4)) | J14: =IF(J11=0,"",ROUND(J13/J11,4))
A16: Q6.1.2. Lubrificantes e ARLA 32
A17: Q6.1.2.1. Lubrificantes
A18: Informação | B18: Unidade | C18: Global | D18: Microônbus | E18: Miniônibus | F18: Básico | G18: Padron | H18: Articulado | I18: Van | J18: Total
A19: Coeficiente | B19: % do diesel | D19: ='04'!$B$15 -> 0 | E19: ='04'!$B$15 -> 0 | F19: ='04'!$B$15 -> 0 | G19: ='04'!$B$15 -> 0 | H19: ='04'!$B$15 -> 0 | I19: ='04'!$B$15 -> 0
A20: Custo | B20: R$/mês | D20: =D13*D19 -> 0 | E20: =E13*E19 -> 0 | F20: =F13*F19 -> 0 | G20: =G13*G19 -> 0 | H20: =H13*H19 -> 0 | I20: =I13*I19 -> 0 | J20: =SUM(D20:I20) -> 0
A22: Q6.1.2.2. ARLA 32
A23: Informação | B23: Unidade | C23: Global | D23: Microônbus | E23: Miniônibus | F23: Básico | G23: Padron | H23: Articulado | I23: Van | J23: Total
A24: Coeficiente | B24: l/km | D24: =4%*D10 -> 0 | E24: =4%*E10 -> 0 | F24: =4%*F10 -> 0 | G24: =4%*G10 -> 0 | H24: =4%*H10 -> 0 | I24: =4%*I10 -> 0
A25: Consumo | B25: litros | D25: =D24*D11 -> 0 | E25: =E24*E11 -> 0 | F25: =F24*F11 -> 0 | G25: =G24*G11 -> 0 | H25: =H24*H11 -> 0 | I25: =I24*I11 -> 0 | J25: =SUM(D25:I25) -> 0
A26: Preço | B26: R$/l | D26: ='02'!$C$9 -> 0 | E26: ='02'!$C$9 -> 0 | F26: ='02'!$C$9 -> 0 | G26: ='02'!$C$9 -> 0 | H26: ='02'!$C$9 -> 0 | I26: ='02'!$C$9 -> 0
A27: Custo | B27: R$/mês | D27: =D25*D26 -> 0 | E27: =E25*E26 -> 0 | F27: =F25*F26 -> 0 | G27: =G25*G26 -> 0 | H27: =H25*H26 -> 0 | I27: =I25*I26 -> 0 | J27: =SUM(D27:I27) -> 0
A29: Q6.1.2.3 Total de lubrificantes e ARLA
A30: Informação | B30: Unidade | C30: Global | D30: Microônbus | E30: Miniônibus | F30: Básico | G30: Padron | H30: Articulado | I30: Van | J30: Total
A31: Lubrificante | B31: R$/mês | D31: =D20 -> 0 | E31: =E20 -> 0 | F31: =F20 -> 0 | G31: =G20 -> 0 | H31: =H20 -> 0 | I31: =I20 -> 0 | J31: =SUM(D31:I31) -> 0
A32: ARLA | B32: R$/mês | D32: =D27 -> 0 | E32: =E27 -> 0 | F32: =F27 -> 0 | G32: =G27 -> 0 | H32: =H27 -> 0 | I32: =I27 -> 0 | J32: =SUM(D32:I32) -> 0
A33: Custo total | B33: R$/mês | D33: =SUM(D31:D32) -> 0 | E33: =SUM(E31:E32) -> 0 | F33: =SUM(F31:F32) -> 0 | G33: =SUM(G31:G32) -> 0 | H33: =SUM(H31:H32) -> 0 | I33: =SUM(I31:I32) -> 0 | J33: =SUM(D33:I33) -> 0
A34: Custo/km | B34: R$/km | D34: =IFERROR(D33/D11,0) -> 0 | E34: =IFERROR(E33/E11,0) -> 0 | F34: =IFERROR(F33/F11,0) -> 0 | G34: =IFERROR(G33/G11,0) -> 0 | H34: =IFERROR(H33/H11,0) -> 0 | I34: =IFERROR(I33/I11,0) -> 0 | J34: =J33/J11 -> #DIV/0!
A36: Q6.1.3. Rodagem
A38: Q6.1.3.1 Pneu novo
A39: Informação | B39: Unidade | C39: Global | D39: Microônbus | E39: Miniônibus | F39: Básico | G39: Padron | H39: Articulado | I39: Van | J39: Total
A40: Vida útil | B40: Km | D40: ='04'!$B$22 -> 0 | E40: ='04'!$B$22 -> 0 | F40: ='04'!$B$23 -> 0 | G40: ='04'!$B$24 -> 0 | H40: ='04'!$B$25 -> 0 | I40: ='04'!B21 -> 0
A41: Quant. pneus | B41: un/veículo | D41: 6 | E41: 6 | F41: 6 | G41: 6 | H41: 10 | I41: 4
A42: Coeficiente | B42: un/veículo/km | D42: =IFERROR(D41/D40,0) -> 0 | E42: =IFERROR(E41/E40,0) -> 0 | F42: =IFERROR(F41/F40,0) -> 0 | G42: =IFERROR(G41/G40,0) -> 0 | H42: =IFERROR(H41/H40,0) -> 0 | I42: =IFERROR(I41/I40,0) -> 0
A43: Produção Quilométrica | B43: km/mês | D43: ='01'!B43 -> 0 | E43: ='01'!C43 -> 0 | F43: ='01'!D43 -> 0 | G43: ='01'!E43 -> 0 | H43: ='01'!F43 -> 0 | I43: ='01'!G43 -> 0 | J43: =SUM(D43:I43) -> 0
A44: Quantidade | B44: un/mês | D44: =D42*D43 -> 0 | E44: =E42*E43 -> 0 | F44: =F42*F43 -> 0 | G44: =G42*G43 -> 0 | H44: =H42*H43 -> 0 | I44: =I42*I43 -> 0
A45: Preço | B45: R$/un | D45: ='02'!$C$12 -> 0 | E45: ='02'!$C$12 -> 0 | F45: ='02'!$C$13 -> 0 | G45: ='02'!$C$14 -> 0 | H45: ='02'!$C$15 -> 0 | I45: ='02'!$C$11 -> 0
A46: Custo | B46: R$/mês | D46: =IFERROR(D44*D45,0) -> 0 | E46: =IFERROR(E44*E45,0) -> 0 | F46: =IFERROR(F44*F45,0) -> 0 | G46: =IFERROR(G44*G45,0) -> 0 | H46: =IFERROR(H44*H45,0) -> 0 | I46: =IFERROR(I44*I45,0) -> 0 | J46: =SUM(D46:I46) -> 0
A48: Q6.1.3.2 Recapagem
A49: Informação | B49: Unidade | C49: Global | D49: Microônbus | E49: Miniônibus | F49: Básico | G49: Padron | H49: Articulado | I49: Van | J49: Total
A50: Vida útil | B50: Km | D50: =D40/(D52+1) -> 0 | E50: =E40/(E52+1) -> 0 | F50: =F40/(F52+1) -> 0 | G50: =G40/(G52+1) -> 0 | H50: =H40/(H52+1) -> 0 | I50: =I40/(I52+1) -> 0
A51: Quant. pneus | B51: un/veículo | D51: 6 | E51: 6 | F51: 6 | G51: 8 | H51: 10 | I51: 4
A52: Quant. recapag. | B52: un/pneu | D52: ='04'!$B$28 -> 0 | E52: ='04'!$B$28 -> 0 | F52: 2.5 | G52: ='04'!$B$28 -> 0 | H52: ='04'!$B$28 -> 0 | I52: 0
A53: Coeficiente | B53: un/veículo/km | D53: =IFERROR(D51/D50,0) -> 0 | E53: =IFERROR(E51/E50,0) -> 0 | F53: =IFERROR(F51/F50,0) -> 0 | G53: =IFERROR(G51/G50,0) -> 0 | H53: =IFERROR(H51/H50,0) -> 0 | I53: =IFERROR(I51/I50,0) -> 0
A54: Produção Quilométrica | B54: km/mês | D54: ='01'!B43 -> 0 | E54: ='01'!C43 -> 0 | F54: ='01'!D43 -> 0 | G54: ='01'!E43 -> 0 | H54: ='01'!F43 -> 0 | I54: ='01'!G43 -> 0 | J54: =SUM(D54:I54) -> 0
A55: Quantidade | B55: un/mês | D55: =D54*D53 -> 0 | E55: =E54*E53 -> 0 | F55: =F54*F53 -> 0 | G55: =G54*G53 -> 0 | H55: =H54*H53 -> 0 | I55: =I54*I53 -> 0
A56: Preço | B56: R$/un | D56: ='02'!$C$17 -> 0 | E56: ='02'!$C$17 -> 0 | F56: ='02'!$C$18 -> 0 | G56: ='02'!$C$18 -> 0 | H56: ='02'!$C$19 -> 0 | I56: ='02'!$C$16 -> 0
A57: Custo | B57: R$/mês | D57: =D56*D55 -> 0 | E57: =E56*E55 -> 0 | F57: =F56*F55 -> 0 | G57: =G56*G55 -> 0 | H57: =H56*H55 -> 0 | I57: =I56*I55 -> 0 | J57: =SUM(D57:I57) -> 0
A59: Q6.1.3.3 Total de rodagem
A60: Informação | B60: Unidade | C60: Global | D60: Microônbus | E60: Miniônibus | F60: Básico | G60: Padron | H60: Articulado | I60: Van | J60: Total
A61: Custo pneu novo | B61: R$/mês | D61: =D46 -> 0 | E61: =E46 -> 0 | F61: =F46 -> 0 | G61: =G46 -> 0 | H61: =H46 -> 0 | I61: =I46 -> 0 | J61: =SUM(D61:I61) -> 0
A62: Custo recapagens | B62: R$/mês | D62: =D57 -> 0 | E62: =E57 -> 0 | F62: =F57 -> 0 | G62: =G57 -> 0 | H62: =H57 -> 0 | I62: =I57 -> 0 | J62: =SUM(D62:I62) -> 0
A63: Custo total | B63: R$/mês | D63: =SUM(D61:D62) -> 0 | E63: =SUM(E61:E62) -> 0 | F63: =SUM(F61:F62) -> 0 | G63: =SUM(G61:G62) -> 0 | H63: =SUM(H61:H62) -> 0 | I63: =SUM(I61:I62) -> 0 | J63: =SUM(D63:I63) -> 0
A64: Custo/km | B64: R$/km | D64: =IFERROR(D63/D54,0) -> 0 | E64: =IFERROR(E63/E54,0) -> 0 | F64: =IFERROR(F63/F54,0) -> 0 | G64: =IFERROR(G63/G54,0) -> 0 | H64: =IFERROR(H63/H54,0) -> 0 | I64: =IFERROR(I63/I54,0) -> 0 | J64: =J63/J54 -> #DIV/0!
A66: Q6.1.4 Peças e acessórios (P&A)
A68: Preencher o Quadro 5
A70: Q6.1.5 Custos ambientais
A71: Informação | B71: Unidade | C71: Global
A72: Coeficiente sobre o preço de veículo básico | B72: R$/mês | C72: ='04'!B40/12 -> 0
A73: Preço da Vaículo Básico | B73: R$ | C73: ='02'!$C$24 -> 0
A74: Custo total | B74: R$/mês | C74: =C72*C73*'01'!$B$16 -> 0
A75: Produção quilométrica | B75: km | C75: ='01'!$H$43 -> 0
A76: Custo/km | B76: R$/km | C76: =IFERROR(C74/C75,0) -> 0
A78: Q6.2. Custos fixos
A80: Q6.2.1 Pessoal
A82: Informação | B82: Unidade | C82: Global | D82: Microônbus | E82: Miniônibus | F82: Básico | G82: Padron | H82: Articulado | I82: Van | J82: Total
A83: Q6.2.1.1 Motoristas
A84: Fator de utilização | B84: Emp/veículo | D84: 0 | E84: ='04'!$B$45 -> 0 | F84: ='04'!$B$45 -> 0 | G84: 0 | H84: 0 | I84: 0
A85: Fator equivalente | B85: Emp/veículo | D85: 0 | E85: ='04'!$B$45 -> 0 | F85: ='04'!$B$45 -> 0 | G85: 0 | H85: 0 | I85: 0
A86: Frota operacional | B86: veículo | D86: {=TRANSPOSE('01'!$B$10:$B$15)} -> 0 | E86: 0 | F86: 0 | G86: 0 | H86: 0 | I86: 0 | J86: =SUM(D86:I86) -> 0
A87: Efetivo equivalente | B87: Empregados | D87: =ROUND(D85*D86,0) -> 0 | E87: =ROUND(E85*E86,0) -> 0 | F87: =ROUND(F85*F86,0) -> 0 | G87: =ROUND(G85*G86,0) -> 0 | H87: =ROUND(H85*H86,0) -> 0 | I87: =ROUND(I85*I86,0) -> 0 | J87: =SUM(D87:I87) -> 0
A88: Efetivo físico | B88: Empregados | D88: =ROUND(D84*D86,0) -> 0 | E88: =ROUND(E84*E86,0) -> 0 | F88: =ROUND(F84*F86,0) -> 0 | G88: =ROUND(G84*G86,0) -> 0 | H88: =ROUND(H84*H86,0) -> 0 | I88: =ROUND(I84*I86,0) -> 0 | J88: =SUM(D88:I88) -> 0
A89: Salário | B89: R$/mês | E89: ='02'!$C$31 -> 0 | F89: ='02'!$C$31 -> 0
A90: Encargos Sociais | B90: % | D90: ='05'!$B$40 -> 0 | E90: ='05'!$B$40 -> 0 | F90: ='05'!$B$40 -> 0 | G90: ='05'!$B$40 -> 0 | H90: ='05'!$B$40 -> 0 | I90: ='05'!$B$40 -> 0
A91: Benefícios | B91: R$/mês | D91: 0 | E91: ='02'!$C$34 -> 0 | F91: ='02'!$C$34 -> 0 | G91: 0 | H91: 0 | I91: 0
A92: Pag. Salários | B92: R$/mês | D92: =D89*D87 -> 0 | E92: =E89*E87 -> 0 | F92: =F89*F87 -> 0 | G92: =G89*G87 -> 0 | H92: =H89*H87 -> 0 | I92: =I89*I87 -> 0 | J92: =SUM(D92:I92) -> 0
A93: Pag. Beneficios | B93: R$/mês | D93: =D91*D88 -> 0 | E93: =E91*E88 -> 0 | F93: =F91*F88 -> 0 | G93: =G91*G88 -> 0 | H93: =H91*H88 -> 0 | I93: =I91*I88 -> 0 | J93: =SUM(D93:I93) -> 0
A94: Pag. Encargos Sociais | B94: R$/mês | D94: =D90*'06'!D92 -> 0 | E94: =E90*'06'!E92 -> 0 | F94: =F90*'06'!F92 -> 0 | G94: =G90*'06'!G92 -> 0 | H94: =H90*'06'!H92 -> 0 | I94: =I90*'06'!I92 -> 0 | J94: =SUM(D94:I94) -> 0
A95: Pag. Total | B95: R$/mês | D95: =SUM(D92:D94) -> 0 | E95: =SUM(E92:E94) -> 0 | F95: =SUM(F92:F94) -> 0 | G95: =SUM(G92:G94) -> 0 | H95: =SUM(H92:H94) -> 0 | I95: =SUM(I92:I94) -> 0 | J95: =SUM(D95:I95) -> 0
A97: Q6.2.1.2 Cobradores (se aplicável)
A98: Fator de utilização | B98: Emp/veículo | D98: 0 | E98: 0 | F98: ='04'!$B$48 -> 0 | G98: 0 | H98: 0 | I98: 0
A99: Fator equivalente | B99: Emp/veículo | D99: 0 | E99: 0 | F99: ='04'!$B$48 -> 0 | G99: 0 | H99: 0 | I99: 0
A100: Frota operacional | B100: veículo | D100: {=TRANSPOSE('01'!$B$10:$B$15)} -> 0 | E100: 0 | F100: 0 | G100: 0 | H100: 0 | I100: 0 | J100: =SUM(D100:I100) -> 0
A101: Efetivo equivalente | B101: Empregados | D101: =ROUND(D99*D100,0) -> 0 | E101: =ROUND(E99*E100,0) -> 0 | F101: =ROUND(F99*F100,0) -> 0 | G101: =ROUND(G99*G100,0) -> 0 | H101: =ROUND(H99*H100,0) -> 0 | I101: =ROUND(I99*I100,0) -> 0 | J101: =SUM(D101:I101) -> 0
A102: Efetivo físico | B102: Empregados | D102: =ROUND(D98*D100,0) -> 0 | E102: =ROUND(E98*E100,0) -> 0 | F102: =ROUND(F98*F100,0) -> 0 | G102: =ROUND(G98*G100,0) -> 0 | H102: =ROUND(H98*H100,0) -> 0 | I102: =ROUND(I98*I100,0) -> 0 | J102: =SUM(D102:I102) -> 0
A103: Salário | B103: R$/mês | D103: 0 | E103: 0 | F103: ='02'!$C$30 -> 0 | G103: 0 | H103: 0 | I103: 0
A104: Encargos Sociais | B104: % | D104: ='05'!$B$40 -> 0 | E104: ='05'!$B$40 -> 0 | F104: ='05'!$B$40 -> 0 | G104: ='05'!$B$40 -> 0 | H104: ='05'!$B$40 -> 0 | I104: ='05'!$B$40 -> 0
A105: Benefícios | B105: R$/mês | D105: 0 | E105: 0 | F105: ='02'!$C$34 -> 0 | G105: 0 | H105: 0 | I105: 0
A106: Pag. Salários | B106: R$/mês | D106: =D103*D101 -> 0 | E106: =E103*E101 -> 0 | F106: =F103*F101 -> 0 | G106: =G103*G101 -> 0 | H106: =H103*H101 -> 0 | I106: =I103*I101 -> 0 | J106: =SUM(D106:I106) -> 0
A107: Pag. Beneficios | B107: R$/mês | D107: =D105*D102 -> 0 | E107: =E105*E102 -> 0 | F107: =F105*F102 -> 0 | G107: =G105*G102 -> 0 | H107: =H105*H102 -> 0 | I107: =I105*I102 -> 0 | J107: =SUM(D107:I107) -> 0
A108: Pag. Encargos Sociais | B108: R$/mês | D108: =D104*'06'!D106 -> 0 | E108: =E104*'06'!E106 -> 0 | F108: =F104*'06'!F106 -> 0 | G108: =G104*'06'!G106 -> 0 | H108: =H104*'06'!H106 -> 0 | I108: =I104*'06'!I106 -> 0 | J108: =SUM(D108:I108) -> 0
A109: Pag. Total | B109: R$/mês | D109: =SUM(D106:D108) -> 0 | E109: =SUM(E106:E108) -> 0 | F109: =SUM(F106:F108) -> 0 | G109: =SUM(G106:G108) -> 0 | H109: =SUM(H106:H108) -> 0 | I109: =SUM(I106:I108) -> 0 | J109: =SUM(D109:I109) -> 0
A111: Q6.2.1.3 Pessoal de tráfego
A112: Fator de utilização | B112: Emp/veículo | D112: 0 | E112: ='04'!$B$51 -> 0 | F112: ='04'!$B$51 -> 0 | G112: 0 | H112: 0 | I112: 0
A113: Fator equivalente | B113: Emp/veículo | D113: 0 | E113: ='04'!$B$51 -> 0 | F113: ='04'!$B$51 -> 0 | G113: 0 | H113: 0 | I113: 0
A114: Frota operacional | B114: veículo | D114: =D$86 -> 0 | E114: =E$86 -> 0 | F114: =F$86 -> 0 | G114: =G$86 -> 0 | H114: =H$86 -> 0 | I114: =I$86 -> 0 | J114: =SUM(D114:I114) -> 0
A115: Efetivo equivalente | B115: Empregados | D115: =ROUND(D113*D114,0) -> 0 | E115: =ROUND(E113*E114,0) -> 0 | F115: =ROUND(F113*F114,0) -> 0 | G115: =ROUND(G113*G114,0) -> 0 | H115: =ROUND(H113*H114,0) -> 0 | I115: =ROUND(I113*I114,0) -> 0 | J115: =SUM(D115:I115) -> 0
A116: Efetivo físico | B116: Empregados | D116: =ROUND(D112*D114,0) -> 0 | E116: =ROUND(E112*E114,0) -> 0 | F116: =ROUND(F112*F114,0) -> 0 | G116: =ROUND(G112*G114,0) -> 0 | H116: =ROUND(H112*H114,0) -> 0 | I116: =ROUND(I112*I114,0) -> 0 | J116: =SUM(D116:I116) -> 0
A117: Salário | B117: R$/mês | D117: ='02'!$C$32 -> 0 | E117: ='02'!$C$32 -> 0 | F117: ='02'!$C$32 -> 0 | G117: ='02'!$C$32 -> 0 | H117: ='02'!$C$32 -> 0 | I117: ='02'!$C$32 -> 0
...

Sheet 07
A1: =Sumário!$A$1 -> Transporte Municipal - Guararema
A2: Quadro 07 - MEMÓRIA DE CÁLCULO DOS CUSTOS COM PEÇAS E ACESSÓRIOS
A3: PROPONENTE: | B3: =Sumário!B3 -> 0
A4: DATA BASE: | B4: =Sumário!$B$4 -> agosto de 2023
A6: Van | D6: Preço do veículo s/ pneus | G6: ='02'!$C$21-('02'!$C$11*4) -> 0
A8: Faixa | B8: Idade | C8: Coef. | D8: 1 | E8: =D8+1 -> 2 | F8: =E8+1 -> 3 | G8: =F8+1 -> 4 | H8: =G8+1 -> 5
A9: 0 - 1 | B9: 0 | C9: ='04'!$B$32 -> 0.06 | D9: ='08'!C48 -> 0 | E9: ='08'!D48 -> 0 | F9: ='08'!E48 -> 0 | G9: ='08'!F48 -> 0 | H9: ='08'!G48 -> 0
A10: 1 - 2 | B10: 1 | C10: ='04'!$B$32 -> 0.06 | D10: ='08'!C49 -> 0 | E10: ='08'!D49 -> 0 | F10: ='08'!E49 -> 0 | G10: ='08'!F49 -> 0 | H10: ='08'!G49 -> 0
A11: 2 - 3 | B11: 2 | C11: ='04'!$B$33 -> 0.07 | D11: ='08'!C50 -> 0 | E11: ='08'!D50 -> 0 | F11: ='08'!E50 -> 0 | G11: ='08'!F50 -> 0 | H11: ='08'!G50 -> 0
A12: 3 - 4 | B12: 3 | C12: ='04'!$B$33 -> 0.07 | D12: ='08'!C51 -> 0 | E12: ='08'!D51 -> 0 | F12: ='08'!E51 -> 0 | G12: ='08'!F51 -> 0 | H12: ='08'!G51 -> 0
A13: 4 - 5 | B13: 4 | C13: ='04'!$B$34 -> 0.08 | D13: ='08'!C52 -> 0 | E13: ='08'!D52 -> 0 | F13: ='08'!E52 -> 0 | G13: ='08'!F52 -> 0 | H13: ='08'!G52 -> 0
A14: 5 - 6 | B14: 5 | C14: ='04'!$B$34 -> 0.08 | D14: ='08'!C53 -> 0 | E14: ='08'!D53 -> 0 | F14: ='08'!E53 -> 0 | G14: ='08'!F53 -> 0 | H14: ='08'!G53 -> 0
A15: 6 - 7 | B15: 6 | C15: ='04'!$B$35 -> 0.09 | D15: ='08'!C54 -> 0 | E15: ='08'!D54 -> 0 | F15: ='08'!E54 -> 0 | G15: ='08'!F54 -> 0 | H15: ='08'!G54 -> 0
A16: 7 - 8 | B16: 7 | C16: ='04'!$B$35 -> 0.09 | D16: ='08'!C55 -> 0 | E16: ='08'!D55 -> 0 | F16: ='08'!E55 -> 0 | G16: ='08'!F55 -> 0 | H16: ='08'!G55 -> 0
A17: 8 - 9 | B17: 8 | C17: ='04'!$B$36 -> 0.1 | D17: ='08'!C56 -> 0 | E17: ='08'!D56 -> 0 | F17: ='08'!E56 -> 0 | G17: ='08'!F56 -> 0 | H17: ='08'!G56 -> 0
A18: 9 - 10 | B18: 9 | C18: ='04'!$B$36 -> 0.1 | D18: ='08'!C57 -> 0 | E18: ='08'!D57 -> 0 | F18: ='08'!E57 -> 0 | G18: ='08'!F57 -> 0 | H18: ='08'!G57 -> 0
A19: 10 - 11 | B19: 10 | C19: ='04'!$B$37 -> 0.12 | D19: ='08'!C58 -> 0 | E19: ='08'!D58 -> 0 | F19: ='08'!E58 -> 0 | G19: ='08'!F58 -> 0 | H19: ='08'!G58 -> 0
A20: 11 - 12 | B20: 11 | C20: ='04'!$B$37 -> 0.12 | D20: ='08'!C59 -> 0 | E20: ='08'!D59 -> 0 | F20: ='08'!E59 -> 0 | G20: ='08'!F59 -> 0 | H20: ='08'!G59 -> 0
A21: 12 - 13 | B21: 12 | C21: ='04'!$B$37 -> 0.12 | D21: ='08'!C60 -> 0 | E21: ='08'!D60 -> 0 | F21: ='08'!E60 -> 0 | G21: ='08'!F60 -> 0 | H21: ='08'!G60 -> 0
A22: Total | D22: =SUM(D9:D21) -> 0 | E22: =SUM(E9:E21) -> 0 | F22: =SUM(F9:F21) -> 0 | G22: =SUM(G9:G21) -> 0 | H22: =SUM(H9:H21) -> 0
A23: Valor mensal | D23: =SUMPRODUCT($C$9:$C$21,D9:D21)*$G$6/12 -> 0 | E23: =SUMPRODUCT($C$9:$C$21,E9:E21)*$G$6/12 -> 0 | F23: =SUMPRODUCT($C$9:$C$21,F9:F21)*$G$6/12 -> 0 | G23: =SUMPRODUCT($C$9:$C$21,G9:G21)*$G$6/12 -> 0 | H23: =SUMPRODUCT($C$9:$C$21,H9:H21)*$G$6/12 -> 0
A25: Microônibus | D25: Preço do veículo s/ pneus | G25: ='02'!$C$22-('02'!$C$12*4) -> 0
A27: Faixa | B27: Idade | C27: Coef. | D27: 1 | E27: =D27+1 -> 2 | F27: =E27+1 -> 3 | G27: =F27+1 -> 4 | H27: =G27+1 -> 5
A28: 0 - 1 | B28: 0 | C28: ='04'!$B$32 -> 0.06 | D28: ='08'!D109 -> 0 | E28: ='08'!E109 -> 0 | F28: ='08'!F109 -> 0 | G28: ='08'!G109 -> 0 | H28: ='08'!H109 -> 0
A29: 1 - 2 | B29: 1 | C29: ='04'!$B$32 -> 0.06 | D29: ='08'!D110 -> 0 | E29: ='08'!E110 -> 0 | F29: ='08'!F110 -> 0 | G29: ='08'!G110 -> 0 | H29: ='08'!H110 -> 0
A30: 2 - 3 | B30: 2 | C30: ='04'!$B$33 -> 0.07 | D30: ='08'!D111 -> 0 | E30: ='08'!E111 -> 0 | F30: ='08'!F111 -> 0 | G30: ='08'!G111 -> 0 | H30: ='08'!H111 -> 0
A31: 3 - 4 | B31: 3 | C31: ='04'!$B$33 -> 0.07 | D31: ='08'!D112 -> 0 | E31: ='08'!E112 -> 0 | F31: ='08'!F112 -> 0 | G31: ='08'!G112 -> 0 | H31: ='08'!H112 -> 0
A32: 4 - 5 | B32: 4 | C32: ='04'!$B$34 -> 0.08 | D32: ='08'!D113 -> 0 | E32: ='08'!E113 -> 0 | F32: ='08'!F113 -> 0 | G32: ='08'!G113 -> 0 | H32: ='08'!H113 -> 0
A33: 5 - 6 | B33: 5 | C33: ='04'!$B$34 -> 0.08 | D33: ='08'!D114 -> 0 | E33: ='08'!E114 -> 0 | F33: ='08'!F114 -> 0 | G33: ='08'!G114 -> 0 | H33: ='08'!H114 -> 0
A34: 6 - 7 | B34: 6 | C34: ='04'!$B$35 -> 0.09 | D34: ='08'!D115 -> 0 | E34: ='08'!E115 -> 0 | F34: ='08'!F115 -> 0 | G34: ='08'!G115 -> 0 | H34: ='08'!H115 -> 0
A35: 7 - 8 | B35: 7 | C35: ='04'!$B$35 -> 0.09 | D35: ='08'!D116 -> 0 | E35: ='08'!E116 -> 0 | F35: ='08'!F116 -> 0 | G35: ='08'!G116 -> 0 | H35: ='08'!H116 -> 0
A36: 8 - 9 | B36: 8 | C36: ='04'!$B$36 -> 0.1 | D36: ='08'!D117 -> 0 | E36: ='08'!E117 -> 0 | F36: ='08'!F117 -> 0 | G36: ='08'!G117 -> 0 | H36: ='08'!H117 -> 0
A37: 9 - 10 | B37: 9 | C37: ='04'!$B$36 -> 0.1 | D37: ='08'!D118 -> 0 | E37: ='08'!E118 -> 0 | F37: ='08'!F118 -> 0 | G37: ='08'!G118 -> 0 | H37: ='08'!H118 -> 0
A38: 10 - 11 | B38: 10 | C38: ='04'!$B$37 -> 0.12 | D38: ='08'!D119 -> 0 | E38: ='08'!E119 -> 0 | F38: ='08'!F119 -> 0 | G38: ='08'!G119 -> 0 | H38: ='08'!H119 -> 0
A39: 11 - 12 | B39: 11 | C39: ='04'!$B$37 -> 0.12 | D39: ='08'!D120 -> 0 | E39: ='08'!E120 -> 0 | F39: ='08'!F120 -> 0 | G39: ='08'!G120 -> 0 | H39: ='08'!H120 -> 0
A40: 12 - 13 | B40: 12 | C40: ='04'!$B$37 -> 0.12 | D40: ='08'!D121 -> 0 | E40: ='08'!E121 -> 0 | F40: ='08'!F121 -> 0 | G40: ='08'!G121 -> 0 | H40: ='08'!H121 -> 0
A41: Total | D41: =SUM(D28:D40) -> 0 | E41: =SUM(E28:E40) -> 0 | F41: =SUM(F28:F40) -> 0 | G41: =SUM(G28:G40) -> 0 | H41: =SUM(H28:H40) -> 0
A42: Valor mensal | D42: =SUMPRODUCT($C$28:$C$40,D28:D40)*$G$25/12 -> 0 | E42: =SUMPRODUCT($C$28:$C$40,E28:E40)*$G$25/12 -> 0 | F42: =SUMPRODUCT($C$28:$C$40,F28:F40)*$G$25/12 -> 0 | G42: =SUMPRODUCT($C$28:$C$40,G28:G40)*$G$25/12 -> 0 | H42: =SUMPRODUCT($C$28:$C$40,H28:H40)*$G$25/12 -> 0
A44: Miniônibus | D44: Preço do veículo s/ pneus | G44: ='02'!C23-6*'02'!C12 -> 0
A46: Faixa | B46: Idade | C46: Coef. | D46: 1 | E46: =D46+1 -> 2 | F46: =E46+1 -> 3 | G46: =F46+1 -> 4 | H46: =G46+1 -> 5
A47: 0 - 1 | B47: 0 | C47: ='04'!$B$32 -> 0.06 | D47: ='08'!D170 -> 0 | E47: ='08'!E170 -> 0 | F47: ='08'!F170 -> 0 | G47: ='08'!G170 -> 0 | H47: ='08'!H170 -> 0
A48: 1 - 2 | B48: 1 | C48: ='04'!$B$32 -> 0.06 | D48: ='08'!D171 -> 0 | E48: ='08'!E171 -> 0 | F48: ='08'!F171 -> 0 | G48: ='08'!G171 -> 0 | H48: ='08'!H171 -> 0
A49: 2 - 3 | B49: 2 | C49: ='04'!$B$33 -> 0.07 | D49: ='08'!D172 -> 0 | E49: ='08'!E172 -> 0 | F49: ='08'!F172 -> 0 | G49: ='08'!G172 -> 0 | H49: ='08'!H172 -> 0
A50: 3 - 4 | B50: 3 | C50: ='04'!$B$33 -> 0.07 | D50: ='08'!D173 -> 0 | E50: ='08'!E173 -> 0 | F50: ='08'!F173 -> 0 | G50: ='08'!G173 -> 0 | H50: ='08'!H173 -> 0
A51: 4 - 5 | B51: 4 | C51: ='04'!$B$34 -> 0.08 | D51: ='08'!D174 -> 0 | E51: ='08'!E174 -> 0 | F51: ='08'!F174 -> 0 | G51: ='08'!G174 -> 0 | H51: ='08'!H174 -> 0
A52: 5 - 6 | B52: 5 | C52: ='04'!$B$34 -> 0.08 | D52: ='08'!D175 -> 0 | E52: ='08'!E175 -> 0 | F52: ='08'!F175 -> 0 | G52: ='08'!G175 -> 0 | H52: ='08'!H175 -> 0
A53: 6 - 7 | B53: 6 | C53: ='04'!$B$35 -> 0.09 | D53: ='08'!D176 -> 0 | E53: ='08'!E176 -> 0 | F53: ='08'!F176 -> 0 | G53: ='08'!G176 -> 0 | H53: ='08'!H176 -> 0
A54: 7 - 8 | B54: 7 | C54: ='04'!$B$35 -> 0.09 | D54: ='08'!D177 -> 0 | E54: ='08'!E177 -> 0 | F54: ='08'!F177 -> 0 | G54: ='08'!G177 -> 0 | H54: ='08'!H177 -> 0
A55: 8 - 9 | B55: 8 | C55: ='04'!$B$36 -> 0.1 | D55: ='08'!D178 -> 0 | E55: ='08'!E178 -> 0 | F55: ='08'!F178 -> 0 | G55: ='08'!G178 -> 0 | H55: ='08'!H178 -> 0
A56: 9 - 10 | B56: 9 | C56: ='04'!$B$36 -> 0.1 | D56: ='08'!D179 -> 0 | E56: ='08'!E179 -> 0 | F56: ='08'!F179 -> 0 | G56: ='08'!G179 -> 0 | H56: ='08'!H179 -> 0
A57: 10 - 11 | B57: 10 | C57: ='04'!$B$37 -> 0.12 | D57: ='08'!D180 -> 0 | E57: ='08'!E180 -> 0 | F57: ='08'!F180 -> 0 | G57: ='08'!G180 -> 0 | H57: ='08'!H180 -> 0
A58: 11 - 12 | B58: 11 | C58: ='04'!$B$37 -> 0.12 | D58: ='08'!D181 -> 0 | E58: ='08'!E181 -> 0 | F58: ='08'!F181 -> 0 | G58: ='08'!G181 -> 0 | H58: ='08'!H181 -> 0
A59: 12 - 13 | B59: 12 | C59: ='04'!$B$37 -> 0.12 | D59: ='08'!D182 -> 0 | E59: ='08'!E182 -> 0 | F59: ='08'!F182 -> 0 | G59: ='08'!G182 -> 0 | H59: ='08'!H182 -> 0
A60: Total | D60: =SUM(D47:D59) -> 0 | E60: =SUM(E47:E59) -> 0 | F60: =SUM(F47:F59) -> 0 | G60: =SUM(G47:G59) -> 0 | H60: =SUM(H47:H59) -> 0
A61: Valor mensal | D61: =SUMPRODUCT($C$47:$C$59,D47:D59)*$G$44/12 -> 0 | E61: =SUMPRODUCT($C$47:$C$59,E47:E59)*$G$44/12 -> 0 | F61: =SUMPRODUCT($C$47:$C$59,F47:F59)*$G$44/12 -> 0 | G61: =SUMPRODUCT($C$47:$C$59,G47:G59)*$G$44/12 -> 0 | H61: =SUMPRODUCT($C$47:$C$59,H47:H59)*$G$44/12 -> 0
A63: Básico | D63: Preço do veículo s/ pneus | G63: ='02'!C24-6*'02'!C13 -> 0
A65: Faixa | B65: Idade | C65: Coef. | D65: 1 | E65: =D65+1 -> 2 | F65: =E65+1 -> 3 | G65: =F65+1 -> 4 | H65: =G65+1 -> 5
A66: 0 - 1 | B66: 0 | C66: ='04'!$B$32 -> 0.06 | D66: ='08'!D231 -> 0 | E66: ='08'!E231 -> 0 | F66: ='08'!F231 -> 0 | G66: ='08'!G231 -> 0 | H66: ='08'!H231 -> 0
A67: 1 - 2 | B67: 1 | C67: ='04'!$B$32 -> 0.06 | D67: ='08'!D232 -> 0 | E67: ='08'!E232 -> 0 | F67: ='08'!F232 -> 0 | G67: ='08'!G232 -> 0 | H67: ='08'!H232 -> 0
A68: 2 - 3 | B68: 2 | C68: ='04'!$B$33 -> 0.07 | D68: ='08'!D233 -> 0 | E68: ='08'!E233 -> 0 | F68: ='08'!F233 -> 0 | G68: ='08'!G233 -> 0 | H68: ='08'!H233 -> 0
A69: 3 - 4 | B69: 3 | C69: ='04'!$B$33 -> 0.07 | D69: ='08'!D234 -> 0 | E69: ='08'!E234 -> 0 | F69: ='08'!F234 -> 0 | G69: ='08'!G234 -> 0 | H69: ='08'!H234 -> 0
A70: 4 - 5 | B70: 4 | C70: ='04'!$B$34 -> 0.08 | D70: ='08'!D235 -> 0 | E70: ='08'!E235 -> 0 | F70: ='08'!F235 -> 0 | G70: ='08'!G235 -> 0 | H70: ='08'!H235 -> 0
A71: 5 - 6 | B71: 5 | C71: ='04'!$B$34 -> 0.08 | D71: ='08'!D236 -> 0 | E71: ='08'!E236 -> 0 | F71: ='08'!F236 -> 0 | G71: ='08'!G236 -> 0 | H71: ='08'!H236 -> 0
A72: 6 - 7 | B72: 6 | C72: ='04'!$B$35 -> 0.09 | D72: ='08'!D237 -> 0 | E72: ='08'!E237 -> 0 | F72: ='08'!F237 -> 0 | G72: ='08'!G237 -> 0 | H72: ='08'!H237 -> 0
A73: 7 - 8 | B73: 7 | C73: ='04'!$B$35 -> 0.09 | D73: ='08'!D238 -> 0 | E73: ='08'!E238 -> 0 | F73: ='08'!F238 -> 0 | G73: ='08'!G238 -> 0 | H73: ='08'!H238 -> 0
A74: 8 - 9 | B74: 8 | C74: ='04'!$B$36 -> 0.1 | D74: ='08'!D239 -> 0 | E74: ='08'!E239 -> 0 | F74: ='08'!F239 -> 0 | G74: ='08'!G239 -> 0 | H74: ='08'!H239 -> 0
A75: 9 - 10 | B75: 9 | C75: ='04'!$B$36 -> 0.1 | D75: ='08'!D240 -> 0 | E75: ='08'!E240 -> 0 | F75: ='08'!F240 -> 0 | G75: ='08'!G240 -> 0 | H75: ='08'!H240 -> 0
A76: 10 - 11 | B76: 10 | C76: ='04'!$B$37 -> 0.12 | D76: ='08'!D241 -> 0 | E76: ='08'!E241 -> 0 | F76: ='08'!F241 -> 0 | G76: ='08'!G241 -> 0 | H76: ='08'!H241 -> 0
A77: 11 - 12 | B77: 11 | C77: ='04'!$B$37 -> 0.12 | D77: ='08'!D242 -> 0 | E77: ='08'!E242 -> 0 | F77: ='08'!F242 -> 0 | G77: ='08'!G242 -> 0 | H77: ='08'!H242 -> 0
A78: 12 - 13 | B78: 12 | C78: ='04'!$B$37 -> 0.12 | D78: ='08'!D243 -> 0 | E78: ='08'!E243 -> 0 | F78: ='08'!F243 -> 0 | G78: ='08'!G243 -> 0 | H78: ='08'!H243 -> 0
A79: Total | D79: =SUM(D66:D78) -> 0 | E79: =SUM(E66:E78) -> 0 | F79: =SUM(F66:F78) -> 0 | G79: =SUM(G66:G78) -> 0 | H79: =SUM(H66:H78) -> 0
A80: Valor mensal | D80: =SUMPRODUCT($C$66:$C$78,D66:D78)*$G$63/12 -> 0 | E80: =SUMPRODUCT($C$66:$C$78,E66:E78)*$G$63/12 -> 0 | F80: =SUMPRODUCT($C$66:$C$78,F66:F78)*$G$63/12 -> 0 | G80: =SUMPRODUCT($C$66:$C$78,G66:G78)*$G$63/12 -> 0 | H80: =SUMPRODUCT($C$66:$C$78,H66:H78)*$G$63/12 -> 0
A83: Padron | D83: Preço do veículo s/ pneus | G83: ='02'!C25-6*'02'!C12 -> 0
A85: Faixa | B85: Idade | C85: Coef. | D85: 1 | E85: =D85+1 -> 2 | F85: =E85+1 -> 3 | G85: =F85+1 -> 4 | H85: =G85+1 -> 5
A86: 0 - 1 | B86: 0 | C86: ='04'!$B$32 -> 0.06 | D86: ='08'!D291 -> 0 | E86: ='08'!E291 -> 0 | F86: ='08'!F291 -> 0 | G86: ='08'!G291 -> 0 | H86: ='08'!H291 -> 0
A87: 1 - 2 | B87: 1 | C87: ='04'!$B$32 -> 0.06 | D87: ='08'!D292 -> 0 | E87: ='08'!E292 -> 0 | F87: ='08'!F292 -> 0 | G87: ='08'!G292 -> 0 | H87: ='08'!H292 -> 0
A88: 2 - 3 | B88: 2 | C88: ='04'!$B$33 -> 0.07 | D88: ='08'!D293 -> 0 | E88: ='08'!E293 -> 0 | F88: ='08'!F293 -> 0 | G88: ='08'!G293 -> 0 | H88: ='08'!H293 -> 0
A89: 3 - 4 | B89: 3 | C89: ='04'!$B$33 -> 0.07 | D89: ='08'!D294 -> 0 | E89: ='08'!E294 -> 0 | F89: ='08'!F294 -> 0 | G89: ='08'!G294 -> 0 | H89: ='08'!H294 -> 0
A90: 4 - 5 | B90: 4 | C90: ='04'!$B$34 -> 0.08 | D90: ='08'!D295 -> 0 | E90: ='08'!E295 -> 0 | F90: ='08'!F295 -> 0 | G90: ='08'!G295 -> 0 | H90: ='08'!H295 -> 0
A91: 5 - 6 | B91: 5 | C91: ='04'!$B$34 -> 0.08 | D91: ='08'!D296 -> 0 | E91: ='08'!E296 -> 0 | F91: ='08'!F296 -> 0 | G91: ='08'!G296 -> 0 | H91: ='08'!H296 -> 0
A92: 6 - 7 | B92: 6 | C92: ='04'!$B$35 -> 0.09 | D92: ='08'!D297 -> 0 | E92: ='08'!E297 -> 0 | F92: ='08'!F297 -> 0 | G92: ='08'!G297 -> 0 | H92: ='08'!H297 -> 0
A93: 7 - 8 | B93: 7 | C93: ='04'!$B$35 -> 0.09 | D93: ='08'!D298 -> 0 | E93: ='08'!E298 -> 0 | F93: ='08'!F298 -> 0 | G93: ='08'!G298 -> 0 | H93: ='08'!H298 -> 0
A94: 8 - 9 | B94: 8 | C94: ='04'!$B$36 -> 0.1 | D94: ='08'!D299 -> 0 | E94: ='08'!E299 -> 0 | F94: ='08'!F299 -> 0 | G94: ='08'!G299 -> 0 | H94: ='08'!H299 -> 0
A95: 9 - 10 | B95: 9 | C95: ='04'!$B$36 -> 0.1 | D95: ='08'!D300 -> 0 | E95: ='08'!E300 -> 0 | F95: ='08'!F300 -> 0 | G95: ='08'!G300 -> 0 | H95: ='08'!H300 -> 0
A96: 10 - 11 | B96: 10 | C96: ='04'!$B$37 -> 0.12 | D96: ='08'!D301 -> 0 | E96: ='08'!E301 -> 0 | F96: ='08'!F301 -> 0 | G96: ='08'!G301 -> 0 | H96: ='08'!H301 -> 0
A97: 11 - 12 | B97: 11 | C97: ='04'!$B$37 -> 0.12 | D97: ='08'!D302 -> 0 | E97: ='08'!E302 -> 0 | F97: ='08'!F302 -> 0 | G97: ='08'!G302 -> 0 | H97: ='08'!H302 -> 0
A98: 12 - 13 | B98: 12 | C98: ='04'!$B$37 -> 0.12 | D98: ='08'!D303 -> 0 | E98: ='08'!E303 -> 0 | F98: ='08'!F303 -> 0 | G98: ='08'!G303 -> 0 | H98: ='08'!H303 -> 0
A99: Total | D99: =SUM(D86:D98) -> 0 | E99: =SUM(E86:E98) -> 0 | F99: =SUM(F86:F98) -> 0 | G99: =SUM(G86:G98) -> 0 | H99: =SUM(H86:H98) -> 0
A100: Valor mensal | D100: =SUMPRODUCT($C$86:$C$98,D86:D98)*$G$83/12 -> 0 | E100: =SUMPRODUCT($C$86:$C$98,E86:E98)*$G$83/12 -> 0 | F100: =SUMPRODUCT($C$86:$C$98,F86:F98)*$G$83/12 -> 0 | G100: =SUMPRODUCT($C$86:$C$98,G86:G98)*$G$83/12 -> 0 | H100: =SUMPRODUCT($C$86:$C$98,H86:H98)*$G$83/12 -> 0
A102: Articulado | D102: Preço do veículo s/ pneus | G102: ='02'!C26-8*'02'!C12 -> 0
A104: Faixa | B104: Idade | C104: Coef. | D104: 1 | E104: =D104+1 -> 2 | F104: =E104+1 -> 3 | G104: =F104+1 -> 4 | H104: =G104+1 -> 5
A105: 0 - 1 | B105: 0 | C105: ='04'!$B$32 -> 0.06 | D105: ='08'!D377 -> 0 | E105: ='08'!E377 -> 0 | F105: ='08'!F377 -> 0 | G105: ='08'!G377 -> 0 | H105: ='08'!H377 -> 0
A106: 1 - 2 | B106: 1 | C106: ='04'!$B$32 -> 0.06 | D106: ='08'!D378 -> 0 | E106: ='08'!E378 -> 0 | F106: ='08'!F378 -> 0 | G106: ='08'!G378 -> 0 | H106: ='08'!H378 -> 0
A107: 2 - 3 | B107: 2 | C107: ='04'!$B$33 -> 0.07 | D107: ='08'!D379 -> 0 | E107: ='08'!E379 -> 0 | F107: ='08'!F379 -> 0 | G107: ='08'!G379 -> 0 | H107: ='08'!H379 -> 0
A108: 3 - 4 | B108: 3 | C108: ='04'!$B$33 -> 0.07 | D108: ='08'!D380 -> 0 | E108: ='08'!E380 -> 0 | F108: ='08'!F380 -> 0 | G108: ='08'!G380 -> 0 | H108: ='08'!H380 -> 0
A109: 4 - 5 | B109: 4 | C109: ='04'!$B$34 -> 0.08 | D109: ='08'!D381 -> 0 | E109: ='08'!E381 -> 0 | F109: ='08'!F381 -> 0 | G109: ='08'!G381 -> 0 | H109: ='08'!H381 -> 0
A110: 5 - 6 | B110: 5 | C110: ='04'!$B$34 -> 0.08 | D110: ='08'!D382 -> 0 | E110: ='08'!E382 -> 0 | F110: ='08'!F382 -> 0 | G110: ='08'!G382 -> 0 | H110: ='08'!H382 -> 0
A111: 6 - 7 | B111: 6 | C111: ='04'!$B$35 -> 0.09 | D111: ='08'!D383 -> 0 | E111: ='08'!E383 -> 0 | F111: ='08'!F383 -> 0 | G111: ='08'!G383 -> 0 | H111: ='08'!H383 -> 0
A112: 7 - 8 | B112: 7 | C112: ='04'!$B$35 -> 0.09 | D112: ='08'!D384 -> 0 | E112: ='08'!E384 -> 0 | F112: ='08'!F384 -> 0 | G112: ='08'!G384 -> 0 | H112: ='08'!H384 -> 0
A113: 8 - 9 | B113: 8 | C113: ='04'!$B$36 -> 0.1 | D113: ='08'!D385 -> 0 | E113: ='08'!E385 -> 0 | F113: ='08'!F385 -> 0 | G113: ='08'!G385 -> 0 | H113: ='08'!H385 -> 0
...

Sheet 08
A1: =Sumário!$A$1 -> Transporte Municipal - Guararema
A2: Quadro 08 - PLANEJAMENTO DA FROTA, AQUISIÇÕES, VENDAS E DEPRECIAÇÃO REAL
A3: PROPONENTE: | B3: =Sumário!B3 -> 0
A4: DATA BASE: | B4: =Sumário!$B$4 -> agosto de 2023
A6: Q8.1 - VAN
A8: Q8.1.1 - Aquisições
A9: Faixa | B9: Idade | C9: Pré-oper. | D9: Ano 1 | E9: Ano 2 | F9: Ano 3 | G9: Ano 4 | H9: Ano 5 | I9: Ano 6 | J9: Fator de dep. | K9: % valor do veíc. Novo | L9: Valor do veículo (R$) | M9: % Valor Contábil | N9: % Valor para IR | O9: Valor do veículo p/ IR (R$)
A10: 0 - 1 | B10: 0 | C10: ='01'!G20 -> 0 | E10: =SUM(E29:E41) -> 0 | F10: =SUM(F29:F41) -> 0 | G10: =SUM(G29:G41) -> 0 | H10: =SUM(H29:H41) -> 0 | J10: =$K$132-K10 -> 0 | K10: 1 | L10: =K10*$L$24 -> 0
A11: 1 - 2 | B11: 1.5 | C11: ='01'!G21 -> 0 | J11: =P11*(1-'04'!$C$58)/SUM($P$194:$P$203) -> 0.18888889 | K11: =$K$193-J11 -> 0.81111111 | L11: =K11*$L$24 -> 0 | M11: 0.75 | N11: =K11-M11 -> 0.061111111 | O11: =N11*$L$24 -> 0 | P11: ='04'!$B$60 -> 8
A12: 2 - 3 | B12: 2.5 | C12: ='01'!G22 -> 0 | J12: =(P12*(1-'04'!$C$58)/SUM($P$194:$P$203))+J11 -> 0.35416667 | K12: =$K$193-J12 -> 0.64583333 | L12: =K12*$L$24 -> 0 | M12: 0.5 | N12: =K12-M12 -> 0.14583333 | O12: =N12*$L$24 -> 0 | P12: =P11-1 -> 7
A13: 3 - 4 | B13: 3.5 | C13: ='01'!G23 -> 0 | J13: =(P13*(1-'04'!$C$58)/SUM($P$194:$P$203))+J12 -> 0.49583333 | K13: =$K$193-J13 -> 0.50416667 | L13: =K13*$L$24 -> 0 | M13: 0.25 | N13: =K13-M13 -> 0.25416667 | O13: =N13*$L$24 -> 0 | P13: =P12-1 -> 6
A14: 4 - 5 | B14: 4.5 | C14: ='01'!G24 -> 0 | J14: =(P14*(1-'04'!$C$58)/SUM($P$194:$P$203))+J13 -> 0.61388889 | K14: =$K$193-J14 -> 0.38611111 | L14: =K14*$L$24 -> 0 | N14: =K14-M14 -> 0.38611111 | O14: =N14*$L$24 -> 0 | P14: =P13-1 -> 5
A15: 5 - 6 | B15: 5.5 | C15: ='01'!G25 -> 0 | J15: =(P15*(1-'04'!$C$58)/SUM($P$194:$P$203))+J14 -> 0.70833333 | K15: =$K$193-J15 -> 0.29166667 | L15: =K15*$L$24 -> 0 | N15: =K15-M15 -> 0.29166667 | O15: =N15*$L$24 -> 0 | P15: =P14-1 -> 4
A16: 6 - 7 | B16: 6.5 | C16: ='01'!G26 -> 0 | J16: =(P16*(1-'04'!$C$58)/SUM($P$194:$P$203))+J15 -> 0.77916667 | K16: =$K$193-J16 -> 0.22083333 | L16: =K16*$L$24 -> 0 | N16: =K16-M16 -> 0.22083333 | O16: =N16*$L$24 -> 0 | P16: =P15-1 -> 3
A17: 7 - 8 | B17: 7.5 | C17: ='01'!G27 -> 0 | J17: =(P17*(1-'04'!$C$58)/SUM($P$194:$P$203))+J16 -> 0.82638889 | K17: =$K$193-J17 -> 0.17361111 | L17: =K17*$L$24 -> 0 | N17: =K17-M17 -> 0.17361111 | O17: =N17*$L$24 -> 0 | P17: =P16-1 -> 2
A18: 8 - 9 | B18: 8.5 | C18: ='01'!G28 -> 0 | J18: =(P18*(1-'04'!$C$58)/SUM($P$194:$P$203))+J17 -> 0.85 | K18: =$K$193-J18 -> 0.15 | L18: =K18*$L$24 -> 0 | N18: =K18-M18 -> 0.15 | O18: =N18*$L$24 -> 0 | P18: =P17-1 -> 1
A19: 9 - 10 | B19: 9.5 | C19: ='01'!G29 -> 0 | J19: =(P19*(1-'04'!$C$58)/SUM($P$194:$P$203))+J18 -> 0.85 | K19: =$K$193-J19 -> 0.15 | L19: =K19*$L$24 -> 0 | N19: =K19-M19 -> 0.15 | O19: =N19*$L$24 -> 0 | P19: =P18-1 -> 0
A20: 10 - 11 | B20: 10.5 | C20: ='01'!G30 -> 0 | J20: =(P20*(1-'04'!$C$58)/SUM($P$194:$P$203))+J19 -> 0.85 | K20: =$K$193-J20 -> 0.15 | L20: =K20*$L$24 -> 0 | N20: =K20-M20 -> 0.15 | O20: =N20*$L$24 -> 0
A21: 11 - 12 | B21: 11.5 | C21: ='01'!G31 -> 0 | J21: =(P21*(1-'04'!$C$58)/SUM($P$194:$P$203))+J20 -> 0.85 | K21: =K20 -> 0.15 | L21: =K21*$L$24 -> 0 | O21: =N21*$L$24 -> 0
A22: 12 - 13 | B22: 12.5 | L22: =K22*$M$207 -> 0 | O22: =N22*$L$24 -> 0
A23: Total | C23: =SUM(C10:C22) -> 0 | D23: =SUM(D10:D22) -> 0 | E23: =SUM(E10:E22) -> 0 | F23: =SUM(F10:F22) -> 0 | G23: =SUM(G10:G22) -> 0 | H23: =SUM(H10:H22) -> 0
A24: Investimento | C24: =SUMPRODUCT(C10:C22,$L$10:$L$22) -> 0 | D24: =SUMPRODUCT(D10:D22,$L$10:$L$22) -> 0 | E24: =SUMPRODUCT(E10:E22,$L$10:$L$22) -> 0 | F24: =SUMPRODUCT(F10:F22,$L$10:$L$22) -> 0 | G24: =SUMPRODUCT(G10:G22,$L$10:$L$22) -> 0 | H24: =SUMPRODUCT(H10:H22,$L$10:$L$22) -> 0 | J24: Valor do veículo novo | L24: ='02'!$C$21 -> 0
A27: Q8.1.2 - Venda
A28: Faixa | B28: Idade | C28: Pré-oper. | D28: Ano 1 | E28: Ano 2 | F28: Ano 3 | G28: Ano 4 | H28: Ano 5 | I28: Ano 6
A29: 0 - 1 | B29: 0
A30: 1 - 2 | B30: 1 | I30: =H48 -> 0
A31: 2 - 3 | B31: 2 | I31: =H49 -> 0
A32: 3 - 4 | B32: 3 | I32: =H50 -> 0
A33: 4 - 5 | B33: 4 | H33: 0 | I33: =H51 -> 0
A34: 5 - 6 | B34: 5 | I34: =H52 -> 0
A35: 6 - 7 | B35: 6 | I35: =H53 -> 0
A36: 7 - 8 | B36: 7 | I36: =H54 -> 0
A37: 8 - 9 | B37: 8 | E37: =D55 -> 0 | F37: =E55 -> 0 | G37: =F55 -> 0 | H37: =G55 -> 0 | I37: =H55 -> 0
A38: 9 - 10 | B38: 9 | I38: =H56 -> 0
A39: 10 - 11 | B39: 10 | I39: =H57 -> 0
A40: 11 - 12 | B40: 11 | I40: =H58 -> 0
A41: 12 - 13 | B41: 12 | I41: =H59 -> 0
A42: Total | C42: =SUM(C29:C41) -> 0 | D42: =SUM(D29:D41) -> 0 | E42: =SUM(E29:E41) -> 0 | F42: =SUM(F29:F41) -> 0 | G42: =SUM(G29:G41) -> 0 | H42: =SUM(H29:H41) -> 0
A43: Receita | C43: =SUMPRODUCT(C29:C41,$L$10:$L$22) -> 0 | D43: =SUMPRODUCT(D29:D41,$L$10:$L$22) -> 0 | E43: =SUMPRODUCT(E29:E41,$L$10:$L$22) -> 0 | F43: =SUMPRODUCT(F29:F41,$L$10:$L$22) -> 0 | G43: =SUMPRODUCT(G29:G41,$L$10:$L$22) -> 0 | H43: =SUMPRODUCT(H29:H41,$L$10:$L$22) -> 0 | I43: =SUMPRODUCT(I29:I41,$L$10:$L$22) -> 0
I44: =SUMPRODUCT(I29:I41,$O$10:$O$22) -> 0
A46: Q8.1.3 - Quadro Final
A47: Faixa | B47: Idade | C47: Pré-oper. | D47: Ano 1 | E47: Ano 2 | F47: Ano 3 | G47: Ano 4 | H47: Ano 5 | I47: Ano 6
A48: 0 - 1 | B48: 0 | C48: =C10-C29 -> 0 | D48: =C48+D10-D29 -> 0 | E48: =E10-E29 -> 0 | F48: =F10-F29 -> 0 | G48: =G10-G29 -> 0 | H48: =H10-H29 -> 0 | I48: =I10-I29 -> 0
A49: 1 - 2 | B49: 1 | C49: =C11-C30 -> 0 | D49: =C49+D11-D30 -> 0 | E49: =D48+E11-E30 -> 0 | F49: =E48+F11-F30 -> 0 | G49: =F48+G11-G30 -> 0 | H49: =G48+H11-H30 -> 0 | I49: =H48+I11-I30 -> 0
A50: 2 - 3 | B50: 2 | C50: =C12-C31 -> 0 | D50: =C50+D12-D31 -> 0 | E50: =D49+E12-E31 -> 0 | F50: =E49+F12-F31 -> 0 | G50: =F49+G12-G31 -> 0 | H50: =G49+H12-H31 -> 0 | I50: =H49+I12-I31 -> 0
A51: 3 - 4 | B51: 3 | C51: =C13-C32 -> 0 | D51: =C51+D13-D32 -> 0 | E51: =D50+E13-E32 -> 0 | F51: =E50+F13-F32 -> 0 | G51: =F50+G13-G32 -> 0 | H51: =G50+H13-H32 -> 0 | I51: =H50+I13-I32 -> 0
A52: 4 - 5 | B52: 4 | C52: =C14-C33 -> 0 | D52: =C52+D14-D33 -> 0 | E52: =D51+E14-E33 -> 0 | F52: =E51+F14-F33 -> 0 | G52: =F51+G14-G33 -> 0 | H52: =G51+H14-H33 -> 0 | I52: =H51+I14-I33 -> 0
A53: 5 - 6 | B53: 5 | C53: =C15-C34 -> 0 | D53: =C53+D15-D34 -> 0 | E53: =D52+E15-E34 -> 0 | F53: =E52+F15-F34 -> 0 | G53: =F52+G15-G34 -> 0 | H53: =G52+H15-H34 -> 0 | I53: =H52+I15-I34 -> 0
A54: 6 - 7 | B54: 6 | C54: =C16-C35 -> 0 | D54: =C54+D16-D35 -> 0 | E54: =D53+E16-E35 -> 0 | F54: =E53+F16-F35 -> 0 | G54: =F53+G16-G35 -> 0 | H54: =G53+H16-H35 -> 0 | I54: =H53+I16-I35 -> 0
A55: 7 - 8 | B55: 7 | C55: =C17-C36 -> 0 | D55: =C55+D17-D36 -> 0 | E55: =D54+E17-E36 -> 0 | F55: =E54+F17-F36 -> 0 | G55: =F54+G17-G36 -> 0 | H55: =G54+H17-H36 -> 0 | I55: =H54+I17-I36 -> 0
A56: 8 - 9 | B56: 8 | C56: =C18-C37 -> 0 | D56: =C56+D18-D37 -> 0 | E56: =D55+E18-E37 -> 0 | F56: =E55+F18-F37 -> 0 | G56: =F55+G18-G37 -> 0 | H56: =G55+H18-H37 -> 0 | I56: =H55+I18-I37 -> 0
A57: 9 - 10 | B57: 9 | C57: =C19-C38 -> 0 | D57: =C57+D19-D38 -> 0 | E57: =D56+E19-E38 -> 0 | F57: =E56+F19-F38 -> 0 | G57: =F56+G19-G38 -> 0 | H57: =G56+H19-H38 -> 0 | I57: =H56+I19-I38 -> 0
A58: 10 - 11 | B58: 10 | D58: =C58+D20-D39 -> 0 | E58: =D57+E20-E39 -> 0 | F58: =E57+F20-F39 -> 0 | G58: =F57+G20-G39 -> 0 | H58: =G57+H20-H39 -> 0 | I58: =H57+I20-I39 -> 0
A59: 11 - 12 | B59: 11 | D59: =C59+D21-D40 -> 0 | E59: =D58+E21-E40 -> 0 | F59: =E58+F21-F40 -> 0 | G59: =F58+G21-G40 -> 0 | H59: =G58+H21-H40 -> 0 | I59: =H58+I21-I40 -> 0
A60: 12 - 13 | B60: 12 | D60: =C60+D22-D41 -> 0 | E60: =D59+E22-E41 -> 0 | F60: =E59+F22-F41 -> 0 | G60: =F59+G22-G41 -> 0 | H60: =G59+H22-H41 -> 0 | I60: =H59+I22-I41 -> 0
A61: Total | C61: =SUM(C48:C60) -> 0 | D61: =SUM(D48:D60) -> 0 | E61: =SUM(E48:E60) -> 0 | F61: =SUM(F48:F60) -> 0 | G61: =SUM(G48:G60) -> 0 | H61: =SUM(H48:H60) -> 0
A62: Id. Média (anos) | C62: =IF(C61<>0,ROUND(SUMPRODUCT(C48:C60,B48:B60)/C61,2),"") | D62: =IF(D61<>0,ROUND(SUMPRODUCT(D48:D60,$B$170:$B$182)/D61,2),"") | E62: =IF(E61<>0,ROUND(SUMPRODUCT(E48:E60,$B$170:$B$182)/E61,2),"") | F62: =IF(F61<>0,ROUND(SUMPRODUCT(F48:F60,$B$170:$B$182)/F61,2),"") | G62: =IF(G61<>0,ROUND(SUMPRODUCT(G48:G60,$B$170:$B$182)/G61,2),"") | H62: =IF(H61<>0,ROUND(SUMPRODUCT(H48:H60,$B$170:$B$182)/H61,2),"")
A64: Depreciação Real | D64: =SUMPRODUCT(D48:D58,$J$11:$J$21)*$L$71 -> 0 | E64: =SUMPRODUCT(E48:E58,$J$11:$J$21)*$L$71 -> 0 | F64: =SUMPRODUCT(F48:F58,$J$11:$J$21)*$L$71 -> 0 | G64: =SUMPRODUCT(G48:G58,$J$11:$J$21)*$L$71 -> 0 | H64: =SUMPRODUCT(H48:H58,$J$11:$J$21)*$L$71 -> 0 | I64: =SUMPRODUCT(I48:I60,$J$10:$J$22)*$L$71 -> 0
A67: Q8.2 - Microônibus
A69: Q8.2.1 - Aquisições
A70: Faixa | B70: Idade | C70: Pré-oper. | D70: Ano 1 | E70: Ano 2 | F70: Ano 3 | G70: Ano 4 | H70: Ano 5 | I70: Ano 6 | J70: Fator de dep. | K70: % valor do veíc. Novo | L70: Valor do veículo (R$) | M70: % Valor Contábil | N70: % Valor para IR | O70: Valor do veículo p/ IR (R$)
A71: 0 - 1 | B71: 0 | C71: ='01'!B20 -> 0 | E71: =SUM(E90:E102) -> 0 | F71: =SUM(F90:F102) -> 0 | G71: =SUM(G90:G102) -> 0 | H71: =SUM(H90:H102) -> 0 | J71: =$K$132-K71 -> 0 | K71: 1 | L71: =K71*$L$85 -> 0
A72: 1 - 2 | B72: 1.5 | C72: ='01'!B21 -> 0 | J72: =P72*(1-'04'!$C$58)/SUM($P$194:$P$203) -> 0.18888889 | K72: =$K$193-J72 -> 0.81111111 | L72: =K72*$L$85 -> 0 | M72: 0.75 | N72: =K72-M72 -> 0.061111111 | O72: =N72*$L$85 -> 0 | P72: ='04'!$B$60 -> 8
A73: 2 - 3 | B73: 2.5 | C73: ='01'!B22 -> 0 | J73: =(P73*(1-'04'!$C$58)/SUM($P$194:$P$203))+J72 -> 0.35416667 | K73: =$K$193-J73 -> 0.64583333 | L73: =K73*$L$85 -> 0 | M73: 0.5 | N73: =K73-M73 -> 0.14583333 | O73: =N73*$L$85 -> 0 | P73: =P72-1 -> 7
A74: 3 - 4 | B74: 3.5 | C74: ='01'!B23 -> 0 | J74: =(P74*(1-'04'!$C$58)/SUM($P$194:$P$203))+J73 -> 0.49583333 | K74: =$K$193-J74 -> 0.50416667 | L74: =K74*$L$85 -> 0 | M74: 0.25 | N74: =K74-M74 -> 0.25416667 | O74: =N74*$L$85 -> 0 | P74: =P73-1 -> 6
A75: 4 - 5 | B75: 4.5 | C75: ='01'!B24 -> 0 | J75: =(P75*(1-'04'!$C$58)/SUM($P$194:$P$203))+J74 -> 0.61388889 | K75: =$K$193-J75 -> 0.38611111 | L75: =K75*$L$85 -> 0 | N75: =K75-M75 -> 0.38611111 | O75: =N75*$L$85 -> 0 | P75: =P74-1 -> 5
A76: 5 - 6 | B76: 5.5 | C76: ='01'!B25 -> 0 | J76: =(P76*(1-'04'!$C$58)/SUM($P$194:$P$203))+J75 -> 0.70833333 | K76: =$K$193-J76 -> 0.29166667 | L76: =K76*$L$85 -> 0 | N76: =K76-M76 -> 0.29166667 | O76: =N76*$L$85 -> 0 | P76: =P75-1 -> 4
A77: 6 - 7 | B77: 6.5 | C77: ='01'!B26 -> 0 | J77: =(P77*(1-'04'!$C$58)/SUM($P$194:$P$203))+J76 -> 0.77916667 | K77: =$K$193-J77 -> 0.22083333 | L77: =K77*$L$85 -> 0 | N77: =K77-M77 -> 0.22083333 | O77: =N77*$L$85 -> 0 | P77: =P76-1 -> 3
A78: 7 - 8 | B78: 7.5 | C78: ='01'!B27 -> 0 | J78: =(P78*(1-'04'!$C$58)/SUM($P$194:$P$203))+J77 -> 0.82638889 | K78: =$K$193-J78 -> 0.17361111 | L78: =K78*$L$85 -> 0 | N78: =K78-M78 -> 0.17361111 | O78: =N78*$L$85 -> 0 | P78: =P77-1 -> 2
A79: 8 - 9 | B79: 8.5 | C79: ='01'!B28 -> 0 | J79: =(P79*(1-'04'!$C$58)/SUM($P$194:$P$203))+J78 -> 0.85 | K79: =$K$193-J79 -> 0.15 | L79: =K79*$L$85 -> 0 | N79: =K79-M79 -> 0.15 | O79: =N79*$L$85 -> 0 | P79: =P78-1 -> 1
A80: 9 - 10 | B80: 9.5 | C80: ='01'!B29 -> 0 | J80: =(P80*(1-'04'!$C$58)/SUM($P$194:$P$203))+J79 -> 0.85 | K80: =$K$193-J80 -> 0.15 | L80: =K80*$L$85 -> 0 | N80: =K80-M80 -> 0.15 | O80: =N80*$L$85 -> 0 | P80: =P79-1 -> 0
A81: 10 - 11 | B81: 10.5 | C81: ='01'!B30 -> 0 | J81: =(P81*(1-'04'!$C$58)/SUM($P$194:$P$203))+J80 -> 0.85 | K81: =$K$193-J81 -> 0.15 | L81: =K81*$L$85 -> 0 | N81: =K81-M81 -> 0.15 | O81: =N81*$L$85 -> 0
A82: 11 - 12 | B82: 11.5 | C82: ='01'!B31 -> 0 | J82: =(P82*(1-'04'!$C$58)/SUM($P$194:$P$203))+J81 -> 0.85 | K82: =K81 -> 0.15 | L82: =K82*$L$85 -> 0 | O82: =N82*$L$85 -> 0
A83: 12 - 13 | B83: 12.5 | L83: =K83*$L$85 -> 0 | O83: =N83*$L$85 -> 0
A84: Total | C84: =SUM(C71:C83) -> 0 | D84: =SUM(D71:D83) -> 0 | E84: =SUM(E71:E83) -> 0 | F84: =SUM(F71:F83) -> 0 | G84: =SUM(G71:G83) -> 0 | H84: =SUM(H71:H83) -> 0
A85: Investimento | C85: =SUMPRODUCT(C71:C83,$L$71:$L$83) -> 0 | D85: =SUMPRODUCT(D71:D83,$L$132:$L$144) -> 0 | E85: =SUMPRODUCT(E71:E83,$L$71:$L$83) -> 0 | F85: =SUMPRODUCT(F71:F83,$L$71:$L$83) -> 0 | G85: =SUMPRODUCT(G71:G83,$L$71:$L$83) -> 0 | H85: =SUMPRODUCT(H71:H83,$L$71:$L$83) -> 0 | J85: Valor do veículo novo | L85: ='02'!$C$22 -> 0
A88: Q8.2.2 - Venda
A89: Faixa | B89: Idade | C89: Pré-oper. | D89: Ano 1 | E89: Ano 2 | F89: Ano 3 | G89: Ano 4 | H89: Ano 5 | I89: Ano 6
A90: 0 - 1 | B90: 0
A91: 1 - 2 | B91: 1 | I91: =H109 -> 0
A92: 2 - 3 | B92: 2 | I92: =H110 -> 0
A93: 3 - 4 | B93: 3 | I93: =H111 -> 0
A94: 4 - 5 | B94: 4 | I94: =H112 -> 0
A95: 5 - 6 | B95: 5 | I95: =H113 -> 0
A96: 6 - 7 | B96: 6 | I96: =H114 -> 0
A97: 7 - 8 | B97: 7 | I97: =H115 -> 0
A98: 8 - 9 | B98: 8 | E98: =C78 -> 0 | H98: =C75 -> 0 | I98: =H116 -> 0
A99: 9 - 10 | B99: 9 | I99: =H117 -> 0
A100: 10 - 11 | B100: 10 | I100: =H118 -> 0
A101: 11 - 12 | B101: 11 | E101: =D119 -> 0 | F101: =E119 -> 0 | G101: =F119 -> 0 | H101: =G119 -> 0 | I101: =H119 -> 0
A102: 12 - 13 | B102: 12 | I102: =H120 -> 0
A103: Total | C103: =SUM(C90:C102) -> 0 | D103: =SUM(D90:D102) -> 0 | E103: =SUM(E90:E102) -> 0 | F103: =SUM(F90:F102) -> 0 | G103: =SUM(G90:G102) -> 0 | H103: =SUM(H90:H102) -> 0
A104: Receita | C104: =SUMPRODUCT(C90:C102,$L$132:$L$144) -> 0 | D104: =SUMPRODUCT(D90:D102,$L$132:$L$144) -> 0 | E104: =SUMPRODUCT(E90:E102,$L$71:$L$83) -> 0 | F104: =SUMPRODUCT(F90:F102,$L$71:$L$83) -> 0 | G104: =SUMPRODUCT(G90:G102,$L$71:$L$83) -> 0 | H104: =SUMPRODUCT(H90:H102,$L$71:$L$83) -> 0 | I104: =SUMPRODUCT(I90:I102,L71:L83) -> 0
I105: =SUMPRODUCT(I90:I102,$O$71:$O$83) -> 0
A107: Q8.2.3 - Quadro Final
A108: Faixa | B108: Idade | C108: Pré-oper. | D108: Ano 1 | E108: Ano 2 | F108: Ano 3 | G108: Ano 4 | H108: Ano 5 | I108: Ano 6
A109: 0 - 1 | B109: 0 | C109: =C71-C90 -> 0 | D109: =C109+D71-D90 -> 0 | E109: =E71-E90 -> 0 | F109: =F71-F90 -> 0 | G109: =G71-G90 -> 0 | H109: =H71-H90 -> 0 | I109: =I71-I90 -> 0
A110: 1 - 2 | B110: 1 | C110: =C72-C91 -> 0 | D110: =C110+D72-D91 -> 0 | E110: =D109+E72-E91 -> 0 | F110: =E109+F72-F91 -> 0 | G110: =F109+G72-G91 -> 0 | H110: =G109+H72-H91 -> 0 | I110: =H109+I72-I91 -> 0
A111: 2 - 3 | B111: 2 | C111: =C73-C92 -> 0 | D111: =C111+D73-D92 -> 0 | E111: =D110+E73-E92 -> 0 | F111: =E110+F73-F92 -> 0 | G111: =F110+G73-G92 -> 0 | H111: =G110+H73-H92 -> 0 | I111: =H110+I73-I92 -> 0
A112: 3 - 4 | B112: 3 | C112: =C74-C93 -> 0 | D112: =C112+D74-D93 -> 0 | E112: =D111+E74-E93 -> 0 | F112: =E111+F74-F93 -> 0 | G112: =F111+G74-G93 -> 0 | H112: =G111+H74-H93 -> 0 | I112: =H111+I74-I93 -> 0
...

Sheet 09
A1: =Sumário!$A$1 -> Transporte Municipal - Guararema
A2: Quadro 09 - INVESTIMENTO EM EQUIPAMENTOS TECNOLÓGICOS EMBARCADOS (SBE, SMTC, E OUTROS) | Y2: Vai p/ o índice
A3: PROPONENTE: | B3: =Sumário!B3 -> 0
A4: DATA BASE: | B4: =Sumário!$B$4 -> agosto de 2023
A6: Q9.1 - Quantidades
A8: Equipamento | B8: Unidade | D8: Quantidades adquiridas ao longo do contrato
D9: Pré-operac. | E9: 1 | F9: 2 | G9: 3 | H9: 4 | I9: 5
A10: ='02'!A48 -> Equipamentos embarcados do SBE | B10: ='02'!B48 -> un. / veíc. | D10: ='01'!$H$36 -> 0
A11: ='02'!A49 -> Equipamentos de garagem do SBE | B11: ='02'!B49 -> un. / garagem | D11: 1
A12: ='02'!A50 -> Conjunto de câmeras de vigilância (04 por veículo) | B12: ='02'!B50 -> un. / veíc.
A13: ='02'!A51 -> Painéis nos veículos padron e articulado | B13: ='02'!B51 -> cj. / veíc.
A14: ='02'!A52 -> Monitor para mídia Indor | B14: ='02'!B52 -> un. / Veic. | D14: =2*'01'!D12+1*'01'!D11 -> 0
A15: ='02'!A53 -> Sistema Wi-fi nos ônibus | B15: ='02'!B53 -> un. / veíc. | D15: ='01'!$H$36 -> 0
A22: Q9.2 - Investimentos
A24: Equipamento | B24: Unidade | C24: Preço Unitário (R$)
D25: Pré-operac. | E25: 1 | F25: 2 | G25: 3 | H25: 4 | I25: 5
A26: =A10 -> Equipamentos embarcados do SBE | B26: =B10 -> un. / veíc. | C26: ='02'!C48 -> 0 | D26: =$C$26*D10 -> 0 | E26: =$C$26*E10 -> 0 | F26: =$C$26*F10 -> 0 | G26: =$C$26*G10 -> 0 | H26: =$C$26*H10 -> 0 | I26: =$C$26*I10 -> 0
A27: =A11 -> Equipamentos de garagem do SBE | B27: =B11 -> un. / garagem | C27: ='02'!C49 -> 0 | D27: =$C$27*D11 -> 0 | E27: =$C$27*E11 -> 0 | F27: =$C$27*F11 -> 0 | G27: =$C$27*G11 -> 0 | H27: =$C$27*H11 -> 0 | I27: =$C$27*I11 -> 0
A28: =A12 -> Conjunto de câmeras de vigilância (04 por veículo) | B28: =B12 -> un. / veíc. | C28: ='02'!C50 -> 0 | D28: =$C$28*D12 -> 0 | E28: =$C$28*E12 -> 0 | F28: =$C$28*F12 -> 0 | G28: =$C$28*G12 -> 0 | H28: =$C$28*H12 -> 0 | I28: =$C$28*I12 -> 0
A29: =A13 -> Painéis nos veículos padron e articulado | B29: =B13 -> cj. / veíc. | C29: ='02'!C51 -> 0 | D29: =$C$29*D13 -> 0 | E29: =$C$29*E13 -> 0 | F29: =$C$29*F13 -> 0 | G29: =$C$29*G13 -> 0 | H29: =$C$29*H13 -> 0 | I29: =$C$29*I13 -> 0
A30: =A14 -> Monitor para mídia Indor | B30: =B14 -> un. / Veic. | C30: ='02'!C52 -> 0 | D30: =$C$30*D14 -> 0 | E30: =$C$30*E14 -> 0 | F30: =$C$30*F14 -> 0 | G30: =$C$30*G14 -> 0 | H30: =$C$30*H14 -> 0 | I30: =$C$30*I14 -> 0
A31: =A15 -> Sistema Wi-fi nos ônibus | B31: =B15 -> un. / veíc. | C31: ='02'!C53 -> 0 | D31: =$C$31*D15 -> 0 | E31: =$C$31*E15 -> 0 | F31: =$C$31*F15 -> 0 | G31: =$C$31*G15 -> 0 | H31: =$C$31*H15 -> 0 | I31: =$C$31*I15 -> 0
D32: =$C$32*D16 -> 0 | E32: =$C$32*E16 -> 0 | F32: =$C$32*F16 -> 0 | G32: =$C$32*G16 -> 0 | H32: =$C$32*H16 -> 0 | I32: =$C$32*I16 -> 0
D33: =$C$33*D17 -> 0 | E33: =$C$33*E17 -> 0 | F33: =$C$33*F17 -> 0 | G33: =$C$33*G17 -> 0 | H33: =$C$33*H17 -> 0 | I33: =$C$33*I17 -> 0
D34: =$C$34*D18 -> 0 | E34: =$C$34*E18 -> 0 | F34: =$C$34*F18 -> 0 | G34: =$C$34*G18 -> 0 | H34: =$C$34*H18 -> 0 | I34: =$C$34*I18 -> 0
D35: =$C$35*D19 -> 0 | E35: =$C$35*E19 -> 0 | F35: =$C$35*F19 -> 0 | G35: =$C$35*G19 -> 0 | H35: =$C$35*H19 -> 0 | I35: =$C$35*I19 -> 0
A36: Total | D36: =SUM(D26:D35) -> 0 | E36: =SUM(E26:E35) -> 0 | F36: =SUM(F26:F35) -> 0 | G36: =SUM(G26:G35) -> 0 | H36: =SUM(H26:H35) -> 0 | I36: =SUM(I26:I35) -> 0
A39: Q9.3 - Depreciação
A41: Equipamento | B41: Taxa anual de depreciação e amortização (%) | C41: Número de anos a serem depreciados
A43: =A10 -> Equipamentos embarcados do SBE | B43: =IF(C43=0,"",(1-D43)/C43) -> 0.2 | C43: 5
A44: =A11 -> Equipamentos de garagem do SBE | B44: =IF(C44=0,"",(1-D44)/C44) -> 0.2 | C44: 5
A45: =A12 -> Conjunto de câmeras de vigilância (04 por veículo) | B45: =IF(C45=0,"",(1-D45)/C45) -> 0.2 | C45: 5
A46: =A13 -> Painéis nos veículos padron e articulado | B46: =IF(C46=0,"",(1-D46)/C46) -> 0.2 | C46: 5
A47: =A14 -> Monitor para mídia Indor | B47: =IF(C47=0,"",(1-D47)/C47) -> 0.2 | C47: 5
A48: =A15 -> Sistema Wi-fi nos ônibus | B48: =IF(C48=0,"",(1-D48)/C48) -> 0.2 | C48: 5
B49: =IF(C49=0,"",(1-D49)/C49)
B50: =IF(C50=0,"",(1-D50)/C50)
B51: =IF(C51=0,"",(1-D51)/C51)
B52: =IF(C52=0,"",(1-D52)/C52)
A53: Total
C56: 0 | D56: 1 | E56: 2 | F56: 3 | G56: 4 | H56: 5
B57: Deprec. Tecnol. | C57: Ano 0 | D57: Ano 1 | E57: Ano 2 | F57: Ano 3 | G57: Ano 4 | H57: Ano 5 | I57: Total
A58: 0 | B58: Ano 0 | C58: {=TRANSPOSE($D$36:$I$36)} -> 0 | D58: =C58*$B$43 -> 0 | E58: =IF(E$56<=$A58,0,IF(SUM($D58:D58)=$C58,0,$C58*$B$43)) -> 0 | F58: =IF(F$56<=$A58,0,IF(SUM($D58:E58)=$C58,0,$C58*$B$43)) -> 0 | G58: =IF(G$56<=$A58,0,IF(SUM($D58:F58)=$C58,0,$C58*$B$43)) -> 0 | H58: =IF(H$56<=$A58,0,IF(SUM($D58:G58)=$C58,0,$C58*$B$43)) -> 0 | I58: =SUM(D58:H58) -> 0
A59: 1 | B59: Ano 1 | C59: 0 | D59: 0 | E59: =IF(E$56<=$A59,0,IF(SUM($D59:D59)=$C59,0,$C59*$B$43)) -> 0 | F59: =IF(F$56<=$A59,0,IF(SUM($D59:E59)=$C59,0,$C59*$B$43)) -> 0 | G59: =IF(G$56<=$A59,0,IF(SUM($D59:F59)=$C59,0,$C59*$B$43)) -> 0 | H59: =IF(H$56<=$A59,0,IF(SUM($D59:G59)=$C59,0,$C59*$B$43)) -> 0 | I59: =SUM(D59:H59) -> 0
A60: 2 | B60: Ano 2 | C60: 0 | D60: 0 | E60: =IF(E$56<=$A60,0,IF(SUM($D60:D60)=$C60,0,$C60*$B$43)) -> 0 | F60: =IF(F$56<=$A60,0,IF(SUM($D60:E60)=$C60,0,$C60*$B$43)) -> 0 | G60: =IF(G$56<=$A60,0,IF(SUM($D60:F60)=$C60,0,$C60*$B$43)) -> 0 | H60: =IF(H$56<=$A60,0,IF(SUM($D60:G60)=$C60,0,$C60*$B$43)) -> 0 | I60: =SUM(D60:H60) -> 0
A61: 3 | B61: Ano 3 | C61: 0 | D61: 0 | E61: =IF(E$56<=$A61,0,IF(SUM($D61:D61)=$C61,0,$C61*$B$43)) -> 0 | F61: =IF(F$56<=$A61,0,IF(SUM($D61:E61)=$C61,0,$C61*$B$43)) -> 0 | G61: =IF(G$56<=$A61,0,IF(SUM($D61:F61)=$C61,0,$C61*$B$43)) -> 0 | H61: =IF(H$56<=$A61,0,IF(SUM($D61:G61)=$C61,0,$C61*$B$43)) -> 0 | I61: =SUM(D61:H61) -> 0
A62: 4 | B62: Ano 4 | C62: 0 | D62: 0 | E62: =IF(E$56<=$A62,0,IF(SUM($D62:D62)=$C62,0,$C62*$B$43)) -> 0 | F62: =IF(F$56<=$A62,0,IF(SUM($D62:E62)=$C62,0,$C62*$B$43)) -> 0 | G62: =IF(G$56<=$A62,0,IF(SUM($D62:F62)=$C62,0,$C62*$B$43)) -> 0 | H62: =IF(H$56<=$A62,0,IF(SUM($D62:G62)=$C62,0,$C62*$B$43)) -> 0 | I62: =SUM(D62:H62) -> 0
A63: 5 | B63: Ano 5 | C63: 0 | D63: 0 | E63: =IF(E$56<=$A63,0,IF(SUM($D63:D63)=$C63,0,$C63*$B$43)) -> 0 | F63: =IF(F$56<=$A63,0,IF(SUM($D63:E63)=$C63,0,$C63*$B$43)) -> 0 | G63: =IF(G$56<=$A63,0,IF(SUM($D63:F63)=$C63,0,$C63*$B$43)) -> 0 | H63: =IF(H$56<=$A63,0,IF(SUM($D63:G63)=$C63,0,$C63*$B$43)) -> 0 | I63: =SUM(D63:H63) -> 0
B64: Total | C64: =SUM(C58:C63) -> 0 | D64: =SUM(D58:D63) -> 0 | E64: =SUM(E58:E63) -> 0 | F64: =SUM(F58:F63) -> 0 | G64: =SUM(G58:G63) -> 0 | H64: =SUM(H58:H63) -> 0 | I64: =SUM(I58:I63) -> 0
B66: Com efeito Inflação (para fuxo real) | D66: 1 | E66: 2 | F66: 3 | G66: 4 | H66: 5
B67: Deprec. Tecnol. | C67: Ano 0 | D67: Ano 1 | E67: Ano 2 | F67: Ano 3 | G67: Ano 4 | H67: Ano 5 | I67: Total
B68: Ano 0 | C68: =C58 -> 0 | D68: =D58/(1+(HLOOKUP(COUNTIF($D58:D58,">0"),'14'!$B$1:$AI$5,5,FALSE))) -> 0 | E68: =E58/(1+(HLOOKUP(COUNTIF($D58:E58,">0"),'14'!$B$1:$AI$5,5,FALSE))) -> 0 | F68: =F58/(1+(HLOOKUP(COUNTIF($D58:F58,">0"),'14'!$B$1:$AI$5,5,FALSE))) -> 0 | G68: =G58/(1+(HLOOKUP(COUNTIF($D58:G58,">0"),'14'!$B$1:$AI$5,5,FALSE))) -> 0 | H68: =H58/(1+(HLOOKUP(COUNTIF($D58:H58,">0"),'14'!$B$1:$AI$5,5,FALSE))) -> 0 | I68: =SUM(D68:H68) -> 0
B69: Ano 1 | C69: =C59 -> 0 | D69: =D59/(1+(HLOOKUP(COUNTIF($D59:D59,">0"),'14'!$B$1:$AI$5,5,FALSE))) -> 0 | E69: =E59/(1+(HLOOKUP(COUNTIF($D59:E59,">0"),'14'!$B$1:$AI$5,5,FALSE))) -> 0 | F69: =F59/(1+(HLOOKUP(COUNTIF($D59:F59,">0"),'14'!$B$1:$AI$5,5,FALSE))) -> 0 | G69: =G59/(1+(HLOOKUP(COUNTIF($D59:G59,">0"),'14'!$B$1:$AI$5,5,FALSE))) -> 0 | H69: =H59/(1+(HLOOKUP(COUNTIF($D59:H59,">0"),'14'!$B$1:$AI$5,5,FALSE))) -> 0 | I69: =SUM(D69:H69) -> 0
B70: Ano 2 | C70: =C60 -> 0 | D70: =D60/(1+(HLOOKUP(COUNTIF($D60:D60,">0"),'14'!$B$1:$AI$5,5,FALSE))) -> 0 | E70: =E60/(1+(HLOOKUP(COUNTIF($D60:E60,">0"),'14'!$B$1:$AI$5,5,FALSE))) -> 0 | F70: =F60/(1+(HLOOKUP(COUNTIF($D60:F60,">0"),'14'!$B$1:$AI$5,5,FALSE))) -> 0 | G70: =G60/(1+(HLOOKUP(COUNTIF($D60:G60,">0"),'14'!$B$1:$AI$5,5,FALSE))) -> 0 | H70: =H60/(1+(HLOOKUP(COUNTIF($D60:H60,">0"),'14'!$B$1:$AI$5,5,FALSE))) -> 0 | I70: =SUM(D70:H70) -> 0
B71: Ano 3 | C71: =C61 -> 0 | D71: =D61/(1+(HLOOKUP(COUNTIF($D61:D61,">0"),'14'!$B$1:$AI$5,5,FALSE))) -> 0 | E71: =E61/(1+(HLOOKUP(COUNTIF($D61:E61,">0"),'14'!$B$1:$AI$5,5,FALSE))) -> 0 | F71: =F61/(1+(HLOOKUP(COUNTIF($D61:F61,">0"),'14'!$B$1:$AI$5,5,FALSE))) -> 0 | G71: =G61/(1+(HLOOKUP(COUNTIF($D61:G61,">0"),'14'!$B$1:$AI$5,5,FALSE))) -> 0 | H71: =H61/(1+(HLOOKUP(COUNTIF($D61:H61,">0"),'14'!$B$1:$AI$5,5,FALSE))) -> 0 | I71: =SUM(D71:H71) -> 0
B72: Ano 4 | C72: =C62 -> 0 | D72: =D62/(1+(HLOOKUP(COUNTIF($D62:D62,">0"),'14'!$B$1:$AI$5,5,FALSE))) -> 0 | E72: =E62/(1+(HLOOKUP(COUNTIF($D62:E62,">0"),'14'!$B$1:$AI$5,5,FALSE))) -> 0 | F72: =F62/(1+(HLOOKUP(COUNTIF($D62:F62,">0"),'14'!$B$1:$AI$5,5,FALSE))) -> 0 | G72: =G62/(1+(HLOOKUP(COUNTIF($D62:G62,">0"),'14'!$B$1:$AI$5,5,FALSE))) -> 0 | H72: =H62/(1+(HLOOKUP(COUNTIF($D62:H62,">0"),'14'!$B$1:$AI$5,5,FALSE))) -> 0 | I72: =SUM(D72:H72) -> 0
B73: Ano 5 | C73: =C63 -> 0 | D73: =D63/(1+(HLOOKUP(COUNTIF($D63:D63,">0"),'14'!$B$1:$AI$5,5,FALSE))) -> 0 | E73: =E63/(1+(HLOOKUP(COUNTIF($D63:E63,">0"),'14'!$B$1:$AI$5,5,FALSE))) -> 0 | F73: =F63/(1+(HLOOKUP(COUNTIF($D63:F63,">0"),'14'!$B$1:$AI$5,5,FALSE))) -> 0 | G73: =G63/(1+(HLOOKUP(COUNTIF($D63:G63,">0"),'14'!$B$1:$AI$5,5,FALSE))) -> 0 | H73: =H63/(1+(HLOOKUP(COUNTIF($D63:H63,">0"),'14'!$B$1:$AI$5,5,FALSE))) -> 0 | I73: =SUM(D73:H73) -> 0
B74: Total | C74: =SUM(C68:C73) -> 0 | D74: =SUM(D68:D73) -> 0 | E74: =SUM(E68:E73) -> 0 | F74: =SUM(F68:F73) -> 0 | G74: =SUM(G68:G73) -> 0 | H74: =SUM(H68:H73) -> 0 | I74: =SUM(I68:I73) -> 0

Sheet 10
A1: =Sumário!$A$1 -> Transporte Municipal - Guararema
A2: Quadro 10 - INVESTIMENTO EM GARAGEM E OUTROS EQUIPAMENTOS
A3: PROPONENTE: | B3: =Sumário!B3 -> 0
A4: DATA BASE: | B4: =Sumário!$B$4 -> agosto de 2023
A6: Q10.1 - Investimento
A8: Item | B8: Unidade | C8: Valor total (R$)
D9: Pré-operac. | E9: 1 | F9: 2 | G9: 3 | H9: 4 | I9: 5
A10: Terreno para instalações de garagem | B10: vb | D10: =C10 -> 0
A11: Infra e equipamentos da garagem | B11: vb | C11: ='06'!$D$184 -> 0 | D11: =C11 -> 0 | E11: =IF(OR(E$9=$C84+1,E$9=$C84*2+1,E$9=$C84*3+1,E$9=$C84*4+1,E$9=$C84*5+1),$D11,0) -> 0 | F11: =IF(OR(F$9=$C84+1,F$9=$C84*2+1,F$9=$C84*3+1,F$9=$C84*4+1,F$9=$C84*5+1),$D11,0) -> 0 | G11: =IF(OR(G$9=$C84+1,G$9=$C84*2+1,G$9=$C84*3+1,G$9=$C84*4+1,G$9=$C84*5+1),$D11,0) -> 0 | H11: =IF(OR(H$9=$C84+1,H$9=$C84*2+1,H$9=$C84*3+1,H$9=$C84*4+1,H$9=$C84*5+1),$D11,0) -> 0 | I11: =IF(OR(I$9=$C84+1,I$9=$C84*2+1,I$9=$C84*3+1,I$9=$C84*4+1,I$9=$C84*5+1),$D11,0) -> 0
A12: Veículos de apoio leves | B12: vb | D12: =C12 -> 0 | E12: =IF(OR(E$9=$C85+1,E$9=$C85*2+1,E$9=$C85*3+1,E$9=$C85*4+1,E$9=$C85*5+1),$D12,0) -> 0 | F12: =IF(OR(F$9=$C85+1,F$9=$C85*2+1,F$9=$C85*3+1,F$9=$C85*4+1,F$9=$C85*5+1),$D12,0) -> 0 | G12: =IF(OR(G$9=$C85+1,G$9=$C85*2+1,G$9=$C85*3+1,G$9=$C85*4+1,G$9=$C85*5+1),$D12,0) -> 0 | H12: =IF(OR(H$9=$C85+1,H$9=$C85*2+1,H$9=$C85*3+1,H$9=$C85*4+1,H$9=$C85*5+1),$D12,0) -> 0 | I12: =IF(OR(I$9=$C85+1,I$9=$C85*2+1,I$9=$C85*3+1,I$9=$C85*4+1,I$9=$C85*5+1),$D12,0) -> 0
A13: Veículos de apoio pesados | B13: vb | D13: =C13 -> 0 | E13: =IF(OR(E$9=$C86+1,E$9=$C86*2+1,E$9=$C86*3+1,E$9=$C86*4+1,E$9=$C86*5+1),$D13,0) -> 0 | F13: =IF(OR(F$9=$C86+1,F$9=$C86*2+1,F$9=$C86*3+1,F$9=$C86*4+1,F$9=$C86*5+1),$D13,0) -> 0 | G13: =IF(OR(G$9=$C86+1,G$9=$C86*2+1,G$9=$C86*3+1,G$9=$C86*4+1,G$9=$C86*5+1),$D13,0) -> 0 | H13: =IF(OR(H$9=$C86+1,H$9=$C86*2+1,H$9=$C86*3+1,H$9=$C86*4+1,H$9=$C86*5+1),$D13,0) -> 0 | I13: =IF(OR(I$9=$C86+1,I$9=$C86*2+1,I$9=$C86*3+1,I$9=$C86*4+1,I$9=$C86*5+1),$D13,0) -> 0
A19: Total | D19: =SUM(D10:D18) -> 0 | E19: =SUM(E10:E18) -> 0 | F19: =SUM(F10:F18) -> 0 | G19: =SUM(G10:G18) -> 0 | H19: =SUM(H10:H18) -> 0 | I19: =SUM(I10:I18) -> 0
A20: Subtotal Veiculos | D20: =SUM(D12:D13) -> 0 | E20: =SUM(E12:E13) -> 0 | F20: =SUM(F12:F13) -> 0 | G20: =SUM(G12:G13) -> 0 | H20: =SUM(H12:H13) -> 0 | I20: =SUM(I12:I13) -> 0
A22: Q10.2 - Depreciação
A24: Item | B24: Taxa anual de depreciação e amortização (%) | C24: Número de anos a serem depreciados | D24: Valor residual (%)
A26: =A10 -> Terreno para instalações de garagem | B26: =IF(C26=0,"",(1-D26)/C26) | D26: 1
A27: =A11 -> Infra e equipamentos da garagem | B27: =1/C27 -> 0.066666667 | C27: 15 | D27: 0
A28: Veículos de apoio leves | B28: =1/C28 -> 0.2 | C28: 5 | D28: 0.3
A29: =A13 -> Veículos de apoio pesados | B29: =1/C29 -> 0.2 | C29: 5 | D29: 0.1
A30: =A14 -> 0 | B30: =1/C30 -> 0.1 | C30: 10 | D30: 0
A31: =A15 -> 0
A32: =A16 -> 0
A35: Total
C38: 0 | D38: 1 | E38: 2 | F38: 3 | G38: 4 | H38: 5
B39: Deprec. Infra | C39: Ano 0 | D39: Ano 1 | E39: Ano 2 | F39: Ano 3 | G39: Ano 4 | H39: Ano 5 | I39: Total
A40: 0 | B40: Ano 0 | C40: {=TRANSPOSE($D$11:$I$11)} -> 0 | D40: =C40*$B$27 -> 0 | E40: =IF(E$38<=$A40,0,IF(SUM($D40:D40)=$C40,0,$C40*$B$27)) -> 0 | F40: =IF(F$38<=$A40,0,IF(SUM($D40:E40)=$C40,0,$C40*$B$27)) -> 0 | G40: =IF(G$38<=$A40,0,IF(SUM($D40:F40)=$C40,0,$C40*$B$27)) -> 0 | H40: =IF(H$38<=$A40,0,IF(SUM($D40:G40)=$C40,0,$C40*$B$27)) -> 0 | I40: =SUM(D40:H40) -> 0
A41: 1 | B41: Ano 1 | C41: 0 | D41: 0 | E41: =IF(E$38<=$A41,0,IF(SUM($D41:D41)=$C41,0,$C41*$B$27)) -> 0 | F41: =IF(F$38<=$A41,0,IF(SUM($D41:E41)=$C41,0,$C41*$B$27)) -> 0 | G41: =IF(G$38<=$A41,0,IF(SUM($D41:F41)=$C41,0,$C41*$B$27)) -> 0 | H41: =IF(H$38<=$A41,0,IF(SUM($D41:G41)=$C41,0,$C41*$B$27)) -> 0 | I41: =SUM(D41:H41) -> 0
A42: 2 | B42: Ano 2 | C42: 0 | D42: 0 | E42: =IF(E$38<=$A42,0,IF(SUM($D42:D42)=$C42,0,$C42*$B$27)) -> 0 | F42: =IF(F$38<=$A42,0,IF(SUM($D42:E42)=$C42,0,$C42*$B$27)) -> 0 | G42: =IF(G$38<=$A42,0,IF(SUM($D42:F42)=$C42,0,$C42*$B$27)) -> 0 | H42: =IF(H$38<=$A42,0,IF(SUM($D42:G42)=$C42,0,$C42*$B$27)) -> 0 | I42: =SUM(D42:H42) -> 0
A43: 3 | B43: Ano 3 | C43: 0 | D43: 0 | E43: =IF(E$38<=$A43,0,IF(SUM($D43:D43)=$C43,0,$C43*$B$27)) -> 0 | F43: =IF(F$38<=$A43,0,IF(SUM($D43:E43)=$C43,0,$C43*$B$27)) -> 0 | G43: =IF(G$38<=$A43,0,IF(SUM($D43:F43)=$C43,0,$C43*$B$27)) -> 0 | H43: =IF(H$38<=$A43,0,IF(SUM($D43:G43)=$C43,0,$C43*$B$27)) -> 0 | I43: =SUM(D43:H43) -> 0
A44: 4 | B44: Ano 4 | C44: 0 | D44: 0 | E44: =IF(E$38<=$A44,0,IF(SUM($D44:D44)=$C44,0,$C44*$B$27)) -> 0 | F44: =IF(F$38<=$A44,0,IF(SUM($D44:E44)=$C44,0,$C44*$B$27)) -> 0 | G44: =IF(G$38<=$A44,0,IF(SUM($D44:F44)=$C44,0,$C44*$B$27)) -> 0 | H44: =IF(H$38<=$A44,0,IF(SUM($D44:G44)=$C44,0,$C44*$B$27)) -> 0 | I44: =SUM(D44:H44) -> 0
A45: 5 | B45: Ano 5 | C45: 0 | D45: 0 | E45: =IF(E$38<=$A45,0,IF(SUM($D45:D45)=$C45,0,$C45*$B$27)) -> 0 | F45: =IF(F$38<=$A45,0,IF(SUM($D45:E45)=$C45,0,$C45*$B$27)) -> 0 | G45: =IF(G$38<=$A45,0,IF(SUM($D45:F45)=$C45,0,$C45*$B$27)) -> 0 | H45: =IF(H$38<=$A45,0,IF(SUM($D45:G45)=$C45,0,$C45*$B$27)) -> 0 | I45: =SUM(D45:H45) -> 0
B46: Total | C46: =SUM(C40:C45) -> 0 | D46: =SUM(D40:D45) -> 0 | E46: =SUM(E40:E45) -> 0 | F46: =SUM(F40:F45) -> 0 | G46: =SUM(G40:G45) -> 0 | H46: =SUM(H40:H45) -> 0 | I46: =SUM(I40:I45) -> 0
B48: Com efeito Inflação (para fuxo real) | D48: 1 | E48: 2 | F48: 3 | G48: 4 | H48: 5
B49: Deprec. Infra | C49: Ano 0 | D49: Ano 1 | E49: Ano 2 | F49: Ano 3 | G49: Ano 4 | H49: Ano 5 | I49: Total
B50: Ano 0 | C50: =C40 -> 0 | D50: =D40/(1+(HLOOKUP(COUNTIF($D40:D40,">0"),'14'!$B$1:$AI$5,5,FALSE))) -> 0 | E50: =E40/(1+(HLOOKUP(COUNTIF($D40:E40,">0"),'14'!$B$1:$AI$5,5,FALSE))) -> 0 | F50: =F40/(1+(HLOOKUP(COUNTIF($D40:F40,">0"),'14'!$B$1:$AI$5,5,FALSE))) -> 0 | G50: =G40/(1+(HLOOKUP(COUNTIF($D40:G40,">0"),'14'!$B$1:$AI$5,5,FALSE))) -> 0 | H50: =H40/(1+(HLOOKUP(COUNTIF($D40:H40,">0"),'14'!$B$1:$AI$5,5,FALSE))) -> 0 | I50: =SUM(D50:H50) -> 0
B51: Ano 1 | C51: =C41 -> 0 | D51: =D41/(1+(HLOOKUP(COUNTIF($D41:D41,">0"),'14'!$B$1:$AI$5,5,FALSE))) -> 0 | E51: =E41/(1+(HLOOKUP(COUNTIF($D41:E41,">0"),'14'!$B$1:$AI$5,5,FALSE))) -> 0 | F51: =F41/(1+(HLOOKUP(COUNTIF($D41:F41,">0"),'14'!$B$1:$AI$5,5,FALSE))) -> 0 | G51: =G41/(1+(HLOOKUP(COUNTIF($D41:G41,">0"),'14'!$B$1:$AI$5,5,FALSE))) -> 0 | H51: =H41/(1+(HLOOKUP(COUNTIF($D41:H41,">0"),'14'!$B$1:$AI$5,5,FALSE))) -> 0 | I51: =SUM(D51:H51) -> 0
B52: Ano 2 | C52: =C42 -> 0 | D52: =D42/(1+(HLOOKUP(COUNTIF($D42:D42,">0"),'14'!$B$1:$AI$5,5,FALSE))) -> 0 | E52: =E42/(1+(HLOOKUP(COUNTIF($D42:E42,">0"),'14'!$B$1:$AI$5,5,FALSE))) -> 0 | F52: =F42/(1+(HLOOKUP(COUNTIF($D42:F42,">0"),'14'!$B$1:$AI$5,5,FALSE))) -> 0 | G52: =G42/(1+(HLOOKUP(COUNTIF($D42:G42,">0"),'14'!$B$1:$AI$5,5,FALSE))) -> 0 | H52: =H42/(1+(HLOOKUP(COUNTIF($D42:H42,">0"),'14'!$B$1:$AI$5,5,FALSE))) -> 0 | I52: =SUM(D52:H52) -> 0
B53: Ano 3 | C53: =C43 -> 0 | D53: =D43/(1+(HLOOKUP(COUNTIF($D43:D43,">0"),'14'!$B$1:$AI$5,5,FALSE))) -> 0 | E53: =E43/(1+(HLOOKUP(COUNTIF($D43:E43,">0"),'14'!$B$1:$AI$5,5,FALSE))) -> 0 | F53: =F43/(1+(HLOOKUP(COUNTIF($D43:F43,">0"),'14'!$B$1:$AI$5,5,FALSE))) -> 0 | G53: =G43/(1+(HLOOKUP(COUNTIF($D43:G43,">0"),'14'!$B$1:$AI$5,5,FALSE))) -> 0 | H53: =H43/(1+(HLOOKUP(COUNTIF($D43:H43,">0"),'14'!$B$1:$AI$5,5,FALSE))) -> 0 | I53: =SUM(D53:H53) -> 0
B54: Ano 4 | C54: =C44 -> 0 | D54: =D44/(1+(HLOOKUP(COUNTIF($D44:D44,">0"),'14'!$B$1:$AI$5,5,FALSE))) -> 0 | E54: =E44/(1+(HLOOKUP(COUNTIF($D44:E44,">0"),'14'!$B$1:$AI$5,5,FALSE))) -> 0 | F54: =F44/(1+(HLOOKUP(COUNTIF($D44:F44,">0"),'14'!$B$1:$AI$5,5,FALSE))) -> 0 | G54: =G44/(1+(HLOOKUP(COUNTIF($D44:G44,">0"),'14'!$B$1:$AI$5,5,FALSE))) -> 0 | H54: =H44/(1+(HLOOKUP(COUNTIF($D44:H44,">0"),'14'!$B$1:$AI$5,5,FALSE))) -> 0 | I54: =SUM(D54:H54) -> 0
B55: Ano 5 | C55: =C45 -> 0 | D55: =D45/(1+(HLOOKUP(COUNTIF($D45:D45,">0"),'14'!$B$1:$AI$5,5,FALSE))) -> 0 | E55: =E45/(1+(HLOOKUP(COUNTIF($D45:E45,">0"),'14'!$B$1:$AI$5,5,FALSE))) -> 0 | F55: =F45/(1+(HLOOKUP(COUNTIF($D45:F45,">0"),'14'!$B$1:$AI$5,5,FALSE))) -> 0 | G55: =G45/(1+(HLOOKUP(COUNTIF($D45:G45,">0"),'14'!$B$1:$AI$5,5,FALSE))) -> 0 | H55: =H45/(1+(HLOOKUP(COUNTIF($D45:H45,">0"),'14'!$B$1:$AI$5,5,FALSE))) -> 0 | I55: =SUM(D55:H55) -> 0
B56: Total | C56: =SUM(C50:C55) -> 0 | D56: =SUM(D50:D55) -> 0 | E56: =SUM(E50:E55) -> 0 | F56: =SUM(F50:F55) -> 0 | G56: =SUM(G50:G55) -> 0 | H56: =SUM(H50:H55) -> 0 | I56: =SUM(D56:H56) -> 0
C58: 0 | D58: 1 | E58: 2 | F58: 3 | G58: 4 | H58: 5
B59: Deprec. Veic. | C59: Ano 0 | D59: Ano 1 | E59: Ano 2 | F59: Ano 3 | G59: Ano 4 | H59: Ano 5 | I59: Total
A60: 0 | B60: Ano 0 | C60: {=TRANSPOSE($D$20:$I$20)} -> 0 | D60: =C60*$B$28 -> 0 | E60: =IF(E$58<=$A60,0,IF(SUM($D60:D60)=$C60,0,$C60*$B$28)) -> 0 | F60: =IF(F$58<=$A60,0,IF(SUM($D60:E60)=$C60,0,$C60*$B$28)) -> 0 | G60: =IF(G$58<=$A60,0,IF(SUM($D60:F60)=$C60,0,$C60*$B$28)) -> 0 | H60: =IF(H$58<=$A60,0,IF(SUM($D60:G60)=$C60,0,$C60*$B$28)) -> 0 | I60: =SUM(D60:H60) -> 0
A61: 1 | B61: Ano 1 | C61: 0 | D61: 0 | E61: =IF(E$58<=$A61,0,IF(SUM($D61:D61)=$C61,0,$C61*$B$28)) -> 0 | F61: =IF(F$58<=$A61,0,IF(SUM($D61:E61)=$C61,0,$C61*$B$28)) -> 0 | G61: =IF(G$58<=$A61,0,IF(SUM($D61:F61)=$C61,0,$C61*$B$28)) -> 0 | H61: =IF(H$58<=$A61,0,IF(SUM($D61:G61)=$C61,0,$C61*$B$28)) -> 0 | I61: =SUM(D61:H61) -> 0
A62: 2 | B62: Ano 2 | C62: 0 | D62: 0 | E62: =IF(E$58<=$A62,0,IF(SUM($D62:D62)=$C62,0,$C62*$B$28)) -> 0 | F62: =IF(F$58<=$A62,0,IF(SUM($D62:E62)=$C62,0,$C62*$B$28)) -> 0 | G62: =IF(G$58<=$A62,0,IF(SUM($D62:F62)=$C62,0,$C62*$B$28)) -> 0 | H62: =IF(H$58<=$A62,0,IF(SUM($D62:G62)=$C62,0,$C62*$B$28)) -> 0 | I62: =SUM(D62:H62) -> 0
A63: 3 | B63: Ano 3 | C63: 0 | D63: 0 | E63: =IF(E$58<=$A63,0,IF(SUM($D63:D63)=$C63,0,$C63*$B$28)) -> 0 | F63: =IF(F$58<=$A63,0,IF(SUM($D63:E63)=$C63,0,$C63*$B$28)) -> 0 | G63: =IF(G$58<=$A63,0,IF(SUM($D63:F63)=$C63,0,$C63*$B$28)) -> 0 | H63: =IF(H$58<=$A63,0,IF(SUM($D63:G63)=$C63,0,$C63*$B$28)) -> 0 | I63: =SUM(D63:H63) -> 0
A64: 4 | B64: Ano 4 | C64: 0 | D64: 0 | E64: =IF(E$58<=$A64,0,IF(SUM($D64:D64)=$C64,0,$C64*$B$28)) -> 0 | F64: =IF(F$58<=$A64,0,IF(SUM($D64:E64)=$C64,0,$C64*$B$28)) -> 0 | G64: =IF(G$58<=$A64,0,IF(SUM($D64:F64)=$C64,0,$C64*$B$28)) -> 0 | H64: =IF(H$58<=$A64,0,IF(SUM($D64:G64)=$C64,0,$C64*$B$28)) -> 0 | I64: =SUM(D64:H64) -> 0
A65: 5 | B65: Ano 5 | C65: 0 | D65: 0 | E65: =IF(E$58<=$A65,0,IF(SUM($D65:D65)=$C65,0,$C65*$B$28)) -> 0 | F65: =IF(F$58<=$A65,0,IF(SUM($D65:E65)=$C65,0,$C65*$B$28)) -> 0 | G65: =IF(G$58<=$A65,0,IF(SUM($D65:F65)=$C65,0,$C65*$B$28)) -> 0 | H65: =IF(H$58<=$A65,0,IF(SUM($D65:G65)=$C65,0,$C65*$B$28)) -> 0 | I65: =SUM(D65:H65) -> 0
B66: Total | C66: =SUM(C60:C65) -> 0 | D66: =SUM(D60:D65) -> 0 | E66: =SUM(E60:E65) -> 0 | F66: =SUM(F60:F65) -> 0 | G66: =SUM(G60:G65) -> 0 | H66: =SUM(H60:H65) -> 0 | I66: =SUM(I60:I65) -> 0
B68: Com efeito Inflação (para fuxo real) | D68: 1 | E68: 2 | F68: 3 | G68: 4 | H68: 5
B69: Deprec. Veic. | C69: Ano 0 | D69: Ano 1 | E69: Ano 2 | F69: Ano 3 | G69: Ano 4 | H69: Ano 5 | I69: Total
B70: Ano 0 | C70: =C60 -> 0 | D70: =D60/(1+(HLOOKUP(COUNTIF($D60:D60,">0"),'14'!$B$1:$AI$5,5,FALSE))) -> 0 | E70: =E60/(1+(HLOOKUP(COUNTIF($D60:E60,">0"),'14'!$B$1:$AI$5,5,FALSE))) -> 0 | F70: =F60/(1+(HLOOKUP(COUNTIF($D60:F60,">0"),'14'!$B$1:$AI$5,5,FALSE))) -> 0 | G70: =G60/(1+(HLOOKUP(COUNTIF($D60:G60,">0"),'14'!$B$1:$AI$5,5,FALSE))) -> 0 | H70: =H60/(1+(HLOOKUP(COUNTIF($D60:H60,">0"),'14'!$B$1:$AI$5,5,FALSE))) -> 0 | I70: =SUM(D70:H70) -> 0
B71: Ano 1 | C71: =C61 -> 0 | D71: =D61/(1+(HLOOKUP(COUNTIF($D61:D61,">0"),'14'!$B$1:$AI$5,5,FALSE))) -> 0 | E71: =E61/(1+(HLOOKUP(COUNTIF($D61:E61,">0"),'14'!$B$1:$AI$5,5,FALSE))) -> 0 | F71: =F61/(1+(HLOOKUP(COUNTIF($D61:F61,">0"),'14'!$B$1:$AI$5,5,FALSE))) -> 0 | G71: =G61/(1+(HLOOKUP(COUNTIF($D61:G61,">0"),'14'!$B$1:$AI$5,5,FALSE))) -> 0 | H71: =H61/(1+(HLOOKUP(COUNTIF($D61:H61,">0"),'14'!$B$1:$AI$5,5,FALSE))) -> 0 | I71: =SUM(D71:H71) -> 0
B72: Ano 2 | C72: =C62 -> 0 | D72: =D62/(1+(HLOOKUP(COUNTIF($D62:D62,">0"),'14'!$B$1:$AI$5,5,FALSE))) -> 0 | E72: =E62/(1+(HLOOKUP(COUNTIF($D62:E62,">0"),'14'!$B$1:$AI$5,5,FALSE))) -> 0 | F72: =F62/(1+(HLOOKUP(COUNTIF($D62:F62,">0"),'14'!$B$1:$AI$5,5,FALSE))) -> 0 | G72: =G62/(1+(HLOOKUP(COUNTIF($D62:G62,">0"),'14'!$B$1:$AI$5,5,FALSE))) -> 0 | H72: =H62/(1+(HLOOKUP(COUNTIF($D62:H62,">0"),'14'!$B$1:$AI$5,5,FALSE))) -> 0 | I72: =SUM(D72:H72) -> 0
B73: Ano 3 | C73: =C63 -> 0 | D73: =D63/(1+(HLOOKUP(COUNTIF($D63:D63,">0"),'14'!$B$1:$AI$5,5,FALSE))) -> 0 | E73: =E63/(1+(HLOOKUP(COUNTIF($D63:E63,">0"),'14'!$B$1:$AI$5,5,FALSE))) -> 0 | F73: =F63/(1+(HLOOKUP(COUNTIF($D63:F63,">0"),'14'!$B$1:$AI$5,5,FALSE))) -> 0 | G73: =G63/(1+(HLOOKUP(COUNTIF($D63:G63,">0"),'14'!$B$1:$AI$5,5,FALSE))) -> 0 | H73: =H63/(1+(HLOOKUP(COUNTIF($D63:H63,">0"),'14'!$B$1:$AI$5,5,FALSE))) -> 0 | I73: =SUM(D73:H73) -> 0
B74: Ano 4 | C74: =C64 -> 0 | D74: =D64/(1+(HLOOKUP(COUNTIF($D64:D64,">0"),'14'!$B$1:$AI$5,5,FALSE))) -> 0 | E74: =E64/(1+(HLOOKUP(COUNTIF($D64:E64,">0"),'14'!$B$1:$AI$5,5,FALSE))) -> 0 | F74: =F64/(1+(HLOOKUP(COUNTIF($D64:F64,">0"),'14'!$B$1:$AI$5,5,FALSE))) -> 0 | G74: =G64/(1+(HLOOKUP(COUNTIF($D64:G64,">0"),'14'!$B$1:$AI$5,5,FALSE))) -> 0 | H74: =H64/(1+(HLOOKUP(COUNTIF($D64:H64,">0"),'14'!$B$1:$AI$5,5,FALSE))) -> 0 | I74: =SUM(D74:H74) -> 0
B75: Ano 5 | C75: =C65 -> 0 | D75: =D65/(1+(HLOOKUP(COUNTIF($D65:D65,">0"),'14'!$B$1:$AI$5,5,FALSE))) -> 0 | E75: =E65/(1+(HLOOKUP(COUNTIF($D65:E65,">0"),'14'!$B$1:$AI$5,5,FALSE))) -> 0 | F75: =F65/(1+(HLOOKUP(COUNTIF($D65:F65,">0"),'14'!$B$1:$AI$5,5,FALSE))) -> 0 | G75: =G65/(1+(HLOOKUP(COUNTIF($D65:G65,">0"),'14'!$B$1:$AI$5,5,FALSE))) -> 0 | H75: =H65/(1+(HLOOKUP(COUNTIF($D65:H65,">0"),'14'!$B$1:$AI$5,5,FALSE))) -> 0 | I75: =SUM(D75:H75) -> 0
B76: Total | C76: =SUM(C70:C75) -> 0 | D76: =SUM(D70:D75) -> 0 | E76: =SUM(E70:E75) -> 0 | F76: =SUM(F70:F75) -> 0 | G76: =SUM(G70:G75) -> 0 | H76: =SUM(H70:H75) -> 0 | I76: =SUM(I70:I75) -> 0
A79: Q10.3 - Venda
A81: Item | C81: Número de anos a serem depreciados | D81: Valor residual (%)
E82: 1 | F82: 2 | G82: 3 | H82: 4 | I82: 5 | J82: Saída
A83: =A26 -> Terreno para instalações de garagem | D83: 1 | J83: =C10*D83 -> 0
A84: =A27 -> Infra e equipamentos da garagem | C84: 25 | D84: 0 | J84: =D84*$D$11 -> 0
A85: Veículos de apoio leves | C85: 5 | D85: 0.3 | E85: =E12*$D85 -> 0 | F85: =F12*$D85 -> 0 | G85: =G12*$D85 -> 0 | H85: =H12*$D85 -> 0 | I85: =I12*$D85 -> 0 | J85: =$D85*$T$13 -> 0
A86: =A29 -> Veículos de apoio pesados | C86: 5 | D86: 0.1 | E86: =E13*$D86 -> 0 | F86: =F13*$D86 -> 0 | G86: =G13*$D86 -> 0 | H86: =H13*$D86 -> 0 | I86: =I13*$D86 -> 0 | J86: =$D86*$T$13 -> 0
A87: =A30 -> 0 | C87: 10 | D87: 0
A88: =A31 -> 0
A89: =A32 -> 0
A90: =A33 -> 0
A91: =A34 -> 0
A92: Total | E92: =SUM(E84:E91) -> 0 | F92: =SUM(F84:F91) -> 0 | G92: =SUM(G84:G91) -> 0 | H92: =SUM(H84:H91) -> 0 | I92: =SUM(I84:I91) -> 0 | J92: =SUM(J83:J91) -> 0

Sheet 11
A1: =Sumário!$A$1 -> Transporte Municipal - Guararema
A2: Quadro 11 -DEPRECIAÇÃO FISCAL DA FROTA
A3: PROPONENTE: | B3: =Sumário!B3 -> 0
A4: DATA BASE: | B4: =Sumário!$B$4 -> agosto de 2023
A6: Q11.1 - Investimento
A8: Item | B8: Taxa anual de depreciação e amortização (%) | C8: Número de anos a serem depreciados
D9: Pré-operac. | E9: 1 | F9: 2 | G9: 3 | H9: 4 | I9: 5
A10: Van | B10: 0.2 | C10: =1/B10 -> 5 | D10: ='08'!C$24 -> 0 | E10: ='08'!D$24 -> 0 | F10: ='08'!E$24 -> 0 | G10: ='08'!F$24 -> 0 | H10: ='08'!G$24 -> 0 | I10: ='08'!H$24 -> 0
A11: Microônibus | B11: 0.2 | C11: =1/B11 -> 5 | D11: =+'08'!C85 -> 0 | E11: =+'08'!D85 -> 0 | F11: =+'08'!E85 -> 0 | G11: =+'08'!F85 -> 0 | H11: =+'08'!G85 -> 0 | I11: =+'08'!H85 -> 0
A12: Miniônibus | B12: 0.2 | C12: =1/B12 -> 5 | D12: =+'08'!C146 -> 0 | E12: =+'08'!D146 -> 0 | F12: =+'08'!E146 -> 0 | G12: =+'08'!F146 -> 0 | H12: =+'08'!G146 -> 0 | I12: =+'08'!H146 -> 0
A13: Ônibus Básico | B13: 0.2 | C13: =1/B13 -> 5 | D13: =+'08'!C207 -> 0 | E13: =+'08'!D207 -> 0 | F13: =+'08'!E207 -> 0 | G13: =+'08'!F207 -> 0 | H13: =+'08'!G207 -> 0 | I13: =+'08'!H207 -> 0
A14: Padron | B14: 0.2 | C14: =1/B14 -> 5 | D14: =+'08'!C267 -> 0 | E14: =+'08'!D267 -> 0 | F14: =+'08'!E267 -> 0 | G14: =+'08'!F267 -> 0 | H14: =+'08'!G267 -> 0 | I14: =+'08'!H267 -> 0
A15: Articulado | B15: 0.2 | C15: =1/B15 -> 5 | D15: =+'08'!C340 -> 0 | E15: =+'08'!D340 -> 0 | F15: =+'08'!E340 -> 0 | G15: =+'08'!F340 -> 0 | H15: =+'08'!G340 -> 0 | I15: =+'08'!H340 -> 0
A16: Total | D16: =SUM(D10:D15) -> 0 | E16: =SUM(E10:E15) -> 0 | F16: =SUM(F10:F15) -> 0 | G16: =SUM(G10:G15) -> 0 | H16: =SUM(H10:H15) -> 0 | I16: =SUM(I10:I15) -> 0
A19: Q11.2 - Depreciação Frota
C21: 0 | D21: 1 | E21: 2 | F21: 3 | G21: 4 | H21: 5 | I21: 16
B22: Deprec. Frota | C22: Ano 0 | D22: Ano 1 | E22: Ano 2 | F22: Ano 3 | G22: Ano 4 | H22: Ano 5 | I22: Total
A23: 0 | B23: Ano 0 | C23: {=TRANSPOSE($D$16:$I$16)} -> 0 | D23: =C23*$B$11 -> 0 | E23: =IF(E$21<=$A23,0,IF(SUM($D23:D23)=$C23,0,$C23*$B$11)) -> 0 | F23: =IF(F$21<=$A23,0,IF(SUM($D23:E23)=$C23,0,$C23*$B$11)) -> 0 | G23: =IF(G$21<=$A23,0,IF(SUM($D23:F23)=$C23,0,$C23*$B$11)) -> 0 | H23: =IF(H$21<=$A23,0,IF(SUM($D23:G23)=$C23,0,$C23*$B$11)) -> 0 | I23: =SUM(D23:H23) -> 0
A24: 1 | B24: Ano 1 | C24: 0 | D24: 0 | E24: =IF(E$21<=$A24,0,IF(SUM($D24:D24)=$C24,0,$C24*$B$11)) -> 0 | F24: =IF(F$21<=$A24,0,IF(SUM($D24:E24)=$C24,0,$C24*$B$11)) -> 0 | G24: =IF(G$21<=$A24,0,IF(SUM($D24:F24)=$C24,0,$C24*$B$11)) -> 0 | H24: =IF(H$21<=$A24,0,IF(SUM($D24:G24)=$C24,0,$C24*$B$11)) -> 0 | I24: =SUM(D24:H24) -> 0
A25: 2 | B25: Ano 2 | C25: 0 | D25: 0 | E25: =IF(E$21<=$A25,0,IF(SUM($D25:D25)=$C25,0,$C25*$B$11)) -> 0 | F25: =IF(F$21<=$A25,0,IF(SUM($D25:E25)=$C25,0,$C25*$B$11)) -> 0 | G25: =IF(G$21<=$A25,0,IF(SUM($D25:F25)=$C25,0,$C25*$B$11)) -> 0 | H25: =IF(H$21<=$A25,0,IF(SUM($D25:G25)=$C25,0,$C25*$B$11)) -> 0 | I25: =SUM(D25:H25) -> 0
A26: 3 | B26: Ano 3 | C26: 0 | D26: 0 | E26: =IF(E$21<=$A26,0,IF(SUM($D26:D26)=$C26,0,$C26*$B$11)) -> 0 | F26: =IF(F$21<=$A26,0,IF(SUM($D26:E26)=$C26,0,$C26*$B$11)) -> 0 | G26: =IF(G$21<=$A26,0,IF(SUM($D26:F26)=$C26,0,$C26*$B$11)) -> 0 | H26: =IF(H$21<=$A26,0,IF(SUM($D26:G26)=$C26,0,$C26*$B$11)) -> 0 | I26: =SUM(D26:H26) -> 0
A27: 4 | B27: Ano 4 | C27: 0 | D27: 0 | E27: =IF(E$21<=$A27,0,IF(SUM($D27:D27)=$C27,0,$C27*$B$11)) -> 0 | F27: =IF(F$21<=$A27,0,IF(SUM($D27:E27)=$C27,0,$C27*$B$11)) -> 0 | G27: =IF(G$21<=$A27,0,IF(SUM($D27:F27)=$C27,0,$C27*$B$11)) -> 0 | H27: =IF(H$21<=$A27,0,IF(SUM($D27:G27)=$C27,0,$C27*$B$11)) -> 0 | I27: =SUM(D27:H27) -> 0
A28: 5 | B28: Ano 5 | C28: 0 | D28: 0 | E28: =IF(E$21<=$A28,0,IF(SUM($D28:D28)=$C28,0,$C28*$B$11)) -> 0 | F28: =IF(F$21<=$A28,0,IF(SUM($D28:E28)=$C28,0,$C28*$B$11)) -> 0 | G28: =IF(G$21<=$A28,0,IF(SUM($D28:F28)=$C28,0,$C28*$B$11)) -> 0 | H28: =IF(H$21<=$A28,0,IF(SUM($D28:G28)=$C28,0,$C28*$B$11)) -> 0 | I28: =SUM(D28:H28) -> 0
B29: Total | C29: =SUM(C23:C28) -> 0 | D29: =SUM(D23:D28) -> 0 | E29: =SUM(E23:E28) -> 0 | F29: =SUM(F23:F28) -> 0 | G29: =SUM(G23:G28) -> 0 | H29: =SUM(H23:H28) -> 0 | I29: =SUM(I23:I28) -> 0
B31: Com efeito Inflação (para fuxo real) | D31: 1 | E31: 2 | F31: 3 | G31: 4 | H31: 5
B32: Deprec. Frota | C32: Ano 0 | D32: Ano 1 | E32: Ano 2 | F32: Ano 3 | G32: Ano 4 | H32: Ano 5 | I32: Total
B33: Ano 0 | C33: =C23 -> 0 | D33: =D23/(1+(HLOOKUP(COUNTIF($D23:D23,">0"),'14'!$B$1:$AI$5,5,FALSE))) -> 0 | E33: =E23/(1+(HLOOKUP(COUNTIF($D23:E23,">0"),'14'!$B$1:$AI$5,5,FALSE))) -> 0 | F33: =F23/(1+(HLOOKUP(COUNTIF($D23:F23,">0"),'14'!$B$1:$AI$5,5,FALSE))) -> 0 | G33: =G23/(1+(HLOOKUP(COUNTIF($D23:G23,">0"),'14'!$B$1:$AI$5,5,FALSE))) -> 0 | H33: =H23/(1+(HLOOKUP(COUNTIF($D23:H23,">0"),'14'!$B$1:$AI$5,5,FALSE))) -> 0 | I33: =SUM(D33:H33) -> 0
B34: Ano 1 | C34: =C24 -> 0 | D34: =D24/(1+(HLOOKUP(COUNTIF($D24:D24,">0"),'14'!$B$1:$AI$5,5,FALSE))) -> 0 | E34: =E24/(1+(HLOOKUP(COUNTIF($D24:E24,">0"),'14'!$B$1:$AI$5,5,FALSE))) -> 0 | F34: =F24/(1+(HLOOKUP(COUNTIF($D24:F24,">0"),'14'!$B$1:$AI$5,5,FALSE))) -> 0 | G34: =G24/(1+(HLOOKUP(COUNTIF($D24:G24,">0"),'14'!$B$1:$AI$5,5,FALSE))) -> 0 | H34: =H24/(1+(HLOOKUP(COUNTIF($D24:H24,">0"),'14'!$B$1:$AI$5,5,FALSE))) -> 0 | I34: =SUM(D34:H34) -> 0
B35: Ano 2 | C35: =C25 -> 0 | D35: =D25/(1+(HLOOKUP(COUNTIF($D25:D25,">0"),'14'!$B$1:$AI$5,5,FALSE))) -> 0 | E35: =E25/(1+(HLOOKUP(COUNTIF($D25:E25,">0"),'14'!$B$1:$AI$5,5,FALSE))) -> 0 | F35: =F25/(1+(HLOOKUP(COUNTIF($D25:F25,">0"),'14'!$B$1:$AI$5,5,FALSE))) -> 0 | G35: =G25/(1+(HLOOKUP(COUNTIF($D25:G25,">0"),'14'!$B$1:$AI$5,5,FALSE))) -> 0 | H35: =H25/(1+(HLOOKUP(COUNTIF($D25:H25,">0"),'14'!$B$1:$AI$5,5,FALSE))) -> 0 | I35: =SUM(D35:H35) -> 0
B36: Ano 3 | C36: =C26 -> 0 | D36: =D26/(1+(HLOOKUP(COUNTIF($D26:D26,">0"),'14'!$B$1:$AI$5,5,FALSE))) -> 0 | E36: =E26/(1+(HLOOKUP(COUNTIF($D26:E26,">0"),'14'!$B$1:$AI$5,5,FALSE))) -> 0 | F36: =F26/(1+(HLOOKUP(COUNTIF($D26:F26,">0"),'14'!$B$1:$AI$5,5,FALSE))) -> 0 | G36: =G26/(1+(HLOOKUP(COUNTIF($D26:G26,">0"),'14'!$B$1:$AI$5,5,FALSE))) -> 0 | H36: =H26/(1+(HLOOKUP(COUNTIF($D26:H26,">0"),'14'!$B$1:$AI$5,5,FALSE))) -> 0 | I36: =SUM(D36:H36) -> 0
B37: Ano 4 | C37: =C27 -> 0 | D37: =D27/(1+(HLOOKUP(COUNTIF($D27:D27,">0"),'14'!$B$1:$AI$5,5,FALSE))) -> 0 | E37: =E27/(1+(HLOOKUP(COUNTIF($D27:E27,">0"),'14'!$B$1:$AI$5,5,FALSE))) -> 0 | F37: =F27/(1+(HLOOKUP(COUNTIF($D27:F27,">0"),'14'!$B$1:$AI$5,5,FALSE))) -> 0 | G37: =G27/(1+(HLOOKUP(COUNTIF($D27:G27,">0"),'14'!$B$1:$AI$5,5,FALSE))) -> 0 | H37: =H27/(1+(HLOOKUP(COUNTIF($D27:H27,">0"),'14'!$B$1:$AI$5,5,FALSE))) -> 0 | I37: =SUM(D37:H37) -> 0
B38: Ano 5 | C38: =C28 -> 0 | D38: =D28/(1+(HLOOKUP(COUNTIF($D28:D28,">0"),'14'!$B$1:$AI$5,5,FALSE))) -> 0 | E38: =E28/(1+(HLOOKUP(COUNTIF($D28:E28,">0"),'14'!$B$1:$AI$5,5,FALSE))) -> 0 | F38: =F28/(1+(HLOOKUP(COUNTIF($D28:F28,">0"),'14'!$B$1:$AI$5,5,FALSE))) -> 0 | G38: =G28/(1+(HLOOKUP(COUNTIF($D28:G28,">0"),'14'!$B$1:$AI$5,5,FALSE))) -> 0 | H38: =H28/(1+(HLOOKUP(COUNTIF($D28:H28,">0"),'14'!$B$1:$AI$5,5,FALSE))) -> 0 | I38: =SUM(D38:H38) -> 0
B39: Total | C39: =SUM(C33:C38) -> 0 | D39: =SUM(D33:D38) -> 0 | E39: =SUM(E33:E38) -> 0 | F39: =SUM(F33:F38) -> 0 | G39: =SUM(G33:G38) -> 0 | H39: =SUM(H33:H38) -> 0 | I39: =SUM(I33:I38) -> 0

Sheet 12
A1: =Sumário!$A$1 -> Transporte Municipal - Guararema
A2: Quadro 12 - INVESTIMENTOS ADICIONAIS
A3: PROPONENTE:
A4: =Sumário!B3 -> 0
A5: DATA BASE: | B5: =Sumário!$B$4 -> agosto de 2023
A7: Item | B7: Total (R$) | C7: Mês 01 | D7: Mês 02 | E7: Mês 03 | F7: Mês 04 | G7: Mês 05 | H7: Mês 06 | I7: Mês 07 | J7: Mês 08 | K7: Mês 09 | L7: Mês 10 | M7: Mês 11 | N7: Mês 12 | O7: Mês 13 | P7: Mês 14 | Q7: Mês 15 | R7: Mês 16 | S7: Mês 17 | T7: Mês 18
C8: =$B8/18 -> 0 | D8: =$B8/18 -> 0 | E8: =$B8/18 -> 0 | F8: =$B8/18 -> 0 | G8: =$B8/18 -> 0 | H8: =$B8/18 -> 0 | I8: =$B8/18 -> 0 | J8: =$B8/18 -> 0 | ... T8: =$B8/18 -> 0
C9: =$B9/18 -> 0 | D9: =$B9/18 -> 0 | E9: =$B9/18 -> 0 | F9: =$B9/18 -> 0 | G9: =$B9/18 -> 0 | H9: =$B9/18 -> 0 | I9: =$B9/18 -> 0 | J9: =$B9/18 -> 0 | ... T9: =$B9/18 -> 0
C10: =$B10/18 -> 0 | D10: =$B10/18 -> 0 | E10: =$B10/18 -> 0 | F10: =$B10/18 -> 0 | G10: =$B10/18 -> 0 | H10: =$B10/18 -> 0 | I10: =$B10/18 -> 0 | J10: =$B10/18 -> 0 | ... T10: =$B10/18 -> 0
C11: =$B11/18 -> 0 | D11: =$B11/18 -> 0 | E11: =$B11/18 -> 0 | F11: =$B11/18 -> 0 | G11: =$B11/18 -> 0 | H11: =$B11/18 -> 0 | I11: =$B11/18 -> 0 | J11: =$B11/18 -> 0 | ... T11: =$B11/18 -> 0
B14: =SUM(B8:B11) -> 0

Sheet 13
A1: =Sumário!$A$1 -> Transporte Municipal - Guararema | I1: =B104 | L1: =$B$106 -> 0 | BQ1: ANUAL | BW1: =$B$103 -> 0
A2: Quadro 13 - DRE e FLUXO DE CAIXA | I2: =$B$103 -> 0
A3: PROPONENTE: | B3: =Sumário!$B$3 -> 0
A4: DATA BASE: | B4: =Sumário!$B$4 -> agosto de 2023
C5: Pré-Oper | D5: =ROUNDUP(D6/12,0) -> 1 | E5: =ROUNDUP(E6/12,0) -> 1 | F5: =ROUNDUP(F6/12,0) -> 1 | G5: =ROUNDUP(G6/12,0) -> 1 | H5: =ROUNDUP(H6/12,0) -> 1 | I5: =ROUNDUP(I6/12,0) -> 1 | J5: =ROUNDUP(J6/12,0) -> 1 | K5: =ROUNDUP(K6/12,0) -> 1 | ... BL5: =ROUNDUP(BL6/12,0) -> 6
D6: 1 | E6: =D6+1 -> 2 | F6: =E6+1 -> 3 | G6: =F6+1 -> 4 | H6: =G6+1 -> 5 | I6: =H6+1 -> 6 | J6: =I6+1 -> 7 | K6: =J6+1 -> 8 | L6: =K6+1 -> 9 | ... BL6: =BK6+1 -> 61 | BQ6: Pré-Oper | BR6: 1 | BS6: 2 | BT6: 3 | BU6: 4 | BV6: 5 | BW6: 6
A11: Valor Fixo Mês | B11: =-SUM(D35,D41)*1000 -> 0
A12: Valor Fixo por veículo Mês | B12: =IFERROR(B11/'01'!D16,"") | C12: Receita Fixa | D12: =$B$11/1000 -> 0 | E12: =$B$11/1000 -> 0 | F12: =$B$11/1000 -> 0 | G12: =$B$11/1000 -> 0 | H12: =$B$11/1000 -> 0 | I12: =$B$11/1000 -> 0 | J12: =$B$11/1000 -> 0 | K12: =$B$11/1000 -> 0 | ... BK12: =$B$11/1000 -> 0 | BQ12: =SUMIF($C$5:$BL$5,BQ$6,$C12:$BL12) -> 0 | BR12: =SUMIF($C$5:$BL$5,BR$6,$C12:$BL12) -> 0 | BS12: =SUMIF($C$5:$BL$5,BS$6,$C12:$BL12) -> 0 | BT12: =SUMIF($C$5:$BL$5,BT$6,$C12:$BL12) -> 0 | BU12: =SUMIF($C$5:$BL$5,BU$6,$C12:$BL12) -> 0 | BV12: =SUMIF($C$5:$BL$5,BV$6,$C12:$BL12) -> 0 | BW12: =SUMIF($C$5:$BL$5,BW$6,$C12:$BL12) -> 0
A13: Valor Variável (R$/KM) | C13: Receita Var. | D13: =$B$13*'01'!$H$41/1000 -> 0 | E13: =$B$13*'01'!$H$41/1000 -> 0 | F13: =$B$13*'01'!$H$41/1000 -> 0 | G13: =$B$13*'01'!$H$41/1000 -> 0 | H13: =$B$13*'01'!$H$41/1000 -> 0 | I13: =$B$13*'01'!$H$41/1000 -> 0 | J13: =$B$13*'01'!$H$41/1000 -> 0 | K13: =$B$13*'01'!$H$41/1000 -> 0 | ... BK13: =$B$13*'01'!$H$41/1000 -> 0 | BQ13: =SUMIF($C$5:$BL$5,BQ$6,$C13:$BL13) -> 0 | BR13: =SUMIF($C$5:$BL$5,BR$6,$C13:$BL13) -> 0 | BS13: =SUMIF($C$5:$BL$5,BS$6,$C13:$BL13) -> 0 | BT13: =SUMIF($C$5:$BL$5,BT$6,$C13:$BL13) -> 0 | BU13: =SUMIF($C$5:$BL$5,BU$6,$C13:$BL13) -> 0 | BV13: =SUMIF($C$5:$BL$5,BV$6,$C13:$BL13) -> 0 | BW13: =SUMIF($C$5:$BL$5,BW$6,$C13:$BL13) -> 0
A15: Receita Bruta | D15: =D12+D13 -> 0 | E15: =E12+E13 -> 0 | F15: =F12+F13 -> 0 | G15: =G12+G13 -> 0 | H15: =H12+H13 -> 0 | I15: =I12+I13 -> 0 | J15: =J12+J13 -> 0 | K15: =K12+K13 -> 0 | ... BL15: =BL12+BL13 -> 0 | BQ15: =SUMIF($C$5:$BL$5,BQ$6,$C15:$BL15) -> 0 | BR15: =SUMIF($C$5:$BL$5,BR$6,$C15:$BL15) -> 0 | BS15: =SUMIF($C$5:$BL$5,BS$6,$C15:$BL15) -> 0 | BT15: =SUMIF($C$5:$BL$5,BT$6,$C15:$BL15) -> 0 | BU15: =SUMIF($C$5:$BL$5,BU$6,$C15:$BL15) -> 0 | BV15: =SUMIF($C$5:$BL$5,BV$6,$C15:$BL15) -> 0 | BW15: =SUMIF($C$5:$BL$5,BW$6,$C15:$BL15) -> 0
A17: (-) Tributos sobre faturamento
A18: INSS sobre receita bruta | D18: =-$B$18*D15 -> 0 | E18: =-$B$18*E15 -> 0 | F18: =-$B$18*F15 -> 0 | G18: =-$B$18*G15 -> 0 | H18: =-$B$18*H15 -> 0 | I18: =-$B$18*I15 -> 0 | J18: =-$B$18*J15 -> 0 | K18: =-$B$18*K15 -> 0 | ... BL18: =-$B$18*BL15 -> 0 | BQ18: =SUMIF($C$5:$BL$5,BQ$6,$C18:$BL18) -> 0 | BR18: =SUMIF($C$5:$BL$5,BR$6,$C18:$BL18) -> 0 | BS18: =SUMIF($C$5:$BL$5,BS$6,$C18:$BL18) -> 0 | BT18: =SUMIF($C$5:$BL$5,BT$6,$C18:$BL18) -> 0 | BU18: =SUMIF($C$5:$BL$5,BU$6,$C18:$BL18) -> 0 | BV18: =SUMIF($C$5:$BL$5,BV$6,$C18:$BL18) -> 0 | BW18: =SUMIF($C$5:$BL$5,BW$6,$C18:$BL18) -> 0
A19: ISS sobre receita tarifaria | B19: 0.05 | D19: =-$B$19*D15 -> 0 | E19: =-$B$19*E15 -> 0 | F19: =-$B$19*F15 -> 0 | G19: =-$B$19*G15 -> 0 | H19: =-$B$19*H15 -> 0 | I19: =-$B$19*I15 -> 0 | J19: =-$B$19*J15 -> 0 | K19: =-$B$19*K15 -> 0 | ... BL19: =-$B$19*BL15 -> 0 | BQ19: =SUMIF($C$5:$BL$5,BQ$6,$C19:$BL19) -> 0 | BR19: =SUMIF($C$5:$BL$5,BR$6,$C19:$BL19) -> 0 | BS19: =SUMIF($C$5:$BL$5,BS$6,$C19:$BL19) -> 0 | BT19: =SUMIF($C$5:$BL$5,BT$6,$C19:$BL19) -> 0 | BU19: =SUMIF($C$5:$BL$5,BU$6,$C19:$BL19) -> 0 | BV19: =SUMIF($C$5:$BL$5,BV$6,$C19:$BL19) -> 0 | BW19: =SUMIF($C$5:$BL$5,BW$6,$C19:$BL19) -> 0
A20: ISS sobre receita acessória | B20: 0 | D20: =-$B$20*D13 -> 0 | E20: =-$B$20*E13 -> 0 | F20: =-$B$20*F13 -> 0 | G20: =-$B$20*G13 -> 0 | H20: =-$B$20*H13 -> 0 | I20: =-$B$20*I13 -> 0 | J20: =-$B$20*J13 -> 0 | K20: =-$B$20*K13 -> 0 | ... BL20: =-$B$20*BL13 -> 0 | BQ20: =SUMIF($C$5:$BL$5,BQ$6,$C20:$BL20) -> 0 | BR20: =SUMIF($C$5:$BL$5,BR$6,$C20:$BL20) -> 0 | BS20: =SUMIF($C$5:$BL$5,BS$6,$C20:$BL20) -> 0 | BT20: =SUMIF($C$5:$BL$5,BT$6,$C20:$BL20) -> 0 | BU20: =SUMIF($C$5:$BL$5,BU$6,$C20:$BL20) -> 0 | BV20: =SUMIF($C$5:$BL$5,BV$6,$C20:$BL20) -> 0 | BW20: =SUMIF($C$5:$BL$5,BW$6,$C20:$BL20) -> 0
A21: PIS e COFINS | B21: 0 | D21: =-$B$21*D12 -> 0 | E21: =-$B$21*E12 -> 0 | F21: =-$B$21*F12 -> 0 | G21: =-$B$21*G12 -> 0 | H21: =-$B$21*H12 -> 0 | I21: =-$B$21*I12 -> 0 | J21: =-$B$21*J12 -> 0 | K21: =-$B$21*K12 -> 0 | ... BK21: =-$B$21*BK12 -> 0 | BQ21: =SUMIF($C$5:$BL$5,BQ$6,$C21:$BL21) -> 0 | BR21: =SUMIF($C$5:$BL$5,BR$6,$C21:$BL21) -> 0 | BS21: =SUMIF($C$5:$BL$5,BS$6,$C21:$BL21) -> 0 | BT21: =SUMIF($C$5:$BL$5,BT$6,$C21:$BL21) -> 0 | BU21: =SUMIF($C$5:$BL$5,BU$6,$C21:$BL21) -> 0 | BV21: =SUMIF($C$5:$BL$5,BV$6,$C21:$BL21) -> 0 | BW21: =SUMIF($C$5:$BL$5,BW$6,$C21:$BL21) -> 0
A22: Total de tributos | D22: =SUM(D18:D21) -> 0 | E22: =SUM(E18:E21) -> 0 | F22: =SUM(F18:F21) -> 0 | G22: =SUM(G18:G21) -> 0 | H22: =SUM(H18:H21) -> 0 | I22: =SUM(I18:I21) -> 0 | J22: =SUM(J18:J21) -> 0 | K22: =SUM(K18:K21) -> 0 | ... BL22: =SUM(BL18:BL21) -> 0 | BQ22: =SUMIF($C$5:$BL$5,BQ$6,$C22:$BL22) -> 0 | BR22: =SUMIF($C$5:$BL$5,BR$6,$C22:$BL22) -> 0 | BS22: =SUMIF($C$5:$BL$5,BS$6,$C22:$BL22) -> 0 | BT22: =SUMIF($C$5:$BL$5,BT$6,$C22:$BL22) -> 0 | BU22: =SUMIF($C$5:$BL$5,BU$6,$C22:$BL22) -> 0 | BV22: =SUMIF($C$5:$BL$5,BV$6,$C22:$BL22) -> 0 | BW22: =SUMIF($C$5:$BL$5,BW$6,$C22:$BL22) -> 0
A24: (-) Taxa de Gerenciamento (Sobre receita tarifária) | B24: 0 | D24: =-$B$24*D12 -> 0 | E24: =-$B$24*E12 -> 0 | F24: =-$B$24*F12 -> 0 | G24: =-$B$24*G12 -> 0 | H24: =-$B$24*H12 -> 0 | I24: =-$B$24*I12 -> 0 | J24: =-$B$24*J12 -> 0 | K24: =-$B$24*K12 -> 0 | ... BL24: =-$B$24*BL12 -> 0 | BQ24: =SUMIF($C$5:$BL$5,BQ$6,$C24:$BL24) -> 0 | BR24: =SUMIF($C$5:$BL$5,BR$6,$C24:$BL24) -> 0 | BS24: =SUMIF($C$5:$BL$5,BS$6,$C24:$BL24) -> 0 | BT24: =SUMIF($C$5:$BL$5,BT$6,$C24:$BL24) -> 0 | BU24: =SUMIF($C$5:$BL$5,BU$6,$C24:$BL24) -> 0 | BV24: =SUMIF($C$5:$BL$5,BV$6,$C24:$BL24) -> 0 | BW24: =SUMIF($C$5:$BL$5,BW$6,$C24:$BL24) -> 0
A26: (=) Receita Líquida | D26: =D15+D22+D24 -> 0 | E26: =E15+E22+E24 -> 0 | F26: =F15+F22+F24 -> 0 | G26: =G15+G22+G24 -> 0 | H26: =H15+H22+H24 -> 0 | I26: =I15+I22+I24 -> 0 | J26: =J15+J22+J24 -> 0 | K26: =K15+K22+K24 -> 0 | ... BL26: =BL15+BL22+BL24 -> 0 | BQ26: =SUMIF($C$5:$BL$5,BQ$6,$C26:$BL26) -> 0 | BR26: =SUMIF($C$5:$BL$5,BR$6,$C26:$BL26) -> 0 | BS26: =SUMIF($C$5:$BL$5,BS$6,$C26:$BL26) -> 0 | BT26: =SUMIF($C$5:$BL$5,BT$6,$C26:$BL26) -> 0 | BU26: =SUMIF($C$5:$BL$5,BU$6,$C26:$BL26) -> 0 | BV26: =SUMIF($C$5:$BL$5,BV$6,$C26:$BL26) -> 0 | BW26: =SUMIF($C$5:$BL$5,BW$6,$C26:$BL26) -> 0
A28: Custos Variáveis | D28: =-SUM(D29:D33) -> 0 | E28: =-SUM(E29:E33) -> 0 | F28: =-SUM(F29:F33) -> 0 | G28: =-SUM(G29:G33) -> 0 | H28: =-SUM(H29:H33) -> 0 | I28: =-SUM(I29:I33) -> 0 | J28: =-SUM(J29:J33) -> 0 | K28: =-SUM(K29:K33) -> 0 | ... BL28: =-SUM(BL29:BL33) -> 0 | BQ28: =SUMIF($C$5:$BL$5,BQ$6,$C28:$BL28) -> 0 | BR28: =SUMIF($C$5:$BL$5,BR$6,$C28:$BL28) -> 0 | BS28: =SUMIF($C$5:$BL$5,BS$6,$C28:$BL28) -> 0 | BT28: =SUMIF($C$5:$BL$5,BT$6,$C28:$BL28) -> 0 | BU28: =SUMIF($C$5:$BL$5,BU$6,$C28:$BL28) -> 0 | BV28: =SUMIF($C$5:$BL$5,BV$6,$C28:$BL28) -> 0 | BW28: =SUMIF($C$5:$BL$5,BW$6,$C28:$BL28) -> 0 | BY28: =SUM(BR28:BW28)/SUM($BR$48:$BW$48,$BR$53:$BW$53) -> #DIV/0!
A29: Combustível | D29: ='06'!$J$13/1000 -> 0 | E29: ='06'!$J$13/1000 -> 0 | F29: ='06'!$J$13/1000 -> 0 | G29: ='06'!$J$13/1000 -> 0 | H29: ='06'!$J$13/1000 -> 0 | I29: ='06'!$J$13/1000 -> 0 | J29: ='06'!$J$13/1000 -> 0 | K29: ='06'!$J$13/1000 -> 0 | ... BK29: ='06'!$J$13/1000 -> 0 | BQ29: =SUMIF($C$5:$BL$5,BQ$6,$C29:$BL29) -> 0 | BR29: =SUMIF($C$5:$BL$5,BR$6,$C29:$BL29) -> 0 | BS29: =SUMIF($C$5:$BL$5,BS$6,$C29:$BL29) -> 0 | BT29: =SUMIF($C$5:$BL$5,BT$6,$C29:$BL29) -> 0 | BU29: =SUMIF($C$5:$BL$5,BU$6,$C29:$BL29) -> 0 | BV29: =SUMIF($C$5:$BL$5,BV$6,$C29:$BL29) -> 0 | BW29: =SUMIF($C$5:$BL$5,BW$6,$C29:$BL29) -> 0
A30: Lubrificantes | D30: ='06'!$J$33/1000 -> 0 | E30: ='06'!$J$33/1000 -> 0 | F30: ='06'!$J$33/1000 -> 0 | G30: ='06'!$J$33/1000 -> 0 | H30: ='06'!$J$33/1000 -> 0 | I30: ='06'!$J$33/1000 -> 0 | J30: ='06'!$J$33/1000 -> 0 | K30: ='06'!$J$33/1000 -> 0 | ... BK30: ='06'!$J$33/1000 -> 0 | BQ30: =SUMIF($C$5:$BL$5,BQ$6,$C30:$BL30) -> 0 | BR30: =SUMIF($C$5:$BL$5,BR$6,$C30:$BL30) -> 0 | BS30: =SUMIF($C$5:$BL$5,BS$6,$C30:$BL30) -> 0 | BT30: =SUMIF($C$5:$BL$5,BT$6,$C30:$BL30) -> 0 | BU30: =SUMIF($C$5:$BL$5,BU$6,$C30:$BL30) -> 0 | BV30: =SUMIF($C$5:$BL$5,BV$6,$C30:$BL30) -> 0 | BW30: =SUMIF($C$5:$BL$5,BW$6,$C30:$BL30) -> 0
A31: Custos ambientais | D31: ='06'!$C$74/1000 -> 0 | E31: ='06'!$C$74/1000 -> 0 | F31: ='06'!$C$74/1000 -> 0 | G31: ='06'!$C$74/1000 -> 0 | H31: ='06'!$C$74/1000 -> 0 | I31: ='06'!$C$74/1000 -> 0 | J31: ='06'!$C$74/1000 -> 0 | K31: ='06'!$C$74/1000 -> 0 | ... BK31: ='06'!$C$74/1000 -> 0 | BQ31: =SUMIF($C$5:$BL$5,BQ$6,$C31:$BL31) -> 0 | BR31: =SUMIF($C$5:$BL$5,BR$6,$C31:$BL31) -> 0 | BS31: =SUMIF($C$5:$BL$5,BS$6,$C31:$BL31) -> 0 | BT31: =SUMIF($C$5:$BL$5,BT$6,$C31:$BL31) -> 0 | BU31: =SUMIF($C$5:$BL$5,BU$6,$C31:$BL31) -> 0 | BV31: =SUMIF($C$5:$BL$5,BV$6,$C31:$BL31) -> 0 | BW31: =SUMIF($C$5:$BL$5,BW$6,$C31:$BL31) -> 0
A32: Rodagem (pneus novos e serv. recapagem) | D32: ='06'!$J$63/1000 -> 0 | E32: ='06'!$J$63/1000 -> 0 | F32: ='06'!$J$63/1000 -> 0 | G32: ='06'!$J$63/1000 -> 0 | H32: ='06'!$J$63/1000 -> 0 | I32: ='06'!$J$63/1000 -> 0 | J32: ='06'!$J$63/1000 -> 0 | K32: ='06'!$J$63/1000 -> 0 | ... BK32: ='06'!$J$63/1000 -> 0 | BQ32: =SUMIF($C$5:$BL$5,BQ$6,$C32:$BL32) -> 0 | BR32: =SUMIF($C$5:$BL$5,BR$6,$C32:$BL32) -> 0 | BS32: =SUMIF($C$5:$BL$5,BS$6,$C32:$BL32) -> 0 | BT32: =SUMIF($C$5:$BL$5,BT$6,$C32:$BL32) -> 0 | BU32: =SUMIF($C$5:$BL$5,BU$6,$C32:$BL32) -> 0 | BV32: =SUMIF($C$5:$BL$5,BV$6,$C32:$BL32) -> 0 | BW32: =SUMIF($C$5:$BL$5,BW$6,$C32:$BL32) -> 0
A33: Peças e acessórios | D33: =HLOOKUP(D$5,'07'!$D$136:$I$143,8,FALSE)/1000 -> 0 | E33: =HLOOKUP(E$5,'07'!$D$136:$I$143,8,FALSE)/1000 -> 0 | F33: =HLOOKUP(F$5,'07'!$D$136:$I$143,8,FALSE)/1000 -> 0 | G33: =HLOOKUP(G$5,'07'!$D$136:$I$143,8,FALSE)/1000 -> 0 | H33: =HLOOKUP(H$5,'07'!$D$136:$I$143,8,FALSE)/1000 -> 0 | I33: =HLOOKUP(I$5,'07'!$D$136:$I$143,8,FALSE)/1000 -> 0 | J33: =HLOOKUP(J$5,'07'!$D$136:$I$143,8,FALSE)/1000 -> 0 | K33: =HLOOKUP(K$5,'07'!$D$136:$I$143,8,FALSE)/1000 -> 0 | ... BK33: =HLOOKUP(BK$5,'07'!$D$136:$I$143,8,FALSE)/1000 -> 0 | BQ33: =SUMIF($C$5:$BL$5,BQ$6,$C33:$BL33) -> 0 | BR33: =SUMIF($C$5:$BL$5,BR$6,$C33:$BL33) -> 0 | BS33: =SUMIF($C$5:$BL$5,BS$6,$C33:$BL33) -> 0 | BT33: =SUMIF($C$5:$BL$5,BT$6,$C33:$BL33) -> 0 | BU33: =SUMIF($C$5:$BL$5,BU$6,$C33:$BL33) -> 0 | BV33: =SUMIF($C$5:$BL$5,BV$6,$C33:$BL33) -> 0 | BW33: =SUMIF($C$5:$BL$5,BW$6,$C33:$BL33) -> 0
A35: Custo com pessoal | D35: =-SUM(D36:D39) -> 0 | E35: =-SUM(E36:E39) -> 0 | F35: =-SUM(F36:F39) -> 0 | G35: =-SUM(G36:G39) -> 0 | H35: =-SUM(H36:H39) -> 0 | I35: =-SUM(I36:I39) -> 0 | J35: =-SUM(J36:J39) -> 0 | K35: =-SUM(K36:K39) -> 0 | ... BL35: =-SUM(BL36:BL39) -> 0 | BQ35: =SUMIF($C$5:$BL$5,BQ$6,$C35:$BL35) -> 0 | BR35: =SUMIF($C$5:$BL$5,BR$6,$C35:$BL35) -> 0 | BS35: =SUMIF($C$5:$BL$5,BS$6,$C35:$BL35) -> 0 | BT35: =SUMIF($C$5:$BL$5,BT$6,$C35:$BL35) -> 0 | BU35: =SUMIF($C$5:$BL$5,BU$6,$C35:$BL35) -> 0 | BV35: =SUMIF($C$5:$BL$5,BV$6,$C35:$BL35) -> 0 | BW35: =SUMIF($C$5:$BL$5,BW$6,$C35:$BL35) -> 0 | BY35: =SUM(BR35:BW35)/SUM($BR$48:$BW$48,$BR$53:$BW$53) -> #DIV/0!
A36: Motoristas | D36: ='06'!$J$95/1000 -> 0 | E36: ='06'!$J$95/1000 -> 0 | F36: ='06'!$J$95/1000 -> 0 | G36: ='06'!$J$95/1000 -> 0 | H36: ='06'!$J$95/1000 -> 0 | I36: ='06'!$J$95/1000 -> 0 | J36: ='06'!$J$95/1000 -> 0 | K36: ='06'!$J$95/1000 -> 0 | ... BK36: ='06'!$J$95/1000 -> 0 | BQ36: =SUMIF($C$5:$BL$5,BQ$6,$C36:$BL36) -> 0 | BR36: =SUMIF($C$5:$BL$5,BR$6,$C36:$BL36) -> 0 | BS36: =SUMIF($C$5:$BL$5,BS$6,$C36:$BL36) -> 0 | BT36: =SUMIF($C$5:$BL$5,BT$6,$C36:$BL36) -> 0 | BU36: =SUMIF($C$5:$BL$5,BU$6,$C36:$BL36) -> 0 | BV36: =SUMIF($C$5:$BL$5,BV$6,$C36:$BL36) -> 0 | BW36: =SUMIF($C$5:$BL$5,BW$6,$C36:$BL36) -> 0
A37: Cobradores | D37: ='06'!$J$109/1000 -> 0 | E37: ='06'!$J$109/1000 -> 0 | F37: ='06'!$J$109/1000 -> 0 | G37: ='06'!$J$109/1000 -> 0 | H37: ='06'!$J$109/1000 -> 0 | I37: ='06'!$J$109/1000 -> 0 | J37: ='06'!$J$109/1000 -> 0 | K37: ='06'!$J$109/1000 -> 0 | ... BK37: ='06'!$J$109/1000 -> 0 | BQ37: =SUMIF($C$5:$BL$5,BQ$6,$C37:$BL37) -> 0 | BR37: =SUMIF($C$5:$BL$5,BR$6,$C37:$BL37) -> 0 | BS37: =SUMIF($C$5:$BL$5,BS$6,$C37:$BL37) -> 0 | BT37: =SUMIF($C$5:$BL$5,BT$6,$C37:$BL37) -> 0 | BU37: =SUMIF($C$5:$BL$5,BU$6,$C37:$BL37) -> 0 | BV37: =SUMIF($C$5:$BL$5,BV$6,$C37:$BL37) -> 0 | BW37: =SUMIF($C$5:$BL$5,BW$6,$C37:$BL37) -> 0
A38: Pessoal de tráfego | D38: ='06'!$J$123/1000 -> 0 | E38: ='06'!$J$123/1000 -> 0 | F38: ='06'!$J$123/1000 -> 0 | G38: ='06'!$J$123/1000 -> 0 | H38: ='06'!$J$123/1000 -> 0 | I38: ='06'!$J$123/1000 -> 0 | J38: ='06'!$J$123/1000 -> 0 | K38: ='06'!$J$123/1000 -> 0 | ... BK38: ='06'!$J$123/1000 -> 0 | BQ38: =SUMIF($C$5:$BL$5,BQ$6,$C38:$BL38) -> 0 | BR38: =SUMIF($C$5:$BL$5,BR$6,$C38:$BL38) -> 0 | BS38: =SUMIF($C$5:$BL$5,BS$6,$C38:$BL38) -> 0 | BT38: =SUMIF($C$5:$BL$5,BT$6,$C38:$BL38) -> 0 | BU38: =SUMIF($C$5:$BL$5,BU$6,$C38:$BL38) -> 0 | BV38: =SUMIF($C$5:$BL$5,BV$6,$C38:$BL38) -> 0 | BW38: =SUMIF($C$5:$BL$5,BW$6,$C38:$BL38) -> 0
A39: Pessoal de manutenção, Administrativo e Diretoria | D39: ='06'!$C$129/1000 -> 0 | E39: ='06'!$C$129/1000 -> 0 | F39: ='06'!$C$129/1000 -> 0 | G39: ='06'!$C$129/1000 -> 0 | H39: ='06'!$C$129/1000 -> 0 | I39: ='06'!$C$129/1000 -> 0 | J39: ='06'!$C$129/1000 -> 0 | K39: ='06'!$C$129/1000 -> 0 | ... BK39: ='06'!$C$129/1000 -> 0 | BQ39: =SUMIF($C$5:$BL$5,BQ$6,$C39:$BL39) -> 0 | BR39: =SUMIF($C$5:$BL$5,BR$6,$C39:$BL39) -> 0 | BS39: =SUMIF($C$5:$BL$5,BS$6,$C39:$BL39) -> 0 | BT39: =SUMIF($C$5:$BL$5,BT$6,$C39:$BL39) -> 0 | BU39: =SUMIF($C$5:$BL$5,BU$6,$C39:$BL39) -> 0 | BV39: =SUMIF($C$5:$BL$5,BV$6,$C39:$BL39) -> 0 | BW39: =SUMIF($C$5:$BL$5,BW$6,$C39:$BL39) -> 0
A41: Custos administrativos | D41: =-SUM(D42:D46) -> 0 | E41: =-SUM(E42:E46) -> 0 | F41: =-SUM(F42:F46) -> 0 | G41: =-SUM(G42:G46) -> 0 | H41: =-SUM(H42:H46) -> 0 | I41: =-SUM(I42:I46) -> 0 | J41: =-SUM(J42:J46) -> 0 | K41: =-SUM(K42:K46) -> 0 | ... BL41: =-SUM(BL42:BL46) -> 0 | BQ41: =SUMIF($C$5:$BL$5,BQ$6,$C41:$BL41) -> 0 | BR41: =SUMIF($C$5:$BL$5,BR$6,$C41:$BL41) -> 0 | BS41: =SUMIF($C$5:$BL$5,BS$6,$C41:$BL41) -> 0 | BT41: =SUMIF($C$5:$BL$5,BT$6,$C41:$BL41) -> 0 | BU41: =SUMIF($C$5:$BL$5,BU$6,$C41:$BL41) -> 0 | BV41: =SUMIF($C$5:$BL$5,BV$6,$C41:$BL41) -> 0 | BW41: =SUMIF($C$5:$BL$5,BW$6,$C41:$BL41) -> 0 | BY41: =SUM(BR41:BW41)/SUM($BR$48:$BW$48,$BR$53:$BW$53) -> #DIV/0!
A42: Custos gerais administrativos | D42: ='06'!$C$138/1000 -> 0 | E42: ='06'!$C$138/1000 -> 0 | F42: ='06'!$C$138/1000 -> 0 | G42: ='06'!$C$138/1000 -> 0 | H42: ='06'!$C$138/1000 -> 0 | I42: ='06'!$C$138/1000 -> 0 | J42: ='06'!$C$138/1000 -> 0 | K42: ='06'!$C$138/1000 -> 0 | ... BK42: ='06'!$C$138/1000 -> 0 | BQ42: =SUMIF($C$5:$BL$5,BQ$6,$C42:$BL42) -> 0 | BR42: =SUMIF($C$5:$BL$5,BR$6,$C42:$BL42) -> 0 | BS42: =SUMIF($C$5:$BL$5,BS$6,$C42:$BL42) -> 0 | BT42: =SUMIF($C$5:$BL$5,BT$6,$C42:$BL42) -> 0 | BU42: =SUMIF($C$5:$BL$5,BU$6,$C42:$BL42) -> 0 | BV42: =SUMIF($C$5:$BL$5,BV$6,$C42:$BL42) -> 0 | BW42: =SUMIF($C$5:$BL$5,BW$6,$C42:$BL42) -> 0
A43: Licenciamento | D43: ='06'!$C$143/1000 -> 0 | E43: ='06'!$C$143/1000 -> 0 | F43: ='06'!$C$143/1000 -> 0 | G43: ='06'!$C$143/1000 -> 0 | H43: ='06'!$C$143/1000 -> 0 | I43: ='06'!$C$143/1000 -> 0 | J43: ='06'!$C$143/1000 -> 0 | K43: ='06'!$C$143/1000 -> 0 | ... BK43: ='06'!$C$143/1000 -> 0 | BQ43: =SUMIF($C$5:$BL$5,BQ$6,$C43:$BL43) -> 0 | BR43: =SUMIF($C$5:$BL$5,BR$6,$C43:$BL43) -> 0 | BS43: =SUMIF($C$5:$BL$5,BS$6,$C43:$BL43) -> 0 | BT43: =SUMIF($C$5:$BL$5,BT$6,$C43:$BL43) -> 0 | BU43: =SUMIF($C$5:$BL$5,BU$6,$C43:$BL43) -> 0 | BV43: =SUMIF($C$5:$BL$5,BV$6,$C43:$BL43) -> 0 | BW43: =SUMIF($C$5:$BL$5,BW$6,$C43:$BL43) -> 0
A44: Custo com Seguro | D44: ='06'!$C$149/1000/12 -> 0 | E44: ='06'!$C$149/1000/12 -> 0 | F44: ='06'!$C$149/1000/12 -> 0 | G44: ='06'!$C$149/1000/12 -> 0 | H44: ='06'!$C$149/1000/12 -> 0 | I44: ='06'!$C$149/1000/12 -> 0 | J44: ='06'!$C$149/1000/12 -> 0 | K44: ='06'!$C$149/1000/12 -> 0 | ... BK44: ='06'!$C$149/1000/12 -> 0 | BQ44: =SUMIF($C$5:$BL$5,BQ$6,$C44:$BL44) -> 0 | BR44: =SUMIF($C$5:$BL$5,BR$6,$C44:$BL44) -> 0 | BS44: =SUMIF($C$5:$BL$5,BS$6,$C44:$BL44) -> 0 | BT44: =SUMIF($C$5:$BL$5,BT$6,$C44:$BL44) -> 0 | BU44: =SUMIF($C$5:$BL$5,BU$6,$C44:$BL44) -> 0 | BV44: =SUMIF($C$5:$BL$5,BV$6,$C44:$BL44) -> 0 | BW44: =SUMIF($C$5:$BL$5,BW$6,$C44:$BL44) -> 0
A45: Custo com Aluguel de Garagem | D45: ='06'!$C$155/1000 -> 0 | E45: ='06'!$C$155/1000 -> 0 | F45: ='06'!$C$155/1000 -> 0 | G45: ='06'!$C$155/1000 -> 0 | H45: ='06'!$C$155/1000 -> 0 | I45: ='06'!$C$155/1000 -> 0 | J45: ='06'!$C$155/1000 -> 0 | K45: ='06'!$C$155/1000 -> 0 | ... BK45: ='06'!$C$155/1000 -> 0 | BQ45: =SUMIF($C$5:$BL$5,BQ$6,$C45:$BL45) -> 0 | BR45: =SUMIF($C$5:$BL$5,BR$6,$C45:$BL45) -> 0 | BS45: =SUMIF($C$5:$BL$5,BS$6,$C45:$BL45) -> 0 | BT45: =SUMIF($C$5:$BL$5,BT$6,$C45:$BL45) -> 0 | BU45: =SUMIF($C$5:$BL$5,BU$6,$C45:$BL45) -> 0 | BV45: =SUMIF($C$5:$BL$5,BV$6,$C45:$BL45) -> 0 | BW45: =SUMIF($C$5:$BL$5,BW$6,$C45:$BL45) -> 0
A46: Sistema de Controle de Passageiros e GPS | D46: ='06'!$C$162/12/1000 -> 0 | E46: ='06'!$C$162/12/1000 -> 0 | F46: ='06'!$C$162/12/1000 -> 0 | G46: ='06'!$C$162/12/1000 -> 0 | H46: ='06'!$C$162/12/1000 -> 0 | I46: ='06'!$C$162/12/1000 -> 0 | J46: ='06'!$C$162/12/1000 -> 0 | K46: ='06'!$C$162/12/1000 -> 0 | ... BK46: ='06'!$C$162/12/1000 -> 0 | BQ46: =SUMIF($C$5:$BL$5,BQ$6,$C46:$BL46) -> 0 | BR46: =SUMIF($C$5:$BL$5,BR$6,$C46:$BL46) -> 0 | BS46: =SUMIF($C$5:$BL$5,BS$6,$C46:$BL46) -> 0 | BT46: =SUMIF($C$5:$BL$5,BT$6,$C46:$BL46) -> 0 | BU46: =SUMIF($C$5:$BL$5,BU$6,$C46:$BL46) -> 0 | BV46: =SUMIF($C$5:$BL$5,BV$6,$C46:$BL46) -> 0 | BW46: =SUMIF($C$5:$BL$5,BW$6,$C46:$BL46) -> 0
A48: (-) Custos operacionais | D48: =(D41+D35+D28) -> 0 | E48: =(E41+E35+E28) -> 0 | F48: =(F41+F35+F28) -> 0 | G48: =(G41+G35+G28) -> 0 | H48: =(H41+H35+H28) -> 0 | I48: =(I41+I35+I28) -> 0 | J48: =(J41+J35+J28) -> 0 | K48: =(K41+K35+K28) -> 0 | ... BL48: =(BL41+BL35+BL28) -> 0 | BQ48: =SUMIF($C$5:$BL$5,BQ$6,$C48:$BL48) -> 0 | BR48: =SUMIF($C$5:$BL$5,BR$6,$C48:$BL48) -> 0 | BS48: =SUMIF($C$5:$BL$5,BS$6,$C48:$BL48) -> 0 | BT48: =SUMIF($C$5:$BL$5,BT$6,$C48:$BL48) -> 0 | BU48: =SUMIF($C$5:$BL$5,BU$6,$C48:$BL48) -> 0 | BV48: =SUMIF($C$5:$BL$5,BV$6,$C48:$BL48) -> 0 | BW48: =SUMIF($C$5:$BL$5,BW$6,$C48:$BL48) -> 0
A50: (=) EBITDA - Lucros antes de juros, impostos, depreciação e amortização | D50: =D26+D48 -> 0 | E50: =E26+E48 -> 0 | F50: =F26+F48 -> 0 | G50: =G26+G48 -> 0 | H50: =H26+H48 -> 0 | I50: =I26+I48 -> 0 | J50: =J26+J48 -> 0 | K50: =K26+K48 -> 0 | ... BL50: =BL26+BL48 -> 0 | BQ50: =SUMIF($C$5:$BL$5,BQ$6,$C50:$BL50) -> 0 | BR50: =SUMIF($C$5:$BL$5,BR$6,$C50:$BL50) -> 0 | BS50: =SUMIF($C$5:$BL$5,BS$6,$C50:$BL50) -> 0 | BT50: =SUMIF($C$5:$BL$5,BT$6,$C50:$BL50) -> 0 | BU50: =SUMIF($C$5:$BL$5,BU$6,$C50:$BL50) -> 0 | BV50: =SUMIF($C$5:$BL$5,BV$6,$C50:$BL50) -> 0 | BW50: =SUMIF($C$5:$BL$5,BW$6,$C50:$BL50) -> 0
A53: Depreciação fiscal | D53: =-SUM(D54:D56) -> 0 | E53: =-SUM(E54:E56) -> 0 | F53: =-SUM(F54:F56) -> 0 | G53: =-SUM(G54:G56) -> 0 | H53: =-SUM(H54:H56) -> 0 | I53: =-SUM(I54:I56) -> 0 | J53: =-SUM(J54:J56) -> 0 | K53: =-SUM(K54:K56) -> 0 | ... BL53: =-SUM(BL54:BL56) -> 0 | BQ53: =SUMIF($C$5:$BL$5,BQ$6,$C53:$BL53) -> 0 | BR53: =SUMIF($C$5:$BL$5,BR$6,$C53:$BL53) -> 0 | BS53: =SUMIF($C$5:$BL$5,BS$6,$C53:$BL53) -> 0 | BT53: =SUMIF($C$5:$BL$5,BT$6,$C53:$BL53) -> 0 | BU53: =SUMIF($C$5:$BL$5,BU$6,$C53:$BL53) -> 0 | BV53: =SUMIF($C$5:$BL$5,BV$6,$C53:$BL53) -> 0 | BW53: =SUMIF($C$5:$BL$5,BW$6,$C53:$BL53) -> 0 | BY53: =SUM(BR53:BW53)/SUM($BR$48:$BW$48,$BR$53:$BW$53) -> #DIV/0!
A54: (-) Depreciação da frota | D54: =HLOOKUP(D$5,'11'!$D$31:$I$39,9,FALSE)/1000/12 -> 0 | E54: =HLOOKUP(E$5,'11'!$D$31:$I$39,9,FALSE)/1000/12 -> 0 | F54: =HLOOKUP(F$5,'11'!$D$31:$I$39,9,FALSE)/1000/12 -> 0 | G54: =HLOOKUP(G$5,'11'!$D$31:$I$39,9,FALSE)/1000/12 -> 0 | H54: =HLOOKUP(H$5,'11'!$D$31:$I$39,9,FALSE)/1000/12 -> 0 | I54: =HLOOKUP(I$5,'11'!$D$31:$I$39,9,FALSE)/1000/12 -> 0 | J54: =HLOOKUP(J$5,'11'!$D$31:$I$39,9,FALSE)/1000/12 -> 0 | K54: =HLOOKUP(K$5,'11'!$D$31:$I$39,9,FALSE)/1000/12 -> 0 | ... BK54: =HLOOKUP(BK$5,'11'!$D$31:$I$39,9,FALSE)/1000/12 -> 0 | BQ54: =SUMIF($C$5:$BL$5,BQ$6,$C54:$BL54) -> 0 | BR54: =SUMIF($C$5:$BL$5,BR$6,$C54:$BL54) -> 0 | BS54: =SUMIF($C$5:$BL$5,BS$6,$C54:$BL54) -> 0 | BT54: =SUMIF($C$5:$BL$5,BT$6,$C54:$BL54) -> 0 | BU54: =SUMIF($C$5:$BL$5,BU$6,$C54:$BL54) -> 0 | BV54: =SUMIF($C$5:$BL$5,BV$6,$C54:$BL54) -> 0 | BW54: =SUMIF($C$5:$BL$5,BW$6,$C54:$BL54) -> 0
A55: (-) Depreciação de equipamentos e sistemas tecnológicos | D55: =HLOOKUP(D$5,'09'!$D$66:$I$74,9,FALSE)/1000/12 -> 0 | E55: =HLOOKUP(E$5,'09'!$D$66:$I$74,9,FALSE)/1000/12 -> 0 | F55: =HLOOKUP(F$5,'09'!$D$66:$I$74,9,FALSE)/1000/12 -> 0 | G55: =HLOOKUP(G$5,'09'!$D$66:$I$74,9,FALSE)/1000/12 -> 0 | H55: =HLOOKUP(H$5,'09'!$D$66:$I$74,9,FALSE)/1000/12 -> 0 | I55: =HLOOKUP(I$5,'09'!$D$66:$I$74,9,FALSE)/1000/12 -> 0 | J55: =HLOOKUP(J$5,'09'!$D$66:$I$74,9,FALSE)/1000/12 -> 0 | K55: =HLOOKUP(K$5,'09'!$D$66:$I$74,9,FALSE)/1000/12 -> 0 | ... BK55: =HLOOKUP(BK$5,'09'!$D$66:$I$74,9,FALSE)/1000/12 -> 0 | BQ55: =SUMIF($C$5:$BL$5,BQ$6,$C55:$BL55) -> 0 | BR55: =SUMIF($C$5:$BL$5,BR$6,$C55:$BL55) -> 0 | BS55: =SUMIF($C$5:$BL$5,BS$6,$C55:$BL55) -> 0 | BT55: =SUMIF($C$5:$BL$5,BT$6,$C55:$BL55) -> 0 | BU55: =SUMIF($C$5:$BL$5,BU$6,$C55:$BL55) -> 0 | BV55: =SUMIF($C$5:$BL$5,BV$6,$C55:$BL55) -> 0 | BW55: =SUMIF($C$5:$BL$5,BW$6,$C55:$BL55) -> 0
A56: (-) Depreciação instalações, veículos de apoio e demais recursos | D56: =(HLOOKUP(D$5,'10'!$D$48:$I$56,9,FALSE)+HLOOKUP(D$5,'10'!$D$68:$I$76,9,FALSE))/1000/12 -> 0 | E56: =(HLOOKUP(E$5,'10'!$D$48:$I$56,9,FALSE)+HLOOKUP(E$5,'10'!$D$68:$I$76,9,FALSE))/1000/12 -> 0 | F56: =(HLOOKUP(F$5,'10'!$D$48:$I$56,9,FALSE)+HLOOKUP(F$5,'10'!$D$68:$I$76,9,FALSE))/1000/12 -> 0 | G56: =(HLOOKUP(G$5,'10'!$D$48:$I$56,9,FALSE)+HLOOKUP(G$5,'10'!$D$68:$I$76,9,FALSE))/1000/12 -> 0 | H56: =(HLOOKUP(H$5,'10'!$D$48:$I$56,9,FALSE)+HLOOKUP(H$5,'10'!$D$68:$I$76,9,FALSE))/1000/12 -> 0 | I56: =(HLOOKUP(I$5,'10'!$D$48:$I$56,9,FALSE)+HLOOKUP(I$5,'10'!$D$68:$I$76,9,FALSE))/1000/12 -> 0 | J56: =(HLOOKUP(J$5,'10'!$D$48:$I$56,9,FALSE)+HLOOKUP(J$5,'10'!$D$68:$I$76,9,FALSE))/1000/12 -> 0 | K56: =(HLOOKUP(K$5,'10'!$D$48:$I$56,9,FALSE)+HLOOKUP(K$5,'10'!$D$68:$I$76,9,FALSE))/1000/12 -> 0 | ... BK56: =(HLOOKUP(BK$5,'10'!$D$48:$I$56,9,FALSE)+HLOOKUP(BK$5,'10'!$D$68:$I$76,9,FALSE))/1000/12 -> 0 | BQ56: =SUMIF($C$5:$BL$5,BQ$6,$C56:$BL56) -> 0 | BR56: =SUMIF($C$5:$BL$5,BR$6,$C56:$BL56) -> 0 | BS56: =SUMIF($C$5:$BL$5,BS$6,$C56:$BL56) -> 0 | BT56: =SUMIF($C$5:$BL$5,BT$6,$C56:$BL56) -> 0 | BU56: =SUMIF($C$5:$BL$5,BU$6,$C56:$BL56) -> 0 | BV56: =SUMIF($C$5:$BL$5,BV$6,$C56:$BL56) -> 0 | BW56: =SUMIF($C$5:$BL$5,BW$6,$C56:$BL56) -> 0
A58: (=) EBIT - Lucros antes de juros e imposto de renda | D58: =D50+D53 -> 0 | E58: =E50+E53 -> 0 | F58: =F50+F53 -> 0 | G58: =G50+G53 -> 0 | H58: =H50+H53 -> 0 | I58: =I50+I53 -> 0 | J58: =J50+J53 -> 0 | K58: =K50+K53 -> 0 | ... BL58: =BL50+BL53 -> 0 | BQ58: =SUMIF($C$5:$BL$5,BQ$6,$C58:$BL58) -> 0 | BR58: =SUMIF($C$5:$BL$5,BR$6,$C58:$BL58) -> 0 | BS58: =SUMIF($C$5:$BL$5,BS$6,$C58:$BL58) -> 0 | BT58: =SUMIF($C$5:$BL$5,BT$6,$C58:$BL58) -> 0 | BU58: =SUMIF($C$5:$BL$5,BU$6,$C58:$BL58) -> 0 | BV58: =SUMIF($C$5:$BL$5,BV$6,$C58:$BL58) -> 0 | BW58: =SUMIF($C$5:$BL$5,BW$6,$C58:$BL58) -> 0
A60: (-) Imposto de renda e CSLL | D60: =-SUM(D61:D63) -> 0 | E60: =-SUM(E61:E63) -> 0 | F60: =-SUM(F61:F63) -> 0 | G60: =-SUM(G61:G63) -> 0 | H60: =-SUM(H61:H63) -> 0 | I60: =-SUM(I61:I63) -> 0 | J60: =-SUM(J61:J63) -> 0 | K60: =-SUM(K61:K63) -> 0 | ... BL60: =-SUM(BL61:BL63) -> 0 | BQ60: =SUMIF($C$5:$BL$5,BQ$6,$C60:$BL60) -> 0 | BR60: =SUMIF($C$5:$BL$5,BR$6,$C60:$BL60) -> 0 | BS60: =SUMIF($C$5:$BL$5,BS$6,$C60:$BL60) -> 0 | BT60: =SUMIF($C$5:$BL$5,BT$6,$C60:$BL60) -> 0 | BU60: =SUMIF($C$5:$BL$5,BU$6,$C60:$BL60) -> 0 | BV60: =SUMIF($C$5:$BL$5,BV$6,$C60:$BL60) -> 0 | BW60: =SUMIF($C$5:$BL$5,BW$6,$C60:$BL60) -> 0
A61: CSLL | B61: 0.09 | D61: =IF(D58<0,0,D58*$B$61) -> 0 | E61: =IF(E58<0,0,E58*$B$61) -> 0 | F61: =IF(F58<0,0,F58*$B$61) -> 0 | G61: =IF(G58<0,0,G58*$B$61) -> 0 | H61: =IF(H58<0,0,H58*$B$61) -> 0 | I61: =IF(I58<0,0,I58*$B$61) -> 0 | J61: =IF(J58<0,0,J58*$B$61) -> 0 | K61: =IF(K58<0,0,K58*$B$61) -> 0 | ... BL61: =IF(BL58<0,0,BL58*$B$61) -> 0 | BQ61: =SUMIF($C$5:$BL$5,BQ$6,$C61:$BL61) -> 0 | BR61: =SUMIF($C$5:$BL$5,BR$6,$C61:$BL61) -> 0 | BS61: =SUMIF($C$5:$BL$5,BS$6,$C61:$BL61) -> 0 | BT61: =SUMIF($C$5:$BL$5,BT$6,$C61:$BL61) -> 0 | BU61: =SUMIF($C$5:$BL$5,BU$6,$C61:$BL61) -> 0 | BV61: =SUMIF($C$5:$BL$5,BV$6,$C61:$BL61) -> 0 | BW61: =SUMIF($C$5:$BL$5,BW$6,$C61:$BL61) -> 0
A62: Imposto de renda | B62: 0.15 | D62: =IF(D58<0.2,0,D58*$B$62) -> 0 | E62: =IF(E58<0.2,0,E58*$B$62) -> 0 | F62: =IF(F58<0.2,0,F58*$B$62) -> 0 | G62: =IF(G58<0.2,0,G58*$B$62) -> 0 | H62: =IF(H58<0.2,0,H58*$B$62) -> 0 | I62: =IF(I58<0.2,0,I58*$B$62) -> 0 | J62: =IF(J58<0.2,0,J58*$B$62) -> 0 | K62: =IF(K58<0.2,0,K58*$B$62) -> 0 | ... BL62: =IF(BL58<0.2,0,BL58*$B$62) -> 0 | BQ62: =SUMIF($C$5:$BL$5,BQ$6,$C62:$BL62) -> 0 | BR62: =SUMIF($C$5:$BL$5,BR$6,$C62:$BL62) -> 0 | BS62: =SUMIF($C$5:$BL$5,BS$6,$C62:$BL62) -> 0 | BT62: =SUMIF($C$5:$BL$5,BT$6,$C62:$BL62) -> 0 | BU62: =SUMIF($C$5:$BL$5,BU$6,$C62:$BL62) -> 0 | BV62: =SUMIF($C$5:$BL$5,BV$6,$C62:$BL62) -> 0 | BW62: =SUMIF($C$5:$BL$5,BW$6,$C62:$BL62) -> 0
A63: Adicional de imposto de renda | B63: 0.1 | D63: =IF(OR(D58<0,D58<0.02),0,(D58-0.02)*$B$63) -> 0 | E63: =IF(OR(E58<0,E58<0.02),0,(E58-0.02)*$B$63) -> 0 | F63: =IF(OR(F58<0,F58<0.02),0,(F58-0.02)*$B$63) -> 0 | G63: =IF(OR(G58<0,G58<0.02),0,(G58-0.02)*$B$63) -> 0 | H63: =IF(OR(H58<0,H58<0.02),0,(H58-0.02)*$B$63) -> 0 | I63: =IF(OR(I58<0,I58<0.02),0,(I58-0.02)*$B$63) -> 0 | J63: =IF(OR(J58<0,J58<0.02),0,(J58-0.02)*$B$63) -> 0 | K63: =IF(OR(K58<0,K58<0.02),0,(K58-0.02)*$B$63) -> 0 | ... BL63: =IF(OR(BL58<0,BL58<0.02),0,(BL58-0.02)*$B$63) -> 0 | BQ63: =SUMIF($C$5:$BL$5,BQ$6,$C63:$BL63) -> 0 | BR63: =SUMIF($C$5:$BL$5,BR$6,$C63:$BL63) -> 0 | BS63: =SUMIF($C$5:$BL$5,BS$6,$C63:$BL63) -> 0 | BT63: =SUMIF($C$5:$BL$5,BT$6,$C63:$BL63) -> 0 | BU63: =SUMIF($C$5:$BL$5,BU$6,$C63:$BL63) -> 0 | BV63: =SUMIF($C$5:$BL$5,BV$6,$C63:$BL63) -> 0 | BW63: =SUMIF($C$5:$BL$5,BW$6,$C63:$BL63) -> 0
A65: (-) Remuneração pela prestação do serviço (RPS) | B65: 0.0315 | D65: =$B$65*D48 -> 0 | E65: =$B$65*E48 -> 0 | F65: =$B$65*F48 -> 0 | G65: =$B$65*G48 -> 0 | H65: =$B$65*H48 -> 0 | I65: =$B$65*I48 -> 0 | J65: =$B$65*J48 -> 0 | K65: =$B$65*K48 -> 0 | ... BL65: =$B$65*BL48 -> 0 | BQ65: =SUMIF($C$5:$BL$5,BQ$6,$C65:$BL65) -> 0 | BR65: =SUMIF($C$5:$BL$5,BR$6,$C65:$BL65) -> 0 | BS65: =SUMIF($C$5:$BL$5,BS$6,$C65:$BL65) -> 0 | BT65: =SUMIF($C$5:$BL$5,BT$6,$C65:$BL65) -> 0 | BU65: =SUMIF($C$5:$BL$5,BU$6,$C65:$BL65) -> 0 | BV65: =SUMIF($C$5:$BL$5,BV$6,$C65:$BL65) -> 0 | BW65: =SUMIF($C$5:$BL$5,BW$6,$C65:$BL65) -> 0
A67: (=) Lucro líquido do exercício | D67: =D58+D60+D65 -> 0 | E67: =E58+E60+E65 -> 0 | F67: =F58+F60+F65 -> 0 | G67: =G58+G60+G65 -> 0 | H67: =H58+H60+H65 -> 0 | I67: =I58+I60+I65 -> 0 | J67: =J58+J60+J65 -> 0 | K67: =K58+K60+K65 -> 0 | ... BL67: =BL58+BL60+BL65 -> 0 | BQ67: =SUMIF($C$5:$BL$5,BQ$6,$C67:$BL67) -> 0 | BR67: =SUMIF($C$5:$BL$5,BR$6,$C67:$BL67) -> 0 | BS67: =SUMIF($C$5:$BL$5,BS$6,$C67:$BL67) -> 0 | BT67: =SUMIF($C$5:$BL$5,BT$6,$C67:$BL67) -> 0 | BU67: =SUMIF($C$5:$BL$5,BU$6,$C67:$BL67) -> 0 | BV67: =SUMIF($C$5:$BL$5,BV$6,$C67:$BL67) -> 0 | BW67: =SUMIF($C$5:$BL$5,BW$6,$C67:$BL67) -> 0
A69: FLUXO DE CAIXA
A71: Valores não desembolsados (depreciação) | D71: =SUM(D72:D74) -> 0 | E71: =SUM(E72:E74) -> 0 | F71: =SUM(F72:F74) -> 0 | G71: =SUM(G72:G74) -> 0 | H71: =SUM(H72:H74) -> 0 | I71: =SUM(I72:I74) -> 0 | J71: =SUM(J72:J74) -> 0 | K71: =SUM(K72:K74) -> 0 | ... BL71: =SUM(BL72:BL74) -> 0 | BQ71: =SUMIF($C$5:$BL$5,BQ$6,$C71:$BL71) -> 0 | BR71: =SUMIF($C$5:$BL$5,BR$6,$C71:$BL71) -> 0 | BS71: =SUMIF($C$5:$BL$5,BS$6,$C71:$BL71) -> 0 | BT71: =SUMIF($C$5:$BL$5,BT$6,$C71:$BL71) -> 0 | BU71: =SUMIF($C$5:$BL$5,BU$6,$C71:$BL71) -> 0 | BV71: =SUMIF($C$5:$BL$5,BV$6,$C71:$BL71) -> 0 | BW71: =SUMIF($C$5:$BL$5,BW$6,$C71:$BL71) -> 0
A72: (+) Depreciação da frota | D72: =D54 -> 0 | E72: =E54 -> 0 | F72: =F54 -> 0 | G72: =G54 -> 0 | H72: =H54 -> 0 | I72: =I54 -> 0 | J72: =J54 -> 0 | K72: =K54 -> 0 | ... BL72: =BL54 -> 0 | BQ72: =SUMIF($C$5:$BL$5,BQ$6,$C72:$BL72) -> 0 | BR72: =SUMIF($C$5:$BL$5,BR$6,$C72:$BL72) -> 0 | BS72: =SUMIF($C$5:$BL$5,BS$6,$C72:$BL72) -> 0 | BT72: =SUMIF($C$5:$BL$5,BT$6,$C72:$BL72) -> 0 | BU72: =SUMIF($C$5:$BL$5,BU$6,$C72:$BL72) -> 0 | BV72: =SUMIF($C$5:$BL$5,BV$6,$C72:$BL72) -> 0 | BW72: =SUMIF($C$5:$BL$5,BW$6,$C72:$BL72) -> 0
A73: (+) Depreciação de equipamentos e sistemas tecnológicos | D73: =D55 -> 0 | E73: =E55 -> 0 | F73: =F55 -> 0 | G73: =G55 -> 0 | H73: =H55 -> 0 | I73: =I55 -> 0 | J73: =J55 -> 0 | K73: =K55 -> 0 | ... BL73: =BL55 -> 0 | BQ73: =SUMIF($C$5:$BL$5,BQ$6,$C73:$BL73) -> 0 | BR73: =SUMIF($C$5:$BL$5,BR$6,$C73:$BL73) -> 0 | BS73: =SUMIF($C$5:$BL$5,BS$6,$C73:$BL73) -> 0 | BT73: =SUMIF($C$5:$BL$5,BT$6,$C73:$BL73) -> 0 | BU73: =SUMIF($C$5:$BL$5,BU$6,$C73:$BL73) -> 0 | BV73: =SUMIF($C$5:$BL$5,BV$6,$C73:$BL73) -> 0 | BW73: =SUMIF($C$5:$BL$5,BW$6,$C73:$BL73) -> 0
A74: (+) Depreciação instalações, veículos de apoio e demais recursos | D74: =D56 -> 0 | E74: =E56 -> 0 | F74: =F56 -> 0 | G74: =G56 -> 0 | H74: =H56 -> 0 | I74: =I56 -> 0 | J74: =J56 -> 0 | K74: =K56 -> 0 | ... BL74: =BL56 -> 0 | BQ74: =SUMIF($C$5:$BL$5,BQ$6,$C74:$BL74) -> 0 | BR74: =SUMIF($C$5:$BL$5,BR$6,$C74:$BL74) -> 0 | BS74: =SUMIF($C$5:$BL$5,BS$6,$C74:$BL74) -> 0 | BT74: =SUMIF($C$5:$BL$5,BT$6,$C74:$BL74) -> 0 | BU74: =SUMIF($C$5:$BL$5,BU$6,$C74:$BL74) -> 0 | BV74: =SUMIF($C$5:$BL$5,BV$6,$C74:$BL74) -> 0 | BW74: =SUMIF($C$5:$BL$5,BW$6,$C74:$BL74) -> 0
A76: (+) Fluxo de caixa operacional | D76: =D67+D71 -> 0 | E76: =E67+E71 -> 0 | F76: =F67+F71 -> 0 | G76: =G67+G71 -> 0 | H76: =H67+H71 -> 0 | I76: =I67+I71 -> 0 | J76: =J67+J71 -> 0 | K76: =K67+K71 -> 0 | ... BL76: =BL67+BL71 -> 0 | BQ76: =SUMIF($C$5:$BL$5,BQ$6,$C76:$BL76) -> 0 | BR76: =SUMIF($C$5:$BL$5,BR$6,$C76:$BL76) -> 0 | BS76: =SUMIF($C$5:$BL$5,BS$6,$C76:$BL76) -> 0 | BT76: =SUMIF($C$5:$BL$5,BT$6,$C76:$BL76) -> 0 | BU76: =SUMIF($C$5:$BL$5,BU$6,$C76:$BL76) -> 0 | BV76: =SUMIF($C$5:$BL$5,BV$6,$C76:$BL76) -> 0 | BW76: =SUMIF($C$5:$BL$5,BW$6,$C76:$BL76) -> 0
A78: (-) Aquisições | C78: =SUM(C79:C81) -> 0 | D78: =SUM(D79:D81) -> 0 | E78: =SUM(E79:E81) -> 0 | F78: =SUM(F79:F81) -> 0 | G78: =SUM(G79:G81) -> 0 | H78: =SUM(H79:H81) -> 0 | I78: =SUM(I79:I81) -> 0 | J78: =SUM(J79:J81) -> 0 | ... BL78: =SUM(BL79:BL81) -> 0 | BQ78: =SUMIF($C$5:$BL$5,BQ$6,$C78:$BL78) -> 0 | BR78: =SUMIF($C$5:$BL$5,BR$6,$C78:$BL78) -> 0 | BS78: =SUMIF($C$5:$BL$5,BS$6,$C78:$BL78) -> 0 | BT78: =SUMIF($C$5:$BL$5,BT$6,$C78:$BL78) -> 0 | BU78: =SUMIF($C$5:$BL$5,BU$6,$C78:$BL78) -> 0 | BV78: =SUMIF($C$5:$BL$5,BV$6,$C78:$BL78) -> 0 | BW78: =SUMIF($C$5:$BL$5,BW$6,$C78:$BL78) -> 0
A79: (-) Frota | C79: ='11'!$D$16/1000 -> 0 | D79: =HLOOKUP(D$5,'11'!$E$9:$X$16,8,FALSE)/1000/12 -> 0 | E79: =HLOOKUP(E$5,'11'!$E$9:$X$16,8,FALSE)/1000/12 -> 0 | F79: =HLOOKUP(F$5,'11'!$E$9:$X$16,8,FALSE)/1000/12 -> 0 | G79: =HLOOKUP(G$5,'11'!$E$9:$X$16,8,FALSE)/1000/12 -> 0 | H79: =HLOOKUP(H$5,'11'!$E$9:$X$16,8,FALSE)/1000/12 -> 0 | I79: =HLOOKUP(I$5,'11'!$E$9:$X$16,8,FALSE)/1000/12 -> 0 | J79: =HLOOKUP(J$5,'11'!$E$9:$X$16,8,FALSE)/1000/12 -> 0 | K79: =HLOOKUP(K$5,'11'!$E$9:$X$16,8,FALSE)/1000/12 -> 0 | ... BK79: =HLOOKUP(BK$5,'11'!$E$9:$X$16,8,FALSE)/1000/12 -> 0 | BQ79: =SUMIF($C$5:$BL$5,BQ$6,$C79:$BL79) -> 0 | BR79: =SUMIF($C$5:$BL$5,BR$6,$C79:$BL79) -> 0 | BS79: =SUMIF($C$5:$BL$5,BS$6,$C79:$BL79) -> 0 | BT79: =SUMIF($C$5:$BL$5,BT$6,$C79:$BL79) -> 0 | BU79: =SUMIF($C$5:$BL$5,BU$6,$C79:$BL79) -> 0 | BV79: =SUMIF($C$5:$BL$5,BV$6,$C79:$BL79) -> 0 | BW79: =SUMIF($C$5:$BL$5,BW$6,$C79:$BL79) -> 0
A80: (-) Infra e equipamentos da garagem | C80: ='10'!$D$11/1000 -> 0 | BQ80: =SUMIF($C$5:$BL$5,BQ$6,$C80:$BL80) -> 0 | BR80: =SUMIF($C$5:$BL$5,BR$6,$C80:$BL80) -> 0 | BS80: =SUMIF($C$5:$BL$5,BS$6,$C80:$BL80) -> 0 | BT80: =SUMIF($C$5:$BL$5,BT$6,$C80:$BL80) -> 0 | BU80: =SUMIF($C$5:$BL$5,BU$6,$C80:$BL80) -> 0 | BV80: =SUMIF($C$5:$BL$5,BV$6,$C80:$BL80) -> 0 | BW80: =SUMIF($C$5:$BL$5,BW$6,$C80:$BL80) -> 0
A81: (-) Equipamentos e sistemas tecnológicos | C81: ='09'!$D$36/1000 -> 0 | D81: =HLOOKUP(D$5,'09'!$E$25:$AD$36,12,FALSE)/1000/12 -> 0 | E81: =HLOOKUP(E$5,'09'!$E$25:$AD$36,12,FALSE)/1000/12 -> 0 | F81: =HLOOKUP(F$5,'09'!$E$25:$AD$36,12,FALSE)/1000/12 -> 0 | G81: =HLOOKUP(G$5,'09'!$E$25:$AD$36,12,FALSE)/1000/12 -> 0 | H81: =HLOOKUP(H$5,'09'!$E$25:$AD$36,12,FALSE)/1000/12 -> 0 | I81: =HLOOKUP(I$5,'09'!$E$25:$AD$36,12,FALSE)/1000/12 -> 0 | J81: =HLOOKUP(J$5,'09'!$E$25:$AD$36,12,FALSE)/1000/12 -> 0 | K81: =HLOOKUP(K$5,'09'!$E$25:$AD$36,12,FALSE)/1000/12 -> 0 | ... BK81: =HLOOKUP(BK$5,'09'!$E$25:$AD$36,12,FALSE)/1000/12 -> 0 | BQ81: =SUMIF($C$5:$BL$5,BQ$6,$C81:$BL81) -> 0 | BR81: =SUMIF($C$5:$BL$5,BR$6,$C81:$BL81) -> 0 | BS81: =SUMIF($C$5:$BL$5,BS$6,$C81:$BL81) -> 0 | BT81: =SUMIF($C$5:$BL$5,BT$6,$C81:$BL81) -> 0 | BU81: =SUMIF($C$5:$BL$5,BU$6,$C81:$BL81) -> 0 | BV81: =SUMIF($C$5:$BL$5,BV$6,$C81:$BL81) -> 0 | BW81: =SUMIF($C$5:$BL$5,BW$6,$C81:$BL81) -> 0
A83: (+) Receita de venda de ativos | D83: =SUM(D84:D88) -> 0 | E83: =SUM(E84:E88) -> 0 | F83: =SUM(F84:F88) -> 0 | G83: =SUM(G84:G88) -> 0 | H83: =SUM(H84:H88) -> 0 | I83: =SUM(I84:I88) -> 0 | J83: =SUM(J84:J88) -> 0 | K83: =SUM(K84:K88) -> 0 | ... BL83: =SUM(BL84:BL88) -> 0 | BQ83: =SUMIF($C$5:$BL$5,BQ$6,$C83:$BL83) -> 0 | BR83: =SUMIF($C$5:$BL$5,BR$6,$C83:$BL83) -> 0 | BS83: =SUMIF($C$5:$BL$5,BS$6,$C83:$BL83) -> 0 | BT83: =SUMIF($C$5:$BL$5,BT$6,$C83:$BL83) -> 0 | BU83: =SUMIF($C$5:$BL$5,BU$6,$C83:$BL83) -> 0 | BV83: =SUMIF($C$5:$BL$5,BV$6,$C83:$BL83) -> 0 | BW83: =SUMIF($C$5:$BL$5,BW$6,$C83:$BL83) -> 0
A84: (+) Frota | D84: =HLOOKUP(D$5,'08'!$D$443:$I$471,29,FALSE)/1000/12 -> 0 | E84: =HLOOKUP(E$5,'08'!$D$443:$I$471,29,FALSE)/1000/12 -> 0 | F84: =HLOOKUP(F$5,'08'!$D$443:$I$471,29,FALSE)/1000/12 -> 0 | G84: =HLOOKUP(G$5,'08'!$D$443:$I$471,29,FALSE)/1000/12 -> 0 | H84: =HLOOKUP(H$5,'08'!$D$443:$I$471,29,FALSE)/1000/12 -> 0 | I84: =HLOOKUP(I$5,'08'!$D$443:$I$471,29,FALSE)/1000/12 -> 0 | J84: =HLOOKUP(J$5,'08'!$D$443:$I$471,29,FALSE)/1000/12 -> 0 | K84: =HLOOKUP(K$5,'08'!$D$443:$I$471,29,FALSE)/1000/12 -> 0 | ... BK84: =HLOOKUP(BK$5,'08'!$D$443:$I$471,29,FALSE)/1000/12 -> 0 | BL84: =HLOOKUP(BL$5,'08'!$D$443:$I$472,29,FALSE)/1000 -> 0 | BQ84: =SUMIF($C$5:$BL$5,BQ$6,$C84:$BL84) -> 0 | BR84: =SUMIF($C$5:$BL$5,BR$6,$C84:$BL84) -> 0 | BS84: =SUMIF($C$5:$BL$5,BS$6,$C84:$BL84) -> 0 | BT84: =SUMIF($C$5:$BL$5,BT$6,$C84:$BL84) -> 0 | BU84: =SUMIF($C$5:$BL$5,BU$6,$C84:$BL84) -> 0 | BV84: =SUMIF($C$5:$BL$5,BV$6,$C84:$BL84) -> 0 | BW84: =SUMIF($C$5:$BL$5,BW$6,$C84:$BL84) -> 0
A85: (+) Terrenos | BQ85: =SUMIF($C$5:$BL$5,BQ$6,$C85:$BL85) -> 0 | BR85: =SUMIF($C$5:$BL$5,BR$6,$C85:$BL85) -> 0 | BS85: =SUMIF($C$5:$BL$5,BS$6,$C85:$BL85) -> 0 | BT85: =SUMIF($C$5:$BL$5,BT$6,$C85:$BL85) -> 0 | BU85: =SUMIF($C$5:$BL$5,BU$6,$C85:$BL85) -> 0 | BV85: =SUMIF($C$5:$BL$5,BV$6,$C85:$BL85) -> 0 | BW85: =SUMIF($C$5:$BL$5,BW$6,$C85:$BL85) -> 0
A86: (+) Infraestrutura e equipamentos de garagem | BQ86: =SUMIF($C$5:$BL$5,BQ$6,$C86:$BL86) -> 0 | BR86: =SUMIF($C$5:$BL$5,BR$6,$C86:$BL86) -> 0 | BS86: =SUMIF($C$5:$BL$5,BS$6,$C86:$BL86) -> 0 | BT86: =SUMIF($C$5:$BL$5,BT$6,$C86:$BL86) -> 0 | BU86: =SUMIF($C$5:$BL$5,BU$6,$C86:$BL86) -> 0 | BV86: =SUMIF($C$5:$BL$5,BV$6,$C86:$BL86) -> 0 | BW86: =SUMIF($C$5:$BL$5,BW$6,$C86:$BL86) -> 0
A87: (+) Veículos de apoio, mobiliário, equipamentos em geral e outros | D87: =SUM(OFFSET('10'!$E$85:$E$86,0,D5-1))/1000/12 -> 0 | E87: =SUM(OFFSET('10'!$E$85:$E$86,0,E5-1))/1000/12 -> 0 | F87: =SUM(OFFSET('10'!$E$85:$E$86,0,F5-1))/1000/12 -> 0 | G87: =SUM(OFFSET('10'!$E$85:$E$86,0,G5-1))/1000/12 -> 0 | H87: =SUM(OFFSET('10'!$E$85:$E$86,0,H5-1))/1000/12 -> 0 | I87: =SUM(OFFSET('10'!$E$85:$E$86,0,I5-1))/1000/12 -> 0 | J87: =SUM(OFFSET('10'!$E$85:$E$86,0,J5-1))/1000/12 -> 0 | K87: =SUM(OFFSET('10'!$E$85:$E$86,0,K5-1))/1000/12 -> 0 | ... AY87: =SUM(OFFSET('10'!$E$85:$E$86,0,AY5-1))/1000/12 -> 0 | BL87: =SUM(OFFSET('10'!$E$85:$E$86,0,BL5-1))/1000 -> 0 | BQ87: =SUMIF($C$5:$BL$5,BQ$6,$C87:$BL87) -> 0 | BR87: =SUMIF($C$5:$BL$5,BR$6,$C87:$BL87) -> 0 | BS87: =SUMIF($C$5:$BL$5,BS$6,$C87:$BL87) -> 0 | BT87: =SUMIF($C$5:$BL$5,BT$6,$C87:$BL87) -> 0 | BU87: =SUMIF($C$5:$BL$5,BU$6,$C87:$BL87) -> 0 | BV87: =SUMIF($C$5:$BL$5,BV$6,$C87:$BL87) -> 0 | BW87: =SUMIF($C$5:$BL$5,BW$6,$C87:$BL87) -> 0
A88: (+) Equipamenttos e sistemas tecnológicos | BQ88: =SUMIF($C$5:$BL$5,BQ$6,$C88:$BL88) -> 0 | BR88: =SUMIF($C$5:$BL$5,BR$6,$C88:$BL88) -> 0 | BS88: =SUMIF($C$5:$BL$5,BS$6,$C88:$BL88) -> 0 | BT88: =SUMIF($C$5:$BL$5,BT$6,$C88:$BL88) -> 0 | BU88: =SUMIF($C$5:$BL$5,BU$6,$C88:$BL88) -> 0 | BV88: =SUMIF($C$5:$BL$5,BV$6,$C88:$BL88) -> 0 | BW88: =SUMIF($C$5:$BL$5,BW$6,$C88:$BL88) -> 0
A90: (-) Impostos sobre venda
A91: Lucro sobre a venda de ativos | D91: =D83 -> 0 | E91: =E83 -> 0 | F91: =F83 -> 0 | G91: =G83 -> 0 | H91: =H83 -> 0 | I91: =I83 -> 0 | J91: =J83 -> 0 | K91: =K83 -> 0 | ... BK91: =BK83 -> 0 | BL91: =HLOOKUP(BL$5,'08'!$D$443:$I$472,30,FALSE)/1000 -> 0 | BQ91: =SUMIF($C$5:$BL$5,BQ$6,$C91:$BL91) -> 0 | BR91: =SUMIF($C$5:$BL$5,BR$6,$C91:$BL91) -> 0 | BS91: =SUMIF($C$5:$BL$5,BS$6,$C91:$BL91) -> 0 | BT91: =SUMIF($C$5:$BL$5,BT$6,$C91:$BL91) -> 0 | BU91: =SUMIF($C$5:$BL$5,BU$6,$C91:$BL91) -> 0 | BV91: =SUMIF($C$5:$BL$5,BV$6,$C91:$BL91) -> 0 | BW91: =SUMIF($C$5:$BL$5,BW$6,$C91:$BL91) -> 0
A92: Imposto a pagar | D92: =IFERROR(D91*-SUM($B$61:$B$63),0) -> 0 | E92: =IFERROR(E91*-SUM($B$61:$B$63),0) -> 0 | F92: =IFERROR(F91*-SUM($B$61:$B$63),0) -> 0 | G92: =IFERROR(G91*-SUM($B$61:$B$63),0) -> 0 | H92: =IFERROR(H91*-SUM($B$61:$B$63),0) -> 0 | I92: =IFERROR(I91*-SUM($B$61:$B$63),0) -> 0 | J92: =IFERROR(J91*-SUM($B$61:$B$63),0) -> 0 | K92: =IFERROR(K91*-SUM($B$61:$B$63),0) -> 0 | ... BL92: =IFERROR(BL91*-SUM($B$61:$B$63),0) -> 0 | BQ92: =SUMIF($C$5:$BL$5,BQ$6,$C92:$BL92) -> 0 | BR92: =SUMIF($C$5:$BL$5,BR$6,$C92:$BL92) -> 0 | BS92: =SUMIF($C$5:$BL$5,BS$6,$C92:$BL92) -> 0 | BT92: =SUMIF($C$5:$BL$5,BT$6,$C92:$BL92) -> 0 | BU92: =SUMIF($C$5:$BL$5,BU$6,$C92:$BL92) -> 0 | BV92: =SUMIF($C$5:$BL$5,BV$6,$C92:$BL92) -> 0 | BW92: =SUMIF($C$5:$BL$5,BW$6,$C92:$BL92) -> 0
A94: (+) Fluxo de caixa dos investimentos | C94: =-C78+C83-C92 -> 0 | D94: =-D78+D83-D92 -> 0 | E94: =-E78+E83-E92 -> 0 | F94: =-F78+F83-F92 -> 0 | G94: =-G78+G83-G92 -> 0 | H94: =-H78+H83-H92 -> 0 | I94: =-I78+I83-I92 -> 0 | J94: =-J78+J83-J92 -> 0 | ... BL94: =-BL78+BL83-BL92 -> 0 | BQ94: =SUMIF($C$5:$BL$5,BQ$6,$C94:$BL94) -> 0 | BR94: =SUMIF($C$5:$BL$5,BR$6,$C94:$BL94) -> 0 | BS94: =SUMIF($C$5:$BL$5,BS$6,$C94:$BL94) -> 0 | BT94: =SUMIF($C$5:$BL$5,BT$6,$C94:$BL94) -> 0 | BU94: =SUMIF($C$5:$BL$5,BU$6,$C94:$BL94) -> 0 | BV94: =SUMIF($C$5:$BL$5,BV$6,$C94:$BL94) -> 0 | BW94: =SUMIF($C$5:$BL$5,BW$6,$C94:$BL94) -> 0
A97: (=) Fluxo de caixa livre | C97: =C76+C94 -> 0 | D97: =D76+D94 -> 0 | E97: =E76+E94 -> 0 | F97: =F76+F94 -> 0 | G97: =G76+G94 -> 0 | H97: =H76+H94 -> 0 | I97: =I76+I94 -> 0 | J97: =J76+J94 -> 0 | ... BL97: =BL76+BL94 -> 0 | BQ97: =SUMIF($C$5:$BL$5,BQ$6,$C97:$BL97) -> 0 | BR97: =SUMIF($C$5:$BL$5,BR$6,$C97:$BL97) -> 0 | BS97: =SUMIF($C$5:$BL$5,BS$6,$C97:$BL97) -> 0 | BT97: =SUMIF($C$5:$BL$5,BT$6,$C97:$BL97) -> 0 | BU97: =SUMIF($C$5:$BL$5,BU$6,$C97:$BL97) -> 0 | BV97: =SUMIF($C$5:$BL$5,BV$6,$C97:$BL97) -> 0 | BW97: =SUMIF($C$5:$BL$5,BW$6,$C97:$BL97) -> 0
A101: Taxa de desconto (anual) | B101: 0.10855 | C101: %
A102: Taxa de desconto (mensal) | B102: =(1+B101)^(1/12)-1 -> 0.0086247183 | C102: %
A103: Valor Presente Líquido | B103: =NPV((1+B101)^(1/12)-1,C97:BL97)*1000 -> 0
A104: TIR anual | B104: =IFERROR((1+IRR(C97:BL97))^12-1,"") | C104: %
A105: TIR mensal | B105: =(1+B104)^(1/12)-1 -> #VALUE! | C105: %
A106: PAYBACK | B106: =IF($BL$106<0,"N/A",SUM($D$107:$BL$107)/12) -> 0 | D106: =SUM($C$97:D97) -> 0 | E106: =SUM($C$97:E97) -> 0 | F106: =SUM($C$97:F97) -> 0 | G106: =SUM($C$97:G97) -> 0 | H106: =SUM($C$97:H97) -> 0 | I106: =SUM($C$97:I97) -> 0 | J106: =SUM($C$97:J97) -> 0 | K106: =SUM($C$97:K97) -> 0 | ... BL106: =SUM($C$97:BL97) -> 0
D107: =IF(D106<0,1,"") | E107: =IF(E106<0,1,"") | F107: =IF(F106<0,1,"") | G107: =IF(G106<0,1,"") | H107: =IF(H106<0,1,"") | I107: =IF(I106<0,1,"") | J107: =IF(J106<0,1,"") | K107: =IF(K106<0,1,"") | ... BL107: =IF(BL106<0,1,"")

Sheet 14
B1: 0 | C1: 1 | D1: 2 | E1: 3 | F1: 4 | G1: 5 | H1: 6
A2: Premissas Macroeconômicas | B2: 2023 | C2: 2024 | D2: 2025 | E2: 2026 | F2: 2027 | G2: 2028 | H2: 2029
A3: Infação
A4: IPCA | B4: 0.0498 | C4: 0.0392 | D4: 0.036 | E4: 0.035 | F4: =E4 -> 0.035 | G4: =F4 -> 0.035 | H4: =G4 -> 0.035
A5: IPCA Acumulado | C5: =(((1+B5)*100)*(1+C4))/100-1 -> 0.0392 | D5: =(((1+C5)*100)*(1+D4))/100-1 -> 0.0766112 | E5: =(((1+D5)*100)*(1+E4))/100-1 -> 0.11429259 | F5: =(((1+E5)*100)*(1+F4))/100-1 -> 0.15329283 | G5: =(((1+F5)*100)*(1+G4))/100-1 -> 0.19365808 | H5: =(((1+G5)*100)*(1+H4))/100-1 -> 0.23543611
A6: FOCUS 30/06/2023

Sheet tabela resumo
B2: Km produtivos | C2: ='01'!H41 -> 0
B3: Núm. veículos | C3: ='01'!$H$36 -> 0
B5: Item | C5: Valor (R$) | D5: Participação. | E5: Custo por km (R$) | F5: Custo por veíc./mês (R$)
B6: Custos variáveis | C6: =SUM(C7:C13) -> 0 | D6: =C6/C$36 -> #N/A | E6: =C6/$C$2 -> #DIV/0! | F6: =C6/$C$3 -> #DIV/0!
B7: Combustível | C7: =VLOOKUP($B7,'13'!$A:$O,12,0)*1000 -> 0 | D7: =C7/C$36 -> #N/A | E7: =C7/$C$2 -> #DIV/0! | F7: =C7/$C$3 -> #DIV/0!
B8: Lubrificantes | C8: ='06'!J20 -> 0 | D8: =C8/C$36 -> #N/A | E8: =C8/$C$2 -> #DIV/0! | F8: =C8/$C$3 -> #DIV/0!
B9: ARLA 32 | C9: ='06'!J27 -> 0 | D9: =C9/C$36 -> #N/A | E9: =C9/$C$2 -> #DIV/0! | F9: =C9/$C$3 -> #DIV/0!
B10: Custos ambientais | C10: ='06'!C74 -> 0 | D10: =C10/C$36 -> #N/A | E10: =C10/$C$2 -> #DIV/0! | F10: =C10/$C$3 -> #DIV/0!
B11: Pneu novo | C11: ='06'!J46 -> 0 | D11: =C11/C$36 -> #N/A | E11: =C11/$C$2 -> #DIV/0! | F11: =C11/$C$3 -> #DIV/0!
B12: Recapagem | C12: ='06'!J57 -> 0 | D12: =C12/C$36 -> #N/A | E12: =C12/$C$2 -> #DIV/0! | F12: =C12/$C$3 -> #DIV/0!
B13: Peças e acessórios | C13: =VLOOKUP($B13,'13'!$A:$O,12,0)*1000 -> 0 | D13: =C13/C$36 -> #N/A | E13: =C13/$C$2 -> #DIV/0! | F13: =C13/$C$3 -> #DIV/0!
B14: Custos fixos | C14: =SUM(C15,C22,C30) -> #N/A | D14: =C14/C$36 -> #N/A | E14: =C14/$C$2 -> #N/A | F14: =C14/$C$3 -> #N/A
B15: Custo de mão de obra | C15: =SUM(C16:C21) -> #N/A | D15: =C15/C$36 -> #N/A | E15: =C15/$C$2 -> #N/A | F15: =C15/$C$3 -> #N/A
B16: Motoristas | C16: =VLOOKUP($B16,'13'!$A:$O,12,0)*1000 -> 0 | D16: =C16/C$36 -> #N/A | E16: =C16/$C$2 -> #DIV/0! | F16: =C16/$C$3 -> #DIV/0!
B17: Cobradores | C17: =VLOOKUP($B17,'13'!$A:$O,12,0)*1000 -> 0 | D17: =C17/C$36 -> #N/A | E17: =C17/$C$2 -> #DIV/0! | F17: =C17/$C$3 -> #DIV/0!
B18: Pessoal de tráfego | C18: =VLOOKUP($B18,'13'!$A:$O,12,0)*1000 -> 0 | D18: =C18/C$36 -> #N/A | E18: =C18/$C$2 -> #DIV/0! | F18: =C18/$C$3 -> #DIV/0!
B19: Pessoal de manutenção | C19: =VLOOKUP($B19,'13'!$A:$O,12,0)*1000 -> #N/A | D19: =C19/C$36 -> #N/A | E19: =C19/$C$2 -> #N/A | F19: =C19/$C$3 -> #N/A
B20: Pessoal administrativo | C20: =VLOOKUP($B20,'13'!$A:$O,12,0)*1000 -> #N/A | D20: =C20/C$36 -> #N/A | E20: =C20/$C$2 -> #N/A | F20: =C20/$C$3 -> #N/A
B21: Diretoria | C21: =VLOOKUP($B21,'13'!$A:$O,12,0)*1000 -> #N/A | D21: =C21/C$36 -> #N/A | E21: =C21/$C$2 -> #N/A | F21: =C21/$C$3 -> #N/A
B22: Custo administrativo | C22: =SUM(C23:C29) -> #REF! | D22: =C22/C$36 -> #REF! | E22: =C22/$C$2 -> #REF! | F22: =C22/$C$3 -> #REF!
B23: Despesas gerais | C23: ='06'!C138 -> 0 | D23: =C23/C$36 -> #N/A | E23: =C23/$C$2 -> #DIV/0! | F23: =C23/$C$3 -> #DIV/0!
B24: Licenciamento | C24: =VLOOKUP($B24,'13'!$A:$O,12,0)*1000 -> 0 | D24: =C24/C$36 -> #N/A | E24: =C24/$C$2 -> #DIV/0! | F24: =C24/$C$3 -> #DIV/0!
B25: Seguros | C25: ='06'!#REF! -> #REF! | D25: =C25/C$36 -> #REF! | E25: =C25/$C$2 -> #REF! | F25: =C25/$C$3 -> #REF!
B26: Terminal | C26: ='06'!#REF! -> #REF! | D26: =C26/C$36 -> #REF! | E26: =C26/$C$2 -> #REF! | F26: =C26/$C$3 -> #REF!
B27: Sistema de Comercialização | C27: ='06'!D149 -> 0 | D27: =C27/C$36 -> #N/A | E27: =C27/$C$2 -> #DIV/0! | F27: =C27/$C$3 -> #DIV/0!
B28: Serviço de Wi-fi | C28: ='06'!#REF! -> #REF! | D28: =C28/C$36 -> #REF! | E28: =C28/$C$2 -> #REF! | F28: =C28/$C$3 -> #REF!
B29: Monitoramento | C29: ='06'!C149 -> 0 | D29: =C29/C$36 -> #N/A | E29: =C29/$C$2 -> #DIV/0! | F29: =C29/$C$3 -> #DIV/0!
B30: Custo de capital | C30: =C31 -> #REF! | D30: =C30/C$36 -> #REF! | E30: =C30/$C$2 -> #REF! | F30: =C30/$C$3 -> #REF!
B31: Depreciação | C31: =SUM(C32:C35) -> #REF! | D31: =C31/C$36 -> #REF! | E31: =C31/$C$2 -> #REF! | F31: =C31/$C$3 -> #REF!
B32: Depreciação de veículos | C32: ='11'!#REF!/12 -> #REF! | D32: =C32/C$36 -> #REF! | E32: =C32/$C$2 -> #REF! | F32: =C32/$C$3 -> #REF!
B33: Depreciação de equipamentos | C33: ='09'!E53/12 -> 0 | D33: =C33/C$36 -> #N/A | E33: =C33/$C$2 -> #DIV/0! | F33: =C33/$C$3 -> #DIV/0!
B34: Depreciação de instalações de garagem | C34: ='10'!E35/12 -> 0 | D34: =C34/C$36 -> #N/A | E34: =C34/$C$2 -> #DIV/0! | F34: =C34/$C$3 -> #DIV/0!
B35: Amortização investimentos | C35: ='13'!#REF!*1000 -> #REF! | D35: =C35/C$36 -> #REF! | E35: =C35/$C$2 -> #REF! | F35: =C35/$C$3 -> #REF!
B36: Subtotal sem encargos e RPS | C36: =C6+C14 -> #N/A | D36: =C36/C$39 -> #N/A | E36: =C36/$C$2 -> #N/A | F36: =C36/$C$3 -> #N/A
B37: Subtotal sem encargos | C37: =C36 -> #N/A | D37: =C37/C$39 -> #N/A | E37: =C37/$C$2 -> #N/A | F37: =C37/$C$3 -> #N/A
B38: Encargos | C38: =-'13'!O60*1000 -> 0 | D38: =C38/C$39 -> #N/A | E38: =C38/$C$2 -> #DIV/0! | F38: =C38/$C$3 -> #DIV/0!
B39: Total | C39: =C37+C38 -> #N/A | D39: 1 | E39: =C39/$C$2 -> #N/A | F39: =C39/$C$3 -> #N/A

Sheet Cenários
C1: Premissas:
C2: 1- Investimento no Terminal e Corredores de R$ 2.870.121
C3: 2- Retrofit incluíndo baterias dos carros híbridos no 13º ano
C4: 3- Frota:
C5: Tipo | D5: Frota necessária
D6: Quantidade Operac. | E6: Quantidade RT | F6: Quantidade Total | G6: Idade Média Máx. (Anos) | H6: Idade Máxima (Anos)
C7: Midiônibus | D7: 35 | E7: 3 | F7: =D7+E7 -> 38 | G7: 5 | H7: 10
C8: Básico | D8: 11 | E8: 1 | F8: =D8+E8 -> 12
C9: Padron | D9: 16 | E9: 2 | F9: =D9+E9 -> 18
C10: Articulado movido à tração elétrica c/ ar | D10: 13 | E10: 1 | F10: =D10+E10 -> 14 | G10: 20 | H10: 20
C11: Total | D11: =SUM(D7:D10) -> 75 | E11: =SUM(E7:E10) -> 7 | F11: =D11+E11 -> 82
A13: 4.4 | C13: TARIFA COM TIR 8,53% (edital) | G13: TARIFA COM TIR 8,53% (edital)
C14: Considerando ISS (3%) | D14: RPS 3,54% (Edital) | E14: RPS 7,31% (risco médio ANTP) | G14: SEM ISS (0%) | H14: RPS 3,54% (Edital) | I14: RPS 7,31% (risco médio ANTP)
C15: Com Cobrador (Híbridos) | D15: 4.44 | E15: 4.67 | G15: Com Cobrador (Híbridos) | H15: 4.29 | I15: 4.52
C16: Sem Cobrador | D16: 4.33 | E16: 4.56 | G16: Sem Cobrador | H16: 4.19 | I16: 4.41
C18: TARIFA COM TIR 12,00% (SBC) | G18: TARIFA COM TIR 12,00% (SBC)
C19: Considerando ISS (3%) | D19: RPS 3,54% (Edital) | E19: RPS 7,31% (risco médio ANTP) | G19: SEM ISS (0%) | H19: RPS 3,54% (Edital) | I19: RPS 7,31% (risco médio ANTP)
C20: Com Cobrador (Híbridos) | D20: 4.59 | E20: 4.84 | G20: Com Cobrador (Híbridos) | H20: 4.44 | I20: 4.68
C21: Sem Cobrador | D21: 4.49 | E21: 4.72 | G21: Sem Cobrador | H21: 4.34 | I21: 4.57
C26: SUBSÍDIO ANUAL MANTENDO TARIFA DE R$ 4,40 COM TIR 8,53% (edital) | G26: SUBSÍDIO ANUAL MANTENDO TARIFA DE R$ 4,40 COM TIR 8,53% (edital)
C27: Considerando ISS (3%) | D27: RPS 3,54% (Edital) | E27: RPS 7,31% (risco médio ANTP) | G27: SEM ISS (0%) | H27: RPS 3,54% (Edital) | I27: RPS 7,31% (risco médio ANTP)
C28: Com Cobrador (Híbridos) | D28: =IF((D15-$A$13)*'01'!#REF!<0,0,(D15-$A$13)*'01'!#REF!) -> #REF! | E28: =IF((E15-$A$13)*'01'!#REF!<0,0,(E15-$A$13)*'01'!#REF!) -> #REF! | G28: Com Cobrador (Híbridos) | H28: =IF((H15-$A$13)*'01'!#REF!<0,0,(H15-$A$13)*'01'!#REF!) -> #REF! | I28: =IF((I15-$A$13)*'01'!#REF!<0,0,(I15-$A$13)*'01'!#REF!) -> #REF!
C29: Sem Cobrador | D29: =IF((D16-$A$13)*'01'!#REF!<0,0,(D16-$A$13)*'01'!#REF!) -> #REF! | E29: =IF((E16-$A$13)*'01'!#REF!<0,0,(E16-$A$13)*'01'!#REF!) -> #REF! | G29: Sem Cobrador | H29: =IF((H16-$A$13)*'01'!#REF!<0,0,(H16-$A$13)*'01'!#REF!) -> #REF! | I29: =IF((I16-$A$13)*'01'!#REF!<0,0,(I16-$A$13)*'01'!#REF!) -> #REF!
C31: SUBSÍDIO ANUAL MANTENDO TARIFA DE R$ 4,40 COM TIR 12,00% (SBC) | G31: SUBSÍDIO ANUAL MANTENDO TARIFA DE R$ 4,40 COM TIR 12,00% (SBC)
C32: Considerando ISS (3%) | D32: RPS 3,54% (Edital) | E32: RPS 7,31% (risco médio ANTP) | G32: SEM ISS (0%) | H32: RPS 3,54% (Edital) | I32: RPS 7,31% (risco médio ANTP)
C33: Com Cobrador (Híbridos) | D33: =IF((D20-$A$13)*'01'!#REF!<0,0,(D20-$A$13)*'01'!#REF!) -> #REF! | E33: =IF((E20-$A$13)*'01'!#REF!<0,0,(E20-$A$13)*'01'!#REF!) -> #REF! | G33: Com Cobrador (Híbridos) | H33: =IF((H20-$A$13)*'01'!#REF!<0,0,(H20-$A$13)*'01'!#REF!) -> #REF! | I33: =IF((I20-$A$13)*'01'!#REF!<0,0,(I20-$A$13)*'01'!#REF!) -> #REF!
C34: Sem Cobrador | D34: =IF((D21-$A$13)*'01'!#REF!<0,0,(D21-$A$13)*'01'!#REF!) -> #REF! | E34: =IF((E21-$A$13)*'01'!#REF!<0,0,(E21-$A$13)*'01'!#REF!) -> #REF! | G34: Sem Cobrador | H34: =IF((H21-$A$13)*'01'!#REF!<0,0,(H21-$A$13)*'01'!#REF!) -> #REF! | I34: =IF((I21-$A$13)*'01'!#REF!<0,0,(I21-$A$13)*'01'!#REF!) -> #REF!
